Workbook

Sheet Cover
B5: EMERGENT BIOSOLUTIONS INC.
B7: Last updated on: | C7: 43049
B9: By: | C9: Kevin Yulianto
C10: kevin.yulianto@mail.mcgill.ca

Sheet Financial Statements
B1: EMERGENT BIOSOLUTIONS INC. | AH1: EMERGENT BIOSOLUTIONS INC.
B3: (in thousands USD) | D3: 2012 | F3: 2013 | H3: 2014 | J3: 2015 | L3: 2016 | N3: 2017F | P3: 2018F | R3: 2019F | T3: 2020F | V3: 2021F | X3: 2022F | Z3: 2023F | AB3: 2024F | AD3: 2025F | AH3: (as % of Revenue or Asset) | AJ3: 2012 | AL3: 2013 | AN3: 2014 | AP3: 2015 | AR3: 2016 | AT3: 2017F | AV3: 2018F | AX3: 2019F | AZ3: 2020F | BB3: 2021F | BD3: 2022F | BF3: 2023F | BH3: 2024F | BJ3: 2025F
B5: Income Statement | AH5: Common Size Income Statement
B6: Revenues | AH6: Revenues
B7: Product Sales | D7: 215879 | F7: 257922 | H7: 281845 | J7: 328969 | L7: 296278 | N7: ='IS Modelling'!N28 -> 392536 | P7: ='IS Modelling'!P28 -> 544720 | R7: ='IS Modelling'!R28 -> 689482 | T7: ='IS Modelling'!T28 -> 716551.1 | V7: ='IS Modelling'!V28 -> 769723.66 | X7: ='IS Modelling'!X28 -> 833204.84 | Z7: ='IS Modelling'!Z28 -> 726840.08 | AB7: ='IS Modelling'!AB28 -> 723419.08 | AD7: ='IS Modelling'!AD28 -> 724530.24 | AH7: Product Sales | AJ7: =D7/D$10 -> 0.77664933 | AL7: =F7/F$10 -> 0.82470383 | AN7: =H7/H$10 -> 0.69683237 | AP7: =J7/J$10 -> 0.67228318 | AR7: =L7/L$10 -> 0.60615571 | AT7: =N7/N$10 -> 0.70141645 | AV7: =P7/P$10 -> 0.71490585 | AX7: =R7/R$10 -> 0.71721205 | AZ7: =T7/T$10 -> 0.69134985 | BB7: =V7/V$10 -> 0.68096811 | BD7: =X7/X$10 -> 0.67746849 | BF7: =Z7/Z$10 -> 0.62487187 | BH7: =AB7/AB$10 -> 0.6122479 | BJ7: =AD7/AD$10 -> 0.60097174
B8: Contract Manufacturing | D8: 0 | F8: 0 | H8: 30944 | J8: 42968 | L8: 49138 | N8: ='IS Modelling'!N29 -> 81077.7 | P8: ='IS Modelling'!P29 -> 105401.01 | R8: ='IS Modelling'!R29 -> 126481.21 | T8: ='IS Modelling'!T29 -> 145453.39 | V8: ='IS Modelling'!V29 -> 159998.73 | X8: ='IS Modelling'!X29 -> 175998.61 | Z8: ='IS Modelling'!Z29 -> 193598.47 | AB8: ='IS Modelling'!AB29 -> 203278.39 | AD8: ='IS Modelling'!AD29 -> 213442.31 | AH8: Contract Manufacturing | AJ8: =D8/D$10 -> 0 | AL8: =F8/F$10 -> 0 | AN8: =H8/H$10 -> 0.076505813 | AP8: =J8/J$10 -> 0.087809683 | AR8: =L8/L$10 -> 0.10053153 | AT8: =N8/N$10 -> 0.14487648 | AV8: =P8/P$10 -> 0.13833125 | AX8: =R8/R$10 -> 0.13156812 | AZ8: =T8/T$10 -> 0.14033777 | BB8: =V8/V$10 -> 0.14154955 | BD8: =X8/X$10 -> 0.14310228 | BF8: =Z8/Z$10 -> 0.16643859 | BH8: =AB8/AB$10 -> 0.17203965 | BJ8: =AD8/AD$10 -> 0.17704271
B9: Contracts and Grants | D9: 62083 | F9: 54823 | H9: 91677 | J9: 117394 | L9: 143366 | N9: ='IS Modelling'!N30 -> 86019.6 | P9: ='IS Modelling'!P30 -> 111825.48 | R9: ='IS Modelling'!R30 -> 145373.12 | T9: ='IS Modelling'!T30 -> 174447.75 | V9: ='IS Modelling'!V30 -> 200614.91 | X9: ='IS Modelling'!X30 -> 220676.4 | Z9: ='IS Modelling'!Z30 -> 242744.04 | AB9: ='IS Modelling'!AB30 -> 254881.24 | AD9: ='IS Modelling'!AD30 -> 267625.31 | AH9: Contracts and Grants | AJ9: =D9/D$10 -> 0.22335067 | AL9: =F9/F$10 -> 0.17529617 | AN9: =H9/H$10 -> 0.22666182 | AP9: =J9/J$10 -> 0.23990714 | AR9: =L9/L$10 -> 0.29331277 | AT9: =N9/N$10 -> 0.15370708 | AV9: =P9/P$10 -> 0.1467629 | AX9: =R9/R$10 -> 0.15121984 | AZ9: =T9/T$10 -> 0.16831238 | BB9: =V9/V$10 -> 0.17748234 | BD9: =X9/X$10 -> 0.17942924 | BF9: =Z9/Z$10 -> 0.20868954 | BH9: =AB9/AB$10 -> 0.21571245 | BJ9: =AD9/AD$10 -> 0.22198555
B10: Total Revenues | D10: =SUM(D7:D9) -> 277962 | F10: =SUM(F7:F9) -> 312745 | H10: =SUM(H7:H9) -> 404466 | J10: =SUM(J7:J9) -> 489331 | L10: =SUM(L7:L9) -> 488782 | N10: =SUM(N7:N9) -> 559633.3 | P10: =SUM(P7:P9) -> 761946.49 | R10: =SUM(R7:R9) -> 961336.34 | T10: =SUM(T7:T9) -> 1036452.2 | V10: =SUM(V7:V9) -> 1130337.3 | X10: =SUM(X7:X9) -> 1229879.8 | Z10: =SUM(Z7:Z9) -> 1163182.6 | AB10: =SUM(AB7:AB9) -> 1181578.7 | AD10: =SUM(AD7:AD9) -> 1205597.9 | AH10: Total Revenues | AJ10: =D10/D$10 -> 1 | AL10: =F10/F$10 -> 1 | AN10: =H10/H$10 -> 1 | AP10: =J10/J$10 -> 1 | AR10: =L10/L$10 -> 1 | AT10: =N10/N$10 -> 1 | AV10: =P10/P$10 -> 1 | AX10: =R10/R$10 -> 1 | AZ10: =T10/T$10 -> 1 | BB10: =V10/V$10 -> 1 | BD10: =X10/X$10 -> 1 | BF10: =Z10/Z$10 -> 1 | BH10: =AB10/AB$10 -> 1 | BJ10: =AD10/AD$10 -> 1
F11: =F10/D10-1 -> 0.12513581 | H11: =H10/F10-1 -> 0.29327727 | J11: =J10/H10-1 -> 0.20981986 | L11: =L10/J10-1 -> -0.00112194 | N11: =N10/L10-1 -> 0.14495481 | P11: =P10/N10-1 -> 0.36151028 | R11: =R10/P10-1 -> 0.26168484 | T11: =T10/R10-1 -> 0.078136968 | V11: =V10/T10-1 -> 0.0905831 | X11: =X10/V10-1 -> 0.088064463 | Z11: =Z10/X10-1 -> -0.05423071 | AB11: =AB10/Z10-1 -> 0.015815341 | AD11: =AD10/AB10-1 -> 0.020328003 | AL11: =F11/F$10 -> 4.001209e-07
B12: Operating Expenses | AH12: Operating Expenses
B13: Cost of Product Sales and Contract Manufacturing | D13: 46077 | F13: 62127 | H13: 101963 | J13: 107486 | L13: 131284 | N13: ='IS Modelling'!N122*'Financial Statements'!N$10 -> 150314.25 | P13: ='IS Modelling'!P122*'Financial Statements'!P10 -> 204654.39 | R13: ='IS Modelling'!R122*'Financial Statements'!R10 -> 258209.34 | T13: ='IS Modelling'!T122*'Financial Statements'!T10 -> 278385.04 | V13: ='IS Modelling'!V122*'Financial Statements'!V10 -> 303602.02 | X13: ='IS Modelling'!X122*'Financial Statements'!X10 -> 330338.57 | Z13: ='IS Modelling'!Z122*'Financial Statements'!Z10 -> 312424.07 | AB13: ='IS Modelling'!AB122*'Financial Statements'!AB10 -> 317365.17 | AD13: ='IS Modelling'!AD122*'Financial Statements'!AD10 -> 323816.57 | AH13: Cost of Product Sales and Contract Manufacturing | AJ13: =D13/D$10 -> 0.16576726 | AL13: =F13/F$10 -> 0.19865066 | AN13: =H13/H$10 -> 0.25209288 | AP13: =J13/J$10 -> 0.21965909 | AR13: =L13/L$10 -> 0.26859418 | AT13: =N13/N$10 -> 0.26859418 | AV13: =P13/P$10 -> 0.26859418 | AX13: =R13/R$10 -> 0.26859418 | AZ13: =T13/T$10 -> 0.26859418 | BB13: =V13/V$10 -> 0.26859418 | BD13: =X13/X$10 -> 0.26859418 | BF13: =Z13/Z$10 -> 0.26859418 | BH13: =AB13/AB$10 -> 0.26859418 | BJ13: =AD13/AD$10 -> 0.26859418
B14: Research and Development | D14: 96442 | F14: 81759 | H14: 104721 | J14: 119186 | L14: 108290 | N14: ='IS Modelling'!N73 -> 102808.6 | P14: ='IS Modelling'!P73 -> 134683.87 | R14: ='IS Modelling'!R73 -> 174213.21 | T14: ='IS Modelling'!T73 -> 205541.32 | V14: ='IS Modelling'!V73 -> 234525.03 | X14: ='IS Modelling'!X73 -> 257572.8 | Z14: ='IS Modelling'!Z73 -> 277639.52 | AB14: ='IS Modelling'!AB73 -> 290328.61 | AD14: ='IS Modelling'!AD73 -> 303793.24 | AH14: Research and Development | AJ14: =D14/D$10 -> 0.3469611 | AL14: =F14/F$10 -> 0.26142384 | AN14: =H14/H$10 -> 0.25891175 | AP14: =J14/J$10 -> 0.24356928 | AR14: =L14/L$10 -> 0.22155071 | AT14: =N14/N$10 -> 0.18370708 | AV14: =P14/P$10 -> 0.1767629 | AX14: =R14/R$10 -> 0.18121984 | AZ14: =T14/T$10 -> 0.19831238 | BB14: =V14/V$10 -> 0.20748234 | BD14: =X14/X$10 -> 0.20942924 | BF14: =Z14/Z$10 -> 0.23868954 | BH14: =AB14/AB$10 -> 0.24571245 | BJ14: =AD14/AD$10 -> 0.25198555
B15: Stock-based Compensation Expense | N15: ='BS Modelling'!N89 -> 6337.0612 | P15: ='BS Modelling'!P89 -> 6337.0612 | R15: ='BS Modelling'!R89 -> 6337.0612 | T15: ='BS Modelling'!T89 -> 6337.0612 | V15: ='BS Modelling'!V89 -> 248094 | X15: ='BS Modelling'!X89 -> 0 | Z15: ='BS Modelling'!Z89 -> 0 | AB15: ='BS Modelling'!AB89 -> 0 | AD15: ='BS Modelling'!AD89 -> 0
B16: Depreciation and Amortization | N16: ='IS Modelling'!N108+'IS Modelling'!N116 -> 30361.638 | P16: ='IS Modelling'!P108+'IS Modelling'!P116 -> 33130.497 | R16: ='IS Modelling'!R108+'IS Modelling'!R116 -> 36044.344 | T16: ='IS Modelling'!T108+'IS Modelling'!T116 -> 39768.414 | V16: ='IS Modelling'!V108+'IS Modelling'!V116 -> 42719.003 | X16: ='IS Modelling'!X108+'IS Modelling'!X116 -> 43565.498 | Z16: ='IS Modelling'!Z108+'IS Modelling'!Z116 -> 46607.994 | AB16: ='IS Modelling'!AB108+'IS Modelling'!AB116 -> 46976.493 | AD16: ='IS Modelling'!AD108+'IS Modelling'!AD116 -> 49899.501
B17: Selling, General & Administrative | D17: 74883 | F17: 86844 | H17: 108594 | J17: 121145 | L17: 143686 | N17: ='IS Modelling'!N123*'Financial Statements'!N10-N15-N16 -> 119998.62 | P17: ='IS Modelling'!P123*'Financial Statements'!P10-P15-P16 -> 166257.99 | R17: ='IS Modelling'!R123*'Financial Statements'!R10-R15-R16 -> 207566.04 | T17: ='IS Modelling'!T123*'Financial Statements'!T10-T15-T16 -> 213007.58 | V17: =T17*(1+10%) -> 234308.34 | X17: ='IS Modelling'!X123*'Financial Statements'!X10-X15-X16 -> 263904.46 | Z17: ='IS Modelling'!Z123*'Financial Statements'!Z10-Z15-Z16 -> 244187.65 | AB17: ='IS Modelling'!AB123*'Financial Statements'!AB10-AB15-AB16 -> 248418.19 | AD17: ='IS Modelling'!AD123*'Financial Statements'!AD10-AD15-AD16 -> 251499.96 | AH17: Selling, General & Administrative | AJ17: =D17/D$10 -> 0.26940013 | AL17: =F17/F$10 -> 0.2776831 | AN17: =H17/H$10 -> 0.26848734 | AP17: =J17/J$10 -> 0.24757271 | AR17: =L17/L$10 -> 0.29396745 | AT17: =N17/N$10 -> 0.21442367 | AV17: =P17/P$10 -> 0.21820167 | AX17: =R17/R$10 -> 0.21591407 | AZ17: =T17/T$10 -> 0.20551606 | BB17: =V17/V$10 -> 0.20729064 | BD17: =X17/X$10 -> 0.21457744 | BF17: =Z17/Z$10 -> 0.20993063 | BH17: =AB17/AB$10 -> 0.2102426 | BJ17: =AD17/AD$10 -> 0.20861016
B18: Total Operating Expenses | D18: =SUM(D13:D17) -> 217402 | F18: =SUM(F13:F17) -> 230730 | H18: =SUM(H13:H17) -> 315278 | J18: =SUM(J13:J17) -> 347817 | L18: =SUM(L13:L17) -> 383260 | N18: =SUM(N13:N17) -> 409820.17 | P18: =SUM(P13:P17) -> 545063.82 | R18: =SUM(R13:R17) -> 682370.01 | T18: =SUM(T13:T17) -> 743039.42 | V18: =SUM(V13:V17) -> 1063248.4 | X18: =SUM(X13:X17) -> 895381.33 | Z18: =SUM(Z13:Z17) -> 880859.24 | AB18: =SUM(AB13:AB17) -> 903088.45 | AD18: =SUM(AD13:AD17) -> 929009.27 | AH18: Total Operating Expenses | AJ18: =D18/D$10 -> 0.78212849 | AL18: =F18/F$10 -> 0.7377576 | AN18: =H18/H$10 -> 0.77949197 | AP18: =J18/J$10 -> 0.71080107 | AR18: =L18/L$10 -> 0.78411234 | AT18: =N18/N$10 -> 0.73230126 | AV18: =P18/P$10 -> 0.71535708 | AX18: =R18/R$10 -> 0.70981402 | AZ18: =T18/T$10 -> 0.71690656 | BB18: =V18/V$10 -> 0.94064701 | BD18: =X18/X$10 -> 0.72802342 | BF18: =Z18/Z$10 -> 0.75728372 | BH18: =AB18/AB$10 -> 0.76430663 | BJ18: =AD18/AD$10 -> 0.77057973
B19: Income from Operations | D19: =D10-D18 -> 60560 | F19: =F10-F18 -> 82015 | H19: =H10-H18 -> 89188 | J19: =J10-J18 -> 141514 | L19: =L10-L18 -> 105522 | N19: =N10-N18 -> 149813.13 | P19: =P10-P18 -> 216882.67 | R19: =R10-R18 -> 278966.33 | T19: =T10-T18 -> 293412.83 | V19: =V10-V18 -> 67088.904 | X19: =X10-X18 -> 334498.52 | Z19: =Z10-Z18 -> 282323.35 | AB19: =AB10-AB18 -> 278490.27 | AD19: =AD10-AD18 -> 276588.58 | AH19: Income from Operations | AJ19: =D19/D$10 -> 0.21787151 | AL19: =F19/F$10 -> 0.2622424 | AN19: =H19/H$10 -> 0.22050803 | AP19: =J19/J$10 -> 0.28919893 | AR19: =L19/L$10 -> 0.21588766 | AT19: =N19/N$10 -> 0.26769874 | AV19: =P19/P$10 -> 0.28464292 | AX19: =R19/R$10 -> 0.29018598 | AZ19: =T19/T$10 -> 0.28309344 | BB19: =V19/V$10 -> 0.059352995 | BD19: =X19/X$10 -> 0.27197658 | BF19: =Z19/Z$10 -> 0.24271628 | BH19: =AB19/AB$10 -> 0.23569337 | BJ19: =AD19/AD$10 -> 0.22942027
F20: =F19/D19-1 -> 0.35427675 | H20: =H19/F19-1 -> 0.087459611 | J20: =J19/H19-1 -> 0.58669328 | L20: =L19/J19-1 -> -0.25433526 | N20: =N19/L19-1 -> 0.41973361 | P20: =P19/N19-1 -> 0.447688 | R20: =R19/P19-1 -> 0.28625459 | T20: =T19/R19-1 -> 0.051785805 | V20: =V19/T19-1 -> -0.77134979 | X20: =X19/V19-1 -> 3.9858993 | Z20: =Z19/X19-1 -> -0.15598027 | AB20: =AB19/Z19-1 -> -0.013576922 | AD20: =AD19/AB19-1 -> -0.0068285491
B21: EBITDA | H21: =H19+'IS Modelling'!H108+'IS Modelling'!H116 -> 118247 | J21: =J19+'IS Modelling'!J108+'IS Modelling'!J116 -> 163251 | L21: =L19+'IS Modelling'!L108+'IS Modelling'!L116 -> 130204 | N21: =N19+N16 -> 180174.77 | P21: =P19+P16 -> 250013.17 | R21: =R19+R16 -> 315010.67 | T21: =T19+T16 -> 333181.24 | V21: =V19+V16 -> 109807.91 | X21: =X19+X16 -> 378064.02 | Z21: =Z19+Z16 -> 328931.34 | AB21: =AB19+AB16 -> 325466.76 | AD21: =AD19+AD16 -> 326488.08
J22: =J21/H21-1 -> 0.38059317 | L22: =L21/J21-1 -> -0.20243061 | N22: =N21/L21-1 -> 0.38378827 | P22: =P21/N21-1 -> 0.38761476 | R22: =R21/P21-1 -> 0.25997633 | T22: =T21/R21-1 -> 0.057682382 | V22: =V21/T21-1 -> -0.6704259 | X22: =X21/V21-1 -> 2.4429581 | Z22: =Z21/X21-1 -> -0.12995861 | AB22: =AB21/Z21-1 -> -0.010532845 | AD22: =AD21/AB21-1 -> 0.0031380267
B23: Other Income (Expense) | AH23: Other Income (Expense)
B24: Interest Income | D24: 133 | F24: 139 | H24: 320 | J24: 572 | L24: 1053 | N24: ='IS Modelling'!N127*'Financial Statements'!L130 -> 986.18422 | P24: ='IS Modelling'!P127*'Financial Statements'!N130 -> 1226.5365 | R24: ='IS Modelling'!R127*'Financial Statements'!P130 -> 1181.0011 | T24: ='IS Modelling'!T127*'Financial Statements'!R130 -> 1176.9024 | V24: ='IS Modelling'!V127*'Financial Statements'!T130 -> 1319.9097 | X24: ='IS Modelling'!X127*'Financial Statements'!V130 -> 2083.5722 | Z24: ='IS Modelling'!Z127*'Financial Statements'!X130 -> 2280.6501 | AB24: ='IS Modelling'!AB127*'Financial Statements'!Z130 -> 2520.3653 | AD24: ='IS Modelling'!AD127*'Financial Statements'!AB130 -> 2683.8413 | AH24: Interest Income | AJ24: =D24/D$10 -> 0.00047848267 | AL24: =F24/F$10 -> 0.00044445155 | AN24: =H24/H$10 -> 0.00079116662 | AP24: =J24/J$10 -> 0.0011689429 | AR24: =L24/L$10 -> 0.0021543347 | AT24: =N24/N$10 -> 0.0017621972 | AV24: =P24/P$10 -> 0.001609741 | AX24: =R24/R$10 -> 0.0012284994 | AZ24: =T24/T$10 -> 0.0011355105 | BB24: =V24/V$10 -> 0.0011677131 | BD24: =X24/X$10 -> 0.0016941266 | BF24: =Z24/Z$10 -> 0.0019606983 | BH24: =AB24/AB$10 -> 0.002133049 | BJ24: =AD24/AD$10 -> 0.0022261497
B25: Interest Expense | D25: 6 | F25: 0 | H25: 8240 | J25: 6523 | L25: 7617 | N25: ='IS Modelling'!N128*('Financial Statements'!L153+'Financial Statements'!L159+'Financial Statements'!L164) -> 7930.5923 | P25: ='IS Modelling'!P128*('Financial Statements'!N153+'Financial Statements'!N159+'Financial Statements'!N164) -> 7338.9645 | R25: ='IS Modelling'!R128*('Financial Statements'!P153+'Financial Statements'!P159+'Financial Statements'!P164) -> 7338.9645 | T25: ='IS Modelling'!T128*('Financial Statements'!R153+'Financial Statements'!R159+'Financial Statements'!R164) -> 7338.9645 | V25: ='IS Modelling'!V128*('Financial Statements'!T153+'Financial Statements'!T159+'Financial Statements'!T164) -> 7338.9645 | X25: ='IS Modelling'!X128*('Financial Statements'!V153+'Financial Statements'!V159+'Financial Statements'!V164) -> 11832.555 | Z25: ='IS Modelling'!Z128*('Financial Statements'!X153+'Financial Statements'!X159+'Financial Statements'!X164) -> 11832.555 | AB25: ='IS Modelling'!AB128*('Financial Statements'!Z153+'Financial Statements'!Z159+'Financial Statements'!Z164) -> 11832.555 | AD25: ='IS Modelling'!AD128*('Financial Statements'!AB153+'Financial Statements'!AB159+'Financial Statements'!AB164) -> 11832.555 | AH25: Interest Expense | AJ25: =D25/D$10 -> 2.1585684e-05 | AL25: =F25/F$10 -> 0 | AN25: =H25/H$10 -> 0.020372541 | AP25: =J25/J$10 -> 0.013330445 | AR25: =L25/L$10 -> 0.015583634 | AT25: =N25/N$10 -> 0.014171051 | AV25: =P25/P$10 -> 0.0096318634 | AX25: =R25/R$10 -> 0.0076341279 | AZ25: =T25/T$10 -> 0.0070808516 | BB25: =V25/V$10 -> 0.0064927208 | BD25: =X25/X$10 -> 0.009620903 | BF25: =Z25/Z$10 -> 0.010172569 | BH25: =AB25/AB$10 -> 0.010014191 | BJ25: =AD25/AD$10 -> 0.0098146779
B26: Other Income (Expense), Net | D26: 1943 | F26: 409 | H26: 2926 | J26: 153 | L26: 263 | N26: ='IS Modelling'!N129*'Financial Statements'!N$10 -> 238.05233 | P26: ='IS Modelling'!P129*'Financial Statements'!P$10 -> 324.11069 | R26: ='IS Modelling'!R129*'Financial Statements'!R$10 -> 408.92555 | T26: ='IS Modelling'!T129*'Financial Statements'!T$10 -> 440.87775 | V26: ='IS Modelling'!V129*'Financial Statements'!V$10 -> 480.81383 | X26: ='IS Modelling'!X129*'Financial Statements'!X$10 -> 523.15644 | Z26: ='IS Modelling'!Z129*'Financial Statements'!Z$10 -> 494.78529 | AB26: ='IS Modelling'!AB129*'Financial Statements'!AB$10 -> 502.61049 | AD26: ='IS Modelling'!AD129*'Financial Statements'!AD$10 -> 512.82756 | AH26: Other Income (Expense), Net | AJ26: =D26/D$10 -> 0.0069901641 | AL26: =F26/F$10 -> 0.0013077747 | AN26: =H26/H$10 -> 0.0072342298 | AP26: =J26/J$10 -> 0.00031267179 | AR26: =L26/L$10 -> 0.00053807219 | AT26: =N26/N$10 -> 0.00042537199 | AV26: =P26/P$10 -> 0.00042537199 | AX26: =R26/R$10 -> 0.00042537199 | AZ26: =T26/T$10 -> 0.00042537199 | BB26: =V26/V$10 -> 0.00042537199 | BD26: =X26/X$10 -> 0.00042537199 | BF26: =Z26/Z$10 -> 0.00042537199 | BH26: =AB26/AB$10 -> 0.00042537199 | BJ26: =AD26/AD$10 -> 0.00042537199
B27: Total Other Income (Expense) | D27: =D24-D25+D26 -> 2070 | F27: =F24-F25+F26 -> 548 | H27: =H24-H25+H26 -> -4994 | J27: =J24-J25+J26 -> -5798 | L27: =L24-L25+L26 -> -6301 | N27: =N24-N25+N26 -> -6706.3557 | P27: =P24-P25+P26 -> -5788.3174 | R27: =R24-R25+R26 -> -5749.0379 | T27: =T24-T25+T26 -> -5721.1844 | V27: =V24-V25+V26 -> -5538.241 | X27: =X24-X25+X26 -> -9225.826 | Z27: =Z24-Z25+Z26 -> -9057.1193 | AB27: =AB24-AB25+AB26 -> -8809.5789 | AD27: =AD24-AD25+AD26 -> -8635.8858 | AH27: Total Other Income (Expense) | AJ27: =D27/D$10 -> 0.0074470611 | AL27: =F27/F$10 -> 0.0017522263 | AN27: =H27/H$10 -> -0.012347144 | AP27: =J27/J$10 -> -0.01184883 | AR27: =L27/L$10 -> -0.012891228 | AT27: =N27/N$10 -> -0.011983482 | AV27: =P27/P$10 -> -0.0075967505 | AX27: =R27/R$10 -> -0.0059802566 | AZ27: =T27/T$10 -> -0.0055199691 | BB27: =V27/V$10 -> -0.0048996357 | BD27: =X27/X$10 -> -0.0075014044 | BF27: =Z27/Z$10 -> -0.0077864983 | BH27: =AB27/AB$10 -> -0.0074557698 | BJ27: =AD27/AD$10 -> -0.0071631562
B29: Income from Continuing Operations Before Taxes | D29: =D19+D27 -> 62630 | F29: =F19+F27 -> 82563 | H29: =H19+H27 -> 84194 | J29: =J19+J27 -> 135716 | L29: =L19+L27 -> 99221 | N29: =N19+N27 -> 143106.77 | P29: =P19+P27 -> 211094.35 | R29: =R19+R27 -> 273217.29 | T29: =T19+T27 -> 287691.64 | V29: =V19+V27 -> 61550.663 | X29: =X19+X27 -> 325272.69 | Z29: =Z19+Z27 -> 273266.23 | AB29: =AB19+AB27 -> 269680.69 | AD29: =AD19+AD27 -> 267952.7 | AH29: Income from Continuing Operations Before Taxes | AJ29: =D29/D$10 -> 0.22531857 | AL29: =F29/F$10 -> 0.26399463 | AN29: =H29/H$10 -> 0.20816088 | AP29: =J29/J$10 -> 0.2773501 | AR29: =L29/L$10 -> 0.20299643 | AT29: =N29/N$10 -> 0.25571526 | AV29: =P29/P$10 -> 0.27704617 | AX29: =R29/R$10 -> 0.28420573 | AZ29: =T29/T$10 -> 0.27757347 | BB29: =V29/V$10 -> 0.054453359 | BD29: =X29/X$10 -> 0.26447518 | BF29: =Z29/Z$10 -> 0.23492978 | BH29: =AB29/AB$10 -> 0.2282376 | BJ29: =AD29/AD$10 -> 0.22225711
B30: Taxes | D30: 9834 | F30: 12270 | H30: 29928 | J30: 44300 | L30: 36697 | N30: =N29*'IS Modelling'!N133 -> 50087.371 | P30: =P29*'IS Modelling'!P133 -> 73883.024 | R30: =R29*'IS Modelling'!R133 -> 95626.052 | T30: =T29*'IS Modelling'!T133 -> 100692.07 | V30: =V29*'IS Modelling'!V133 -> 21542.732 | X30: =X29*'IS Modelling'!X133 -> 113845.44 | Z30: =Z29*'IS Modelling'!Z133 -> 95643.18 | AB30: =AB29*'IS Modelling'!AB133 -> 94388.241 | AD30: =AD29*'IS Modelling'!AD133 -> 93783.444 | AH30: Taxes | AJ30: =D30/D$10 -> 0.035378937 | AL30: =F30/F$10 -> 0.039233241 | AN30: =H30/H$10 -> 0.073993859 | AP30: =J30/J$10 -> 0.090531767 | AR30: =L30/L$10 -> 0.07507846 | AT30: =N30/N$10 -> 0.089500341 | AV30: =P30/P$10 -> 0.096966158 | AX30: =R30/R$10 -> 0.099472005 | AZ30: =T30/T$10 -> 0.097150713 | BB30: =V30/V$10 -> 0.019058676 | BD30: =X30/X$10 -> 0.092566313 | BF30: =Z30/Z$10 -> 0.082225423 | BH30: =AB30/AB$10 -> 0.079883159 | BJ30: =AD30/AD$10 -> 0.077789989
B31: Net Income from Continuing Operations | D31: =D29-D30 -> 52796 | F31: =F29-F30 -> 70293 | H31: =H29-H30 -> 54266 | J31: =J29-J30 -> 91416 | L31: =L29-L30 -> 62524 | N31: =N29-N30 -> 93019.403 | P31: =P29-P30 -> 137211.33 | R31: =R29-R30 -> 177591.24 | T31: =T29-T30 -> 186999.57 | V31: =V29-V30 -> 40007.931 | X31: =X29-X30 -> 211427.25 | Z31: =Z29-Z30 -> 177623.05 | AB31: =AB29-AB30 -> 175292.45 | AD31: =AD29-AD30 -> 174169.25 | AH31: Net Income from Continuing Operations | AJ31: =D31/D$10 -> 0.18993963 | AL31: =F31/F$10 -> 0.22476139 | AN31: =H31/H$10 -> 0.13416703 | AP31: =J31/J$10 -> 0.18681833 | AR31: =L31/L$10 -> 0.12791797 | AT31: =N31/N$10 -> 0.16621492 | AV31: =P31/P$10 -> 0.18008001 | AX31: =R31/R$10 -> 0.18473372 | AZ31: =T31/T$10 -> 0.18042275 | BB31: =V31/V$10 -> 0.035394683 | BD31: =X31/X$10 -> 0.17190887 | BF31: =Z31/Z$10 -> 0.15270436 | BH31: =AB31/AB$10 -> 0.14835444 | BJ31: =AD31/AD$10 -> 0.14446712
B32: Net Loss Attributable to Noncontrolling Interest | D32: -5381 | F32: -876 | H32: 0 | J32: 0 | L32: 0 | N32: =L32 -> 0 | P32: =N32 -> 0 | R32: =P32 -> 0 | T32: =R32 -> 0 | V32: =T32 -> 0 | X32: =V32 -> 0 | Z32: =X32 -> 0 | AB32: =Z32 -> 0 | AD32: =AB32 -> 0 | AH32: Net Loss Attributable to Noncontrolling Interest | AJ32: =D32/D$10 -> -0.019358761 | AL32: =F32/F$10 -> -0.002801004 | AN32: =H32/H$10 -> 0 | AP32: =J32/J$10 -> 0 | AR32: =L32/L$10 -> 0 | AT32: =N32/N$10 -> 0 | AV32: =P32/P$10 -> 0 | AX32: =R32/R$10 -> 0 | AZ32: =T32/T$10 -> 0 | BB32: =V32/V$10 -> 0 | BD32: =X32/X$10 -> 0 | BF32: =Z32/Z$10 -> 0 | BH32: =AB32/AB$10 -> 0 | BJ32: =AD32/AD$10 -> 0
B33: Net Income Attributable to Emergent BioSolutions | D33: =D31-D32 -> 58177 | F33: =F31-F32 -> 71169 | H33: =H31-H32 -> 54266 | J33: =J31-J32 -> 91416 | L33: =L31-L32 -> 62524 | N33: =N31-N32 -> 93019.403 | P33: =P31-P32 -> 137211.33 | R33: =R31-R32 -> 177591.24 | T33: =T31-T32 -> 186999.57 | V33: =V31-V32 -> 40007.931 | X33: =X31-X32 -> 211427.25 | Z33: =Z31-Z32 -> 177623.05 | AB33: =AB31-AB32 -> 175292.45 | AD33: =AD31-AD32 -> 174169.25 | AH33: Net Income Attributable to Emergent BioSolutions | AJ33: =D33/D$10 -> 0.20929839 | AL33: =F33/F$10 -> 0.22756239 | AN33: =H33/H$10 -> 0.13416703 | AP33: =J33/J$10 -> 0.18681833 | AR33: =L33/L$10 -> 0.12791797 | AT33: =N33/N$10 -> 0.16621492 | AV33: =P33/P$10 -> 0.18008001 | AX33: =R33/R$10 -> 0.18473372 | AZ33: =T33/T$10 -> 0.18042275 | BB33: =V33/V$10 -> 0.035394683 | BD33: =X33/X$10 -> 0.17190887 | BF33: =Z33/Z$10 -> 0.15270436 | BH33: =AB33/AB$10 -> 0.14835444 | BJ33: =AD33/AD$10 -> 0.14446712
B34: Net Loss from Discontinued Operations | D34: -34653 | F34: -40034 | H34: -17525 | J34: -28546 | L34: -10748 | N34: 0 | P34: 0 | R34: 0 | T34: 0 | V34: 0 | X34: 0 | Z34: 0 | AB34: 0 | AD34: 0 | AH34: Net Loss from Discontinued Operations | AJ34: =D34/D$10 -> -0.12466812 | AL34: =F34/F$10 -> -0.12800844 | AN34: =H34/H$10 -> -0.043328735 | AP34: =J34/J$10 -> -0.05833679 | AR34: =L34/L$10 -> -0.021989353 | AT34: =N34/N$10 -> 0 | AV34: =P34/P$10 -> 0 | AX34: =R34/R$10 -> 0 | AZ34: =T34/T$10 -> 0 | BB34: =V34/V$10 -> 0 | BD34: =X34/X$10 -> 0 | BF34: =Z34/Z$10 -> 0 | BH34: =AB34/AB$10 -> 0 | BJ34: =AD34/AD$10 -> 0
B35: Net Income | D35: =D33+D34 -> 23524 | F35: =F33+F34 -> 31135 | H35: =H33+H34 -> 36741 | J35: =J33+J34 -> 62870 | L35: =L33+L34 -> 51776 | N35: =N33+N34 -> 93019.403 | P35: =P33+P34 -> 137211.33 | R35: =R33+R34 -> 177591.24 | T35: =T33+T34 -> 186999.57 | V35: =V33+V34 -> 40007.931 | X35: =X33+X34 -> 211427.25 | Z35: =Z33+Z34 -> 177623.05 | AB35: =AB33+AB34 -> 175292.45 | AD35: =AD33+AD34 -> 174169.25 | AH35: Net Income | AJ35: =D35/D$10 -> 0.084630273 | AL35: =F35/F$10 -> 0.09955395 | AN35: =H35/H$10 -> 0.09083829 | AP35: =J35/J$10 -> 0.12848154 | AR35: =L35/L$10 -> 0.10592861 | AT35: =N35/N$10 -> 0.16621492 | AV35: =P35/P$10 -> 0.18008001 | AX35: =R35/R$10 -> 0.18473372 | AZ35: =T35/T$10 -> 0.18042275 | BB35: =V35/V$10 -> 0.035394683 | BD35: =X35/X$10 -> 0.17190887 | BF35: =Z35/Z$10 -> 0.15270436 | BH35: =AB35/AB$10 -> 0.14835444 | BJ35: =AD35/AD$10 -> 0.14446712
F36: =F35/D35-1 -> 0.32354191 | H36: =H35/F35-1 -> 0.1800546 | J36: =J35/H35-1 -> 0.71116736 | L36: =L35/J35-1 -> -0.17645936 | N36: =N35/L35-1 -> 0.79657377 | P36: =P35/N35-1 -> 0.47508288 | R36: =R35/P35-1 -> 0.29428991 | T36: =T35/R35-1 -> 0.052977428 | V36: =V35/T35-1 -> -0.78605335 | X36: =X35/V35-1 -> 4.2846335 | Z36: =Z35/X35-1 -> -0.15988573 | AB36: =AB35/Z35-1 -> -0.013121057 | AD36: =AD35/AB35-1 -> -0.0064075457
B37: Other Comprehensive Income | M37: Est | N37: =48.7/30.2*L35 -> 83493.086
B38: Foreign Currency Translation, Net of Tax | D38: -816 | F38: 664 | H38: 457 | J38: 295 | L38: -1618 | N38: 0 | P38: 0 | R38: 0 | T38: 0 | V38: 0 | X38: 0 | Z38: 0 | AB38: 0 | AD38: 0
B39: Comprehensive Income | D39: =D35+D38 -> 22708 | F39: =F35+F38 -> 31799 | H39: =H35+H38 -> 37198 | J39: =J35+J38 -> 63165 | L39: =L35+L38 -> 50158 | N39: =N35+N38 -> 93019.403 | P39: =P35+P38 -> 137211.33 | R39: =R35+R38 -> 177591.24 | T39: =T35+T38 -> 186999.57 | V39: =V35+V38 -> 40007.931 | X39: =X35+X38 -> 211427.25 | Z39: =Z35+Z38 -> 177623.05 | AB39: =AB35+AB38 -> 175292.45 | AD39: =AD35+AD38 -> 174169.25
B41: EPS from Continuing Operations- Basic | D41: =D33/D$49*1000 -> 1.6124224 | F41: =F33/F$49*1000 -> 1.9659248 | H41: =H33/H$49*1000 -> 1.4531037 | J41: =J33/J$49*1000 -> 2.3685703 | L41: =L33/L$49*1000 -> 1.5559365 | N41: =N33/N$49*1000 -> 2.2977598 | P41: =P33/P$49*1000 -> 3.3645783 | R41: =R33/R$49*1000 -> 4.3230977 | T41: =T33/T$49*1000 -> 4.5192866 | V41: =V33/V$49*1000 -> 0.81484802 | X41: =X33/X$49*1000 -> 4.3061731 | Z41: =Z33/Z$49*1000 -> 3.6176775 | AB41: =AB33/AB$49*1000 -> 3.5702097 | AD41: =AD33/AD$49*1000 -> 3.5473334
B42: EPS from Discontinued Operations- Basic | D42: =D34/D$49*1000 -> -0.96043583 | F42: =F34/F$49*1000 -> -1.1058724 | H42: =H34/H$49*1000 -> -0.46927436 | J42: =J34/J$49*1000 -> -0.73962115 | L42: =L34/L$49*1000 -> -0.26746858 | N42: =N34/N$49*1000 -> 0 | P42: =P34/P$49*1000 -> 0 | R42: =R34/R$49*1000 -> 0 | T42: =T34/T$49*1000 -> 0 | V42: =V34/V$49*1000 -> 0 | X42: =X34/X$49*1000 -> 0 | Z42: =Z34/Z$49*1000 -> 0 | AB42: =AB34/AB$49*1000 -> 0 | AD42: =AD34/AD$49*1000 -> 0
B43: EPS- Basic | D43: =D41+D42 -> 0.65198662 | F43: =F41+F42 -> 0.86005239 | H43: =H41+H42 -> 0.98382935 | J43: =J41+J42 -> 1.6289491 | L43: =L41+L42 -> 1.2884679 | N43: =N41+N42 -> 2.2977598 | P43: =P41+P42 -> 3.3645783 | R43: =R41+R42 -> 4.3230977 | T43: =T41+T42 -> 4.5192866 | V43: =V41+V42 -> 0.81484802 | X43: =X41+X42 -> 4.3061731 | Z43: =Z41+Z42 -> 3.6176775 | AB43: =AB41+AB42 -> 3.5702097 | AD43: =AD41+AD42 -> 3.5473334
B45: EPS from Continuing Operations- Diluted | D45: =D33/D$50*1000 -> 1.5973625 | F45: =F33/F$50*1000 -> 1.9367002 | H45: =H33/H$50*1000 -> 1.1847745 | J45: =J33/J$50*1000 -> 1.934491 | L45: =L33/L$50*1000 -> 1.2673327 | N45: =N33/N$50*1000 -> 1.8558349 | P45: =P33/P$50*1000 -> 2.756281 | R45: =R33/R$50*1000 -> 3.5920569 | T45: =T33/T$50*1000 -> 3.8086505 | V45: =V33/V$50*1000 -> 0.81484802 | X45: =X33/X$50*1000 -> 4.3061731 | Z45: =Z33/Z$50*1000 -> 3.6176775 | AB45: =AB33/AB$50*1000 -> 3.5702097 | AD45: =AD33/AD$50*1000 -> 3.5473334
B46: EPS from Discontinued Operations- Diluted | D46: =D34/D$50*1000 -> -0.95146541 | F46: =F34/F$50*1000 -> -1.089433 | H46: =H34/H$50*1000 -> -0.38261847 | J46: =J34/J$50*1000 -> -0.60407346 | L46: =L34/L$50*1000 -> -0.21785701 | N46: =N34/N$50*1000 -> 0 | P46: =P34/P$50*1000 -> 0 | R46: =R34/R$50*1000 -> 0 | T46: =T34/T$50*1000 -> 0 | V46: =V34/V$50*1000 -> 0 | X46: =X34/X$50*1000 -> 0 | Z46: =Z34/Z$50*1000 -> 0 | AB46: =AB34/AB$50*1000 -> 0 | AD46: =AD34/AD$50*1000 -> 0
B47: EPS- Diluted | D47: =SUM(D45:D46) -> 0.6458971 | F47: =SUM(F45:F46) -> 0.84726723 | H47: =SUM(H45:H46) -> 0.80215608 | J47: =SUM(J45:J46) -> 1.3304175 | L47: =SUM(L45:L46) -> 1.0494757 | N47: =SUM(N45:N46) -> 1.8558349 | P47: =SUM(P45:P46) -> 2.756281 | R47: =SUM(R45:R46) -> 3.5920569 | T47: =SUM(T45:T46) -> 3.8086505 | V47: =SUM(V45:V46) -> 0.81484802 | X47: =SUM(X45:X46) -> 4.3061731 | Z47: =SUM(Z45:Z46) -> 3.6176775 | AB47: =SUM(AB45:AB46) -> 3.5702097 | AD47: =SUM(AD45:AD46) -> 3.5473334
B49: Weighted Average Number of Shares- Basic | D49: 36080495 | F49: 36201283 | H49: 37344891 | J49: 38595435 | L49: 40184159 | N49: ='BS Modelling'!N64 -> 40482648 | P49: ='BS Modelling'!P64 -> 40781138 | R49: ='BS Modelling'!R64 -> 41079627 | T49: ='BS Modelling'!T64 -> 41378117 | V49: ='BS Modelling'!V64 -> 49098642 | X49: ='BS Modelling'!X64 -> 49098642 | Z49: ='BS Modelling'!Z64 -> 49098642 | AB49: ='BS Modelling'!AB64 -> 49098642 | AD49: ='BS Modelling'!AD64 -> 49098642
B50: Weighted Average Number of Shares- Diluted | D50: 36420662 | F50: 36747556 | H50: 45802807 | J50: 47255842 | L50: 49335112 | N50: ='BS Modelling'!N65 -> 50122672 | P50: ='BS Modelling'!P65 -> 49781328 | R50: ='BS Modelling'!R65 -> 49439985 | T50: ='BS Modelling'!T65 -> 49098642 | V50: ='BS Modelling'!V65 -> 49098642 | X50: ='BS Modelling'!X65 -> 49098642 | Z50: ='BS Modelling'!Z65 -> 49098642 | AB50: ='BS Modelling'!AB65 -> 49098642 | AD50: ='BS Modelling'!AD65 -> 49098642
B52: *Inconsistencies between Annual Report data, Income Statement is based on 2016 Report while Balance Sheet and Cash Flows are based on each year report
B54: Cash Flow Statement
B55: Cash Flows from Operation
B56: Net Income | D56: 18143 | F56: 30259 | H56: =H35 -> 36741 | J56: =J35 -> 62870 | L56: =L35 -> 51776 | N56: =N35 -> 93019.403 | P56: =P35 -> 137211.33 | R56: =R35 -> 177591.24 | T56: =T35 -> 186999.57 | V56: =V35 -> 40007.931 | X56: =X35 -> 211427.25 | Z56: =Z35 -> 177623.05 | AB56: =AB35 -> 175292.45 | AD56: =AD35 -> 174169.25
B57: Adjustments to Reconcile to Net Cash Provided by (Used in) Operation:
B58: Stock-based Compensation Expense | D58: 11115 | F58: 11238 | H58: 12829 | J58: 15848 | L58: 18477 | N58: =N15 -> 6337.0612 | P58: =('BS Modelling'!P86*'BS Modelling'!$D$79)/1000 -> 14677.763 | R58: =('BS Modelling'!R86*'BS Modelling'!$D$79)/1000 -> 14677.763 | T58: =('BS Modelling'!T86*'BS Modelling'!$D$79)/1000 -> 14677.763 | V58: =('BS Modelling'!V86*'BS Modelling'!$D$79)/1000 -> 177108.84 | X58: =('BS Modelling'!X86*'BS Modelling'!$D$79)/1000 -> 0 | Z58: =('BS Modelling'!Z86*'BS Modelling'!$D$79)/1000 -> 0 | AB58: =('BS Modelling'!AB86*'BS Modelling'!$D$79)/1000 -> 0 | AD58: =('BS Modelling'!AD86*'BS Modelling'!$D$79)/1000 -> 0
B59: Depreciation and Amortization | D59: 11197 | F59: 18958 | H59: 32453 | J59: 35335 | L59: 38229 | N59: =N16 -> 30361.638 | P59: ='IS Modelling'!P108+'IS Modelling'!P116 -> 33130.497 | R59: ='IS Modelling'!R108+'IS Modelling'!R116 -> 36044.344 | T59: ='IS Modelling'!T108+'IS Modelling'!T116 -> 39768.414 | V59: ='IS Modelling'!V108+'IS Modelling'!V116 -> 42719.003 | X59: ='IS Modelling'!X108+'IS Modelling'!X116 -> 43565.498 | Z59: ='IS Modelling'!Z108+'IS Modelling'!Z116 -> 46607.994 | AB59: ='IS Modelling'!AB108+'IS Modelling'!AB116 -> 46976.493 | AD59: ='IS Modelling'!AD108+'IS Modelling'!AD116 -> 49899.501
B60: Income Taxes | D60: 3383 | F60: 13858 | H60: 16493 | J60: 3464 | L60: 5190 | N60: 0 | P60: 0 | R60: 0 | T60: 0 | V60: 0 | X60: 0 | Z60: 0 | AB60: 0 | AD60: 0
B61: Non-cash Development Expenses from Joint Venture | D61: 3670 | F61: -347 | H61: 0 | J61: 0 | L61: 0 | N61: 0 | P61: 0 | R61: 0 | T61: 0 | V61: 0 | X61: 0 | Z61: 0 | AB61: 0 | AD61: 0
B62: Change in Fair Value of Contingent Obligations | D62: -3005 | F62: 735 | H62: 3133 | J62: -10599 | L62: -10838 | N62: 0 | P62: 0 | R62: 0 | T62: 0 | V62: 0 | X62: 0 | Z62: 0 | AB62: 0 | AD62: 0
B63: Write Off of Debt Issuance Costs | D63: 0 | F63: 0 | H63: 1831 | J63: 0 | L63: 0 | N63: 0 | P63: 0 | R63: 0 | T63: 0 | V63: 0 | X63: 0 | Z63: 0 | AB63: 0 | AD63: 0
B64: Impairment of Intangible Assets (Including IPR&D) | D64: 9600 | F64: 0 | H64: 0 | J64: 9827 | L64: 701 | N64: 0 | P64: 0 | R64: 0 | T64: 0 | V64: 0 | X64: 0 | Z64: 0 | AB64: 0 | AD64: 0
B65: Impairment and Abandonment of Long Lived Assets | D65: 0 | F65: 1172 | H65: 0 | J65: 1147 | L65: 5569 | N65: 0 | P65: 0 | R65: 0 | T65: 0 | V65: 0 | X65: 0 | Z65: 0 | AB65: 0 | AD65: 0
B66: Bad Debt Expense | D66: 0 | F66: 0 | H66: 0 | J66: 3481 | L66: 0 | N66: 0 | P66: 0 | R66: 0 | T66: 0 | V66: 0 | X66: 0 | Z66: 0 | AB66: 0 | AD66: 0
B67: Excess Tax Benefits from Stock-based Compensation | D67: -1588 | F67: -3099 | H67: -5987 | J67: -11281 | L67: -10619 | N67: 0 | P67: 0 | R67: 0 | T67: 0 | V67: 0 | X67: 0 | Z67: 0 | AB67: 0 | AD67: 0
B68: Other | D68: -40 | F68: 51 | H68: 1284 | J68: 271 | L68: 452 | N68: 0 | P68: 0 | R68: 0 | T68: 0 | V68: 0 | X68: 0 | Z68: 0 | AB68: 0 | AD68: 0
B69: Changes in Operating Assets and Liabilities:
B70: Account Receivable | D70: -21890 | F70: 35456 | H70: 21405 | J70: -64351 | L70: -22446 | N70: =L131-N131 -> 4075.9596 | P70: =N131-P131 -> -48587.719 | R70: =P131-R131 -> -47885.646 | T70: =R131-T131 -> -18039.904 | V70: =T131-V131 -> -22547.52 | X70: =V131-X131 -> -23906.228 | Z70: =X131-Z131 -> 16018.074 | AB70: =Z131-AB131 -> -4418.0311 | AD70: =AB131-AD131 -> -5768.4575
B71: Inventories | D71: -500 | F71: 518 | H71: 4229 | J71: -11262 | L71: -9026 | N71: =L132-N132 -> -10726.946 | P71: =N132-P132 -> -30630.385 | R71: =P132-R132 -> -30187.788 | T71: =R132-T132 -> -11372.611 | V71: =T132-V132 -> -14214.275 | X71: =V132-X132 -> -15070.824 | Z71: =X132-Z132 -> 10098.02 | AB71: =Z132-AB132 -> -2785.1893 | AD71: =AB132-AD132 -> -3636.5171
B72: Income Taxes | D72: 8055 | F72: -7179 | H72: -4711 | J72: -3550 | L72: -4560 | N72: =L133-N133+L134-N134+L143-N143 -> -4161.9258 | P72: =N133-P133+N134-P134+N143-P143 -> -7322.0023 | R72: =P133-R133+P134-R134+P143-R143 -> -7216.2024 | T72: =R133-T133+R134-T134+R143-T143 -> -2718.5516 | V72: =T133-V133+T134-V134+T143-V143 -> -3397.8338 | X72: =V133-X133+V134-X134+V143-X143 -> -3602.5865 | Z72: =X133-Z133+X134-Z134+X143-Z143 -> 2413.8687 | AB72: =Z133-AB133+Z134-AB134+Z143-AB143 -> -665.78211 | AD72: =AB133-AD133+AB134-AD134+AB143-AD143 -> -869.28672
B73: Prepaid Expenses and Other Assets | D73: -1038 | F73: -6226 | H73: -8472 | J73: 2319 | L73: -2089 | N73: =L135-N135 -> -6703.7349 | P73: =N135-P135 -> -8290.4194 | R73: =P135-R135 -> -8170.6262 | T73: =R135-T135 -> -3078.1106 | V73: =T135-V135 -> -3847.2355 | X73: =V135-X135 -> -4079.069 | Z73: =X135-Z135 -> 2733.1299 | AB73: =Z135-AB135 -> -753.83927 | AD73: =AB135-AD135 -> -984.25965
B74: Current Assets of Discontinued Operations | D74: 0 | F74: 0 | H74: 0 | J74: 0 | L74: 0 | N74: =L136-N136 -> 0 | P74: =N136-P136 -> 0 | R74: =P136-R136 -> 0 | T74: =R136-T136 -> 0 | V74: =T136-V136 -> 0 | X74: =V136-X136 -> 0 | Z74: =X136-Z136 -> 0 | AB74: =Z136-AB136 -> 0 | AD74: =AB136-AD136 -> 0
B75: In-process Research and Development | D75: 0 | F75: 0 | H75: 0 | J75: 0 | L75: 0 | N75: =L140-N140 -> 0 | P75: =N140-P140 -> 0 | R75: =P140-R140 -> 0 | T75: =R140-T140 -> 0 | V75: =T140-V140 -> 0 | X75: =V140-X140 -> 0 | Z75: =X140-Z140 -> 0 | AB75: =Z140-AB140 -> 0 | AD75: =AB140-AD140 -> 0
B76: Intangible Assets, Net | D76: 0 | F76: 0 | H76: 0 | J76: 0 | L76: 0 | N76: =L141-N141-'IS Modelling'!N116 -> 0 | P76: =N141-P141-'IS Modelling'!P116 -> 0 | R76: =P141-R141-'IS Modelling'!R116 -> 0 | T76: =R141-T141-'IS Modelling'!T116 -> 0 | V76: =T141-V141-'IS Modelling'!V116 -> 0 | X76: =V141-X141-'IS Modelling'!X116 -> 0 | Z76: =X141-Z141-'IS Modelling'!Z116 -> 0 | AB76: =Z141-AB141-'IS Modelling'!AB116 -> 0 | AD76: =AB141-AD141-'IS Modelling'!AD116 -> 0
B77: Goodwill | D77: 0 | F77: 0 | H77: 0 | J77: 0 | L77: 0 | N77: =L142-N142 -> 0 | P77: =N142-P142 -> 0 | R77: =P142-R142 -> 0 | T77: =R142-T142 -> 0 | V77: =T142-V142 -> 0 | X77: =V142-X142 -> 0 | Z77: =X142-Z142 -> 0 | AB77: =Z142-AB142 -> 0 | AD77: =AB142-AD142 -> 0
B78: Other Assets | D78: 0 | F78: 0 | H78: 0 | J78: 0 | L78: 0 | N78: =L144-N144 -> -2353.1889 | P78: =N144-P144 -> -1748.332 | R78: =P144-R144 -> -1723.0693 | T78: =R144-T144 -> -649.12991 | V78: =T144-V144 -> -811.32747 | X78: =V144-X144 -> -860.21787 | Z78: =X144-Z144 -> 576.37838 | AB78: =Z144-AB144 -> -158.97402 | AD78: =AB144-AD144 -> -207.56642
B79: Non-current Assets of Discontinued Operations | D79: 0 | F79: 0 | H79: 0 | J79: 0 | L79: 0 | N79: =L145-N145 -> 0 | P79: =N145-P145 -> 0 | R79: =P145-R145 -> 0 | T79: =R145-T145 -> 0 | V79: =T145-V145 -> 0 | X79: =V145-X145 -> 0 | Z79: =X145-Z145 -> 0 | AB79: =Z145-AB145 -> 0 | AD79: =AB145-AD145 -> 0
B80: Accounts Payable | D80: 274 | F80: -551 | H80: -9279 | J80: 4749 | L80: -14791 | N80: =N150-L150 -> 16387.669 | P80: =P150-N150 -> 18450.281 | R80: =R150-P150 -> 18183.681 | T80: =T150-R150 -> 6850.3173 | V80: =V150-T150 -> 8562.0005 | X80: =X150-V150 -> 9077.9445 | Z80: =Z150-X150 -> -6082.5649 | AB80: =AB150-Z150 -> 1677.665 | AD80: =AD150-AB150 -> 2190.4642
B81: Accrued Expenses and Other Liabilities | D81: 169 | F81: 7 | H81: 2685 | J81: 45 | L81: 624 | N81: =N151-L151 -> 1322.253 | P81: =P151-N151 -> 2780.1055 | R81: =R151-P151 -> 2739.9341 | T81: =T151-R151 -> 1032.2122 | V81: =V151-T151 -> 1290.1302 | X81: =X151-V151 -> 1367.8732 | Z81: =Z151-X151 -> -916.52656 | AB81: =AB151-Z151 -> 252.79212 | AD81: =AD151-AB151 -> 330.06119
B82: Accrued Compensation | D82: 1649 | F82: 2092 | H82: 4539 | J82: 2680 | L82: 2236 | N82: =N152-L152 -> 7410.5958 | P82: =P152-N152 -> 15164.487 | R82: =R152-P152 -> 14945.366 | T82: =T152-R152 -> 5630.3506 | V82: =V152-T152 -> 7037.2017 | X82: =X152-V152 -> 7461.2617 | Z82: =Z152-X152 -> -4999.3265 | AB82: =AB152-Z152 -> 1378.8911 | AD82: =AD152-AB152 -> 1800.3664
B83: Provision for Chargebacks | D83: 0 | F83: 0 | H83: 299 | J83: -8 | L83: 0 | N83: =N156-L156 -> 0 | P83: =P156-N156 -> 0 | R83: =R156-P156 -> 0 | T83: =T156-R156 -> 0 | V83: =V156-T156 -> 0 | X83: =X156-V156 -> 0 | Z83: =Z156-X156 -> 0 | AB83: =AB156-Z156 -> 0 | AD83: =AD156-AB156 -> 0
B84: Deferred Tax Liabilities, Net | D84: 0 | F84: 0 | H84: 0 | J84: 0 | L84: 0 | N84: =N157-L157+N166-L166 -> 0 | P84: =P157-N157+P166-N166 -> 0 | R84: =R157-P157+R166-P166 -> 0 | T84: =T157-R157+T166-R166 -> 0 | V84: =V157-T157+V166-T166 -> 0 | X84: =X157-V157+X166-V166 -> 0 | Z84: =Z157-X157+Z166-X166 -> 0 | AB84: =AB157-Z157+AB166-Z166 -> 0 | AD84: =AD157-AB157+AD166-AB166 -> 0
B85: Current Liabilities of Discontinued Operations | D85: 0 | F85: 0 | H85: 0 | J85: 0 | L85: 0 | N85: =N160-L160 -> 0 | P85: =P160-N160 -> 0 | R85: =R160-P160 -> 0 | T85: =T160-R160 -> 0 | V85: =V160-T160 -> 0 | X85: =X160-V160 -> 0 | Z85: =Z160-X160 -> 0 | AB85: =AB160-Z160 -> 0 | AD85: =AD160-AB160 -> 0
B86: Other Liabilities | D86: 0 | F86: 0 | H86: 0 | J86: 0 | L86: 0 | N86: =N167-L167 -> 913.83277 | P86: =P167-N167 -> 910.22243 | R86: =R167-P167 -> 897.07008 | T86: =T167-R167 -> 337.95218 | V86: =V167-T167 -> 422.39601 | X86: =X167-V167 -> 447.84949 | Z86: =Z167-X167 -> -300.07603 | AB86: =AB167-Z167 -> 82.765585 | AD86: =AD167-AB167 -> 108.06392
B87: Non-current Liabilities of Discontinued Operations | D87: 0 | F87: 0 | H87: 0 | J87: 0 | L87: 0 | N87: =N168-L168 -> 0 | P87: =P168-N168 -> 0 | R87: =R168-P168 -> 0 | T87: =T168-R168 -> 0 | V87: =V168-T168 -> 0 | X87: =X168-V168 -> 0 | Z87: =Z168-X168 -> 0 | AB87: =AB168-Z168 -> 0 | AD87: =AD168-AB168 -> 0
B88: Deferred Revenue | D88: 449 | F88: 26 | H88: 2846 | J88: 3474 | L88: 4602 | N88: =N165-L165+N158-L158 -> -2923.5455 | P88: =P165-N165+P158-N158 -> 4535.3108 | R88: =R165-P165+R158-P158 -> 4469.7773 | T88: =T165-R165+T158-R158 -> 1683.8941 | V88: =V165-T165+V158-T158 -> 2104.6473 | X88: =X165-V165+X158-V158 -> 2231.4728 | Z88: =Z165-X165+Z158-X158 -> -1495.1709 | AB88: =AB165-Z165+AB158-Z158 -> 412.39112 | AD88: =AD165-AB165+AD158-AB158 -> 538.44362
B89: Net Cash Provided by Operating Activities | D89: =SUM(D56:D88) -> 39643 | F89: =SUM(F56:F88) -> 96968 | H89: =SUM(H56:H88) -> 112318 | J89: =SUM(J56:J88) -> 44459 | L89: =SUM(L56:L88) -> 53487 | N89: =SUM(N56:N88) -> 132959.07 | P89: =SUM(P56:P88) -> 130281.14 | R89: =SUM(R56:R88) -> 174365.85 | T89: =SUM(T56:T88) -> 221122.16 | V89: =SUM(V56:V88) -> 234433.96 | X89: =SUM(X56:X88) -> 228060.22 | Z89: =SUM(Z56:Z88) -> 242276.85 | AB89: =SUM(AB56:AB88) -> 217291.63 | AD89: =SUM(AD56:AD88) -> 217570.07
B91: Cash Flows from Investing
B92: Purchases of PPE | D92: -53845 | F92: -42021 | H92: -30673 | J92: -44812 | L92: -76257 | N92: =-(N139-L139+'IS Modelling'!N108) -> -55963.33 | P92: =-(P139-N139+'IS Modelling'!P108) -> -68575.184 | R92: =-(R139-P139+'IS Modelling'!R108) -> -76906.907 | T92: =-(T139-R139+'IS Modelling'!T108) -> -72551.657 | V92: =-(V139-T139+'IS Modelling'!V108) -> -67820.238 | X92: =-(X139-V139+'IS Modelling'!X108) -> -61493.992 | Z92: =-(Z139-X139+'IS Modelling'!Z108) -> -58159.129 | AB92: =-(AB139-Z139+'IS Modelling'!AB108) -> -59078.936 | AD92: =-(AD139-AB139+'IS Modelling'!AD108) -> -60279.893
B93: Acquisitions, Net of Acquired Cash | D93: 0 | F93: -25873 | H93: -179379 | J93: -650 | L93: 0 | N93: =L141-N141-'IS Modelling'!N116 -> 0 | P93: =N141-P141-'IS Modelling'!P116 -> 0 | R93: =P141-R141-'IS Modelling'!R116 -> 0 | T93: =R141-T141-'IS Modelling'!T116 -> 0 | V93: =T141-V141-'IS Modelling'!V116 -> 0 | X93: =V141-X141-'IS Modelling'!X116 -> 0 | Z93: =X141-Z141-'IS Modelling'!Z116 -> 0 | AB93: =Z141-AB141-'IS Modelling'!AB116 -> 0 | AD93: =AB141-AD141-'IS Modelling'!AD116 -> 0
B94: Proceeds from Sale of Assets | D94: 11765 | F94: 0 | H94: 0 | J94: 0 | L94: 0 | N94: 0 | P94: 0 | R94: 0 | T94: 0 | V94: 0 | X94: 0 | Z94: 0 | AB94: 0 | AD94: 0
B95: Proceeds from Maturity of Investments | D95: 1966 | F95: 0 | H95: 0 | J95: 0 | L95: 0 | N95: 0 | P95: 0 | R95: 0 | T95: 0 | V95: 0 | X95: 0 | Z95: 0 | AB95: 0 | AD95: 0
B96: Purchase of Investments | D96: 0 | F96: 0 | H96: 0 | J96: 0 | L96: 0 | N96: 0 | P96: 0 | R96: 0 | T96: 0 | V96: 0 | X96: 0 | Z96: 0 | AB96: 0 | AD96: 0
B97: Net Cash Used in Investing Activities | D97: =SUM(D92:D96) -> -40114 | F97: =SUM(F92:F96) -> -67894 | H97: =SUM(H92:H96) -> -210052 | J97: =SUM(J92:J96) -> -45462 | L97: =SUM(L92:L96) -> -76257 | N97: =SUM(N92:N96) -> -55963.33 | P97: =SUM(P92:P96) -> -68575.184 | R97: =SUM(R92:R96) -> -76906.907 | T97: =SUM(T92:T96) -> -72551.657 | V97: =SUM(V92:V96) -> -67820.238 | X97: =SUM(X92:X96) -> -61493.992 | Z97: =SUM(Z92:Z96) -> -58159.129 | AB97: =SUM(AB92:AB96) -> -59078.936 | AD97: =SUM(AD92:AD96) -> -60279.893
B99: Cash Flows from Financing
B100: Proceeds from Convertible Debenture, Net of Bank Fees | D100: 0 | F100: 0 | H100: 241588 | J100: 0 | L100: 0 | N100: 0 | P100: 0 | R100: 0 | T100: 0 | V100: 0 | X100: 0 | Z100: 0 | AB100: 0 | AD100: 0
B101: Proceeds from Long-term Debt Obligations | D101: 13547 | F101: 62000 | H101: 1000 | J101: 2000 | L101: 0 | N101: 0 | P101: 0 | R101: 0 | T101: 0 | V101: 0 | X101: 0 | Z101: 0 | AB101: 0 | AD101: 0
B102: Issuance of Common Stock Upon Exercise of Stock Options | D102: 761 | F102: 6848 | H102: 14078 | J102: 25961 | L102: 17125 | N102: 0 | P102: 0 | R102: 0 | T102: 0 | V102: 0 | X102: 0 | Z102: 0 | AB102: 0 | AD102: 0
B103: Excess Tax Benefites from Stock-based Compensation | D103: 1588 | F103: 3099 | H103: 5987 | J103: 11281 | L103: 10619 | N103: 0 | P103: 0 | R103: 0 | T103: 0 | V103: 0 | X103: 0 | Z103: 0 | AB103: 0 | AD103: 0
B104: Principal Payments on Long-term Indebtedness less stock conversion (include noncash Tx) | D104: -10227 | F104: -62774 | H104: -62000 | J104: 0 | L104: 0 | N104: =N159-L159+N164-L164 -> 0 | P104: =P159-N159+P164-N164 -> 0 | R104: =R159-P159+R164-P164 -> 0 | T104: =T159-R159+T164-R164 -> 0 | V104: =V159-T159+V164-T164 -> 151906 | X104: =X159-V159+X164-V164 -> 0 | Z104: =Z159-X159+Z164-X164 -> 0 | AB104: =AB159-Z159+AB164-Z164 -> 0 | AD104: =AD159-AB159+AD164-AB164 -> 0
B105: Notes Payable | D105: 0 | F105: 0 | H105: 0 | J105: 0 | L105: 0 | N105: =N153-L153 -> -20000 | P105: =P153-N153 -> 0 | R105: =R153-P153 -> 0 | T105: =T153-R153 -> 0 | V105: =V153-T153 -> 0 | X105: =X153-V153 -> 0 | Z105: =Z153-X153 -> 0 | AB105: =AB153-Z153 -> 0 | AD105: =AD153-AB153 -> 0
B106: Distribution to Aptevo | D106: 0 | F106: 0 | H106: 0 | J106: 0 | L106: -45000 | N106: 0 | P106: 0 | R106: 0 | T106: 0 | V106: 0 | X106: 0 | Z106: 0 | AB106: 0 | AD106: 0
B107: Contingent Obligation Payments | D107: -1748 | F107: -348 | H107: -1579 | J107: -5693 | L107: -1385 | N107: =N154-L154+N163-L163 -> 9177.2515 | P107: =P154-N154+P163-N163 -> 8084.1838 | R107: =R154-P154+R163-P163 -> 7967.3706 | T107: =T154-R154+T163-R163 -> 3001.5383 | V107: =V154-T154+V163-T163 -> 3751.5302 | X107: =X154-V154+X163-V163 -> 3977.5965 | Z107: =Z154-X154+Z163-X163 -> -2665.1395 | AB107: =AB154-Z154+AB163-Z163 -> 735.08648 | AD107: =AD154-AB154+AD163-AB163 -> 959.77484
B108: Purchase of Treasury Stock | D108: -5906 | F108: -213 | H108: -200 | J108: -100 | L108: 0 | N108: =L174-N174 -> 0 | P108: =N174-P174 -> 0 | R108: =P174-R174 -> 0 | T108: =R174-T174 -> 0 | V108: =T174-V174 -> 0 | X108: =V174-X174 -> 0 | Z108: =X174-Z174 -> 0 | AB108: =Z174-AB174 -> 0 | AD108: =AB174-AD174 -> 0
B109: Dividend | D109: =-D183 -> 0 | F109: =-F183 -> 0 | H109: =-H183 -> 0 | J109: =-J183 -> 0 | L109: =-L183 -> 0 | N109: =-N183 -> 0 | P109: =-P183 -> -82326.798 | R109: =-R183 -> -106554.74 | T109: =-T183 -> -112199.74 | V109: =-V183 -> -112022.21 | X109: =-X183 -> -116284.99 | Z109: =-Z183 -> -115454.98 | AB109: =-AB183 -> -113940.09 | AD109: =-AD183 -> -113210.01
B110: Restricted Cash Deposit | D110: 220 | F110: 0 | H110: 0 | J110: 0 | L110: 0 | N110: 0 | P110: 0 | R110: 0 | T110: 0 | V110: 0 | X110: 0 | Z110: 0 | AB110: 0 | AD110: 0
...

Sheet IS Modelling
B1: EMERGENT BIOSOLUTIONS INC.
D3: 2012 | F3: 2013 | H3: 2014 | J3: 2015 | L3: 2016 | N3: 2017F | P3: 2018F | R3: 2019F | T3: 2020F | V3: 2021F | X3: 2022F | Z3: 2023F | AB3: 2024F | AD3: 2025F
B5: 1. Product Sales Breakdown
B6: 2. Research and Development Expense
B7: 3.PPE and Depreciation
B8: 4. Amortization
B9: 5. Cost Assumption
B10: 6. Other Assumption
B11: 7. Taxes
D12: 1 | F12: 2 | H12: 3 | J12: 4 | L12: 5 | N12: 6 | P12: 7 | R12: 8 | T12: 9 | V12: 10 | X12: 11 | Z12: 12 | AB12: 13 | AD12: 14 | AE12: Notes
A13: 1 | B13: Product Sales | F13: =F14/F31 -> 0.78087012 | H13: =H14/H31 -> 0.60797447 | J13: =J14/J31 -> 0.60065886 | L13: =L14/L31 -> 0.48494012 | N13: =N14/N31 -> 0.50825424 | P13: =P14/P31 -> 0.30474581 | R13: =R14/R31 -> 0.29354971 | T13: =T14/T31 -> 0.27227497 | V13: =V14/V31 -> 0.24965999 | X13: =X14/X31 -> 0.22945331 | Z13: =Z14/Z31 -> 0.085971025 | AB13: =AB14/AB31 -> 0.042316267 | AD13: =AD14/AD31 -> 0
B14: BioThrax | D14: 215300 | F14: 244100 | H14: 245905 | J14: 293921 | L14: 237030 | N14: =L14*(1+N34) -> 284436 | P14: =P15+P16+P17 -> 232200 | R14: =R15+R16+R17 -> 282200 | T14: =T15+T16+T17 -> 282200 | V14: =V15+V16+V17 -> 282200 | X14: =X15+X16+X17 -> 282200 | Z14: =Z15+Z16+Z17 -> 100000 | AB14: =AB15+AB16+AB17 -> 50000 | AD14: =AD15+AD16+AD17 -> 0 | AE14: Delivered $100 m to BARDA in March completed, CDC $911 m 5 year contract; Germany regulatory approval in 2017, target 5 other European countries and Canada in 2018, EU stockpiling of Medical Countermeasure (McM)
B15: US Only | P15: =911000/5 -> 182200 | R15: =911000/5 -> 182200 | T15: =911000/5 -> 182200 | V15: =911000/5 -> 182200 | X15: =911000/5 -> 182200 | Z15: 0 | AB15: 0 | AD15: 0
B16: Other Countries | P16: 50000 | R16: 50000 | T16: 50000 | V16: 50000 | X16: 50000 | Z16: 50000 | AB16: 0 | AD16: 0
B17: Other Countries | R17: 50000 | T17: 50000 | V17: 50000 | X17: 50000 | Z17: 50000 | AB17: 50000 | AD17: 0
B18: Other | D18: 546 | F18: =2500+9900+1300 -> 13700 | H18: 35940 | J18: 35048 | L18: 59248 | N18: =SUM(N19:N26) -> 108100 | P18: =SUM(P19:P26) -> 312520 | R18: =SUM(R19:R26) -> 407282 | T18: =SUM(T19:T26) -> 434351.1 | V18: =SUM(V19:V26) -> 487523.66 | X18: =SUM(X19:X26) -> 551004.84 | Z18: =SUM(Z19:Z26) -> 626840.08 | AB18: =SUM(AB19:AB26) -> 673419.08 | AD18: =SUM(AD19:AD26) -> 724530.24
B19: NuThrax | N19: 0 | P19: 104000 | R19: 255000 | T19: =R19*(1+T36) -> 255000 | V19: =T19*(1+V36) -> 306000 | X19: =V19*(1+X36) -> 367200 | Z19: =X19*(1+Z36) -> 440640 | AB19: =Z19*(1+AB36) -> 484704 | AD19: =AB19*(1+AD36) -> 533174.4 | AE19: BARDA contract 5 year $200 m to develop, if approved by FDA, 2018: $104 m, 2019: $255 m -1.5 b
B20: ACAM2000 | N20: 0 | P20: 80000 | R20: 20000 | T20: 45000 | V20: 45000 | X20: 45000 | Z20: 45000 | AB20: 45000 | AD20: 45000 | AE20: Acquired from Sanofi, the only FDA approved vaccine for smallpox, $425 million contract with CDC with remaining value of $160 million for delivery to SNS. WF: Revenue 2018: 80 m; 2019: 20 m; 2020 and so on: $45 m
B21: Anthrasil | N21: 9000 | P21: =130000/5 -> 26000 | R21: =130000/5 -> 26000 | T21: =130000/5 -> 26000 | V21: =130000/5 -> 26000 | X21: =130000/5 -> 26000 | Z21: =130000/5 -> 26000 | AB21: =130000/5 -> 26000 | AD21: =130000/5 -> 26000 | AE21: BARDA development and procurement contract until April 2021, $130 m; $9 m in 2017, rest in 2018
B22: Raxibacumab | N22: =130000/4 -> 32500 | P22: =130000/4 -> 32500 | R22: =130000/4 -> 32500 | T22: =130000/4 -> 32500 | V22: =130000/4 -> 32500 | X22: =130000/4 -> 32500 | Z22: =130000/4 -> 32500 | AB22: =130000/4 -> 32500 | AD22: =130000/4 -> 32500 | AE22: Acquired from GSK, FDA approved anthrax monoclonal antibody, multiyear contract with BARDA with remaining value of $130 million to SNS
B23: BAT | N23: =53000/5 -> 10600 | P23: =53000/5 -> 10600 | R23: =53000/5 -> 10600 | T23: =53000/5 -> 10600 | V23: =53000/5 -> 10600 | X23: =53000/5 -> 10600 | Z23: =53000/5 -> 10600 | AB23: =53000/5 -> 10600 | AD23: =53000/5 -> 10600 | AE23: BARDA procurement up to 200.000 doses to May 2018 (SNS) $53 m over 5 years
B24: VIGIV | N24: =(11600+22000)/2 -> 16800 | P24: =(11600+22000)/2 -> 16800 | R24: =(11600+22000)/2 -> 16800 | T24: =(11600+22000)/2 -> 16800 | V24: =(11600+22000)/2 -> 16800 | X24: =(11600+22000)/2 -> 16800 | Z24: =(11600+22000)/2 -> 16800 | AB24: =(11600+22000)/2 -> 16800 | AD24: =(11600+22000)/2 -> 16800 | AE24: CDC procurement contract 5 year to Aug 2017, extension potential? CDC (2016) extend contract of $11.6 m over 1 year, part of $92 m contract previously; renewed every time at $ 44m / 2 year
B25: RSDL | N25: =171000/5 -> 34200 | P25: =N25*(1+P42) -> 37620 | R25: =P25*(1+R42) -> 41382 | T25: =R25*(1+T42) -> 43451.1 | V25: =T25*(1+V42) -> 45623.655 | X25: =V25*(1+X42) -> 47904.838 | Z25: =X25*(1+Z42) -> 50300.08 | AB25: =Z25*(1+AB42) -> 52815.084 | AD25: =AB25*(1+AD42) -> 55455.838 | AE25: 5 year follow on contract of $ 171 million by DoD, now sold via Amazon
B26: Trobigard | N26: =25000/5 -> 5000 | P26: =25000/5 -> 5000 | R26: =25000/5 -> 5000 | T26: =25000/5 -> 5000 | V26: =25000/5 -> 5000 | X26: =25000/5 -> 5000 | Z26: =25000/5 -> 5000 | AB26: =25000/5 -> 5000 | AD26: =25000/5 -> 5000 | AE26: $25 million contract by Dept of State
N27: =(N22+N25)/N31 -> 0.11918519 | P27: =(P22+P25)/P31 -> 0.09202746 | R27: =(R22+R25)/R31 -> 0.076853435 | T27: =(T22+T25)/T31 -> 0.073279884 | V27: =(V22+V25)/V31 -> 0.069115347 | X27: =(X22+X25)/X31 -> 0.065376173 | Z27: =(Z22+Z25)/Z31 -> 0.071184078 | AB27: =(AB22+AB25)/AB31 -> 0.072204316 | AD27: =(AD22+AD25)/AD31 -> 0.0729562
B28: Total Product Sales | D28: =SUM(D14:D18) -> 215846 | F28: =SUM(F14:F18) -> 257800 | H28: =SUM(H14:H18) -> 281845 | J28: =SUM(J14:J18) -> 328969 | L28: =SUM(L14:L18) -> 296278 | N28: =SUM(N14,N18) -> 392536 | P28: =SUM(P14,P18) -> 544720 | R28: =SUM(R14,R18) -> 689482 | T28: =SUM(T14,T18) -> 716551.1 | V28: =SUM(V14,V18) -> 769723.66 | X28: =SUM(X14,X18) -> 833204.84 | Z28: =SUM(Z14,Z18) -> 726840.08 | AB28: =SUM(AB14,AB18) -> 723419.08 | AD28: =SUM(AD14,AD18) -> 724530.24
B29: Contract Manufacturing | D29: 0 | F29: 0 | H29: 30944 | J29: 42968 | L29: 49138 | N29: =L29*(1+N48) -> 81077.7 | P29: =N29*(1+P48) -> 105401.01 | R29: =P29*(1+R48) -> 126481.21 | T29: =R29*(1+T48) -> 145453.39 | V29: =T29*(1+V48) -> 159998.73 | X29: =V29*(1+X48) -> 175998.61 | Z29: =X29*(1+Z48) -> 193598.47 | AB29: =Z29*(1+AB48) -> 203278.39 | AD29: =AB29*(1+AD48) -> 213442.31
B30: Contracts and Grants | D30: 66000 | F30: 54800 | H30: 91677 | J30: 117394 | L30: 143366 | N30: =L30*(1+N49) -> 86019.6 | P30: =N30*(1+P49) -> 111825.48 | R30: =P30*(1+R49) -> 145373.12 | T30: =R30*(1+T49) -> 174447.75 | V30: =T30*(1+V49) -> 200614.91 | X30: =V30*(1+X49) -> 220676.4 | Z30: =X30*(1+Z49) -> 242744.04 | AB30: =Z30*(1+AB49) -> 254881.24 | AD30: =AB30*(1+AD49) -> 267625.31 | AE30: Awarded $63 million by BARDA to develop antidote for cyanide poisoning, awarded $ 23 million by DoD for nerve agent antidote injector
B31: Total Revenues | D31: =SUM(D28:D30) -> 281846 | F31: =SUM(F28:F30) -> 312600 | H31: =SUM(H28:H30) -> 404466 | J31: =SUM(J28:J30) -> 489331 | L31: =SUM(L28:L30) -> 488782 | N31: =SUM(N28:N30) -> 559633.3 | P31: =SUM(P28:P30) -> 761946.49 | R31: =SUM(R28:R30) -> 961336.34 | T31: =SUM(T28:T30) -> 1036452.2 | V31: =SUM(V28:V30) -> 1130337.3 | X31: =SUM(X28:X30) -> 1229879.8 | Z31: =SUM(Z28:Z30) -> 1163182.6 | AB31: =SUM(AB28:AB30) -> 1181578.7 | AD31: =SUM(AD28:AD30) -> 1205597.9
D32: =D29/D31 -> 0 | F32: =F29/F31 -> 0 | H32: =H29/H31 -> 0.076505813 | J32: =J29/J31 -> 0.087809683 | L32: =L29/L31 -> 0.10053153 | N32: =N29/N31 -> 0.14487648 | P32: =P29/P31 -> 0.13833125 | R32: =R29/R31 -> 0.13156812 | T32: =T29/T31 -> 0.14033777 | V32: =V29/V31 -> 0.14154955 | X32: =X29/X31 -> 0.14310228 | Z32: =Z29/Z31 -> 0.16643859 | AB32: =AB29/AB31 -> 0.17203965
B33: Growth (%)
B34: BioThrax | F34: =F14/D14-1 -> 0.13376684 | H34: =H14/F14-1 -> 0.0073945104 | J34: =J14/H14-1 -> 0.1952624 | L34: =L14/J14-1 -> -0.19355881 | N34: 0.2 | P34: 0.1 | R34: 0.1 | T34: 0.1 | V34: -0.5 | X34: -0.5 | Z34: -1 | AB34: 0 | AD34: 0
B35: Other | F35: =F18/D18-1 -> 24.091575 | H35: =H18/F18-1 -> 1.6233577 | J35: =J18/H18-1 -> -0.024819143 | L35: =L18/J18-1 -> 0.69048163 | N35: 0 | P35: 0 | R35: 0 | T35: 0 | V35: 0 | X35: 0 | Z35: 0 | AB35: 0 | AD35: 0
B36: NuThrax | T36: 0 | V36: 0.2 | X36: 0.2 | Z36: 0.2 | AB36: 0.1 | AD36: 0.1
B37: ACAM2000
B38: Anthrasil
B39: Raxibacumab
B40: BAT
B41: VIGIV
B42: RSDL | P42: 0.1 | R42: 0.1 | T42: 0.05 | V42: 0.05 | X42: 0.05 | Z42: 0.05 | AB42: 0.05 | AD42: 0.05
B43: Trobigard
B47: Total Product Sales | F47: =F28/D28-1 -> 0.19437006 | H47: =H28/F28-1 -> 0.093269977 | J47: =J28/H28-1 -> 0.16719828 | L47: =L28/J28-1 -> -0.099374105 | N47: =N28/L28-1 -> 0.32489081 | P47: =P28/N28-1 -> 0.38769438 | R47: =R28/P28-1 -> 0.26575488 | T47: =T28/R28-1 -> 0.039260053 | V47: =V28/T28-1 -> 0.074206229 | X47: =X28/V28-1 -> 0.082472693 | Z47: =Z28/X28-1 -> -0.12765739 | AB47: =AB28/Z28-1 -> -0.0047066695 | AD47: =AD28/AB28-1 -> 0.0015359758
B48: Contract Manufacturing | F48: =F29/D29-1 -> #DIV/0! | H48: =H29/F29-1 -> #DIV/0! | J48: =J29/H29-1 -> 0.38857291 | L48: =L29/J29-1 -> 0.14359523 | N48: 0.65 | P48: 0.3 | R48: 0.2 | T48: 0.15 | V48: 0.1 | X48: 0.1 | Z48: 0.1 | AB48: 0.05 | AD48: 0.05 | AE48: 9M17 increased by 62%
B49: Contracts and Grants | F49: =F30/D30-1 -> -0.16969697 | H49: =H30/F30-1 -> 0.67293796 | J49: =J30/H30-1 -> 0.28051747 | L49: =L30/J30-1 -> 0.22123788 | N49: -0.4 | P49: 0.3 | R49: 0.3 | T49: 0.2 | V49: 0.15 | X49: 0.1 | Z49: 0.1 | AB49: 0.05 | AD49: 0.05 | AE49: 9M17 decreased by 43%; doesn't matter, as it is 100% expensed in R&D, 0 net profit unless product is successful
B50: Total Revenues | F50: =F31/D31-1 -> 0.10911633 | H50: =H31/F31-1 -> 0.29387716 | J50: =J31/H31-1 -> 0.20981986 | L50: =L31/J31-1 -> -0.00112194 | N50: =N31/L31-1 -> 0.14495481 | P50: =P31/N31-1 -> 0.36151028 | R50: =R31/P31-1 -> 0.26168484 | T50: =T31/R31-1 -> 0.078136968 | V50: =V31/T31-1 -> 0.0905831 | X50: =X31/V31-1 -> 0.088064463 | Z50: =Z31/X31-1 -> -0.05423071 | AB50: =AB31/Z31-1 -> 0.015815341 | AD50: =AD31/AB31-1 -> 0.020328003
A53: 2 | B53: Research and Development Expense
B54: Large-scale Manufacturing for BioThrax | D54: 18908 | F54: 17876 | H54: 13625 | J54: 9911 | L54: 6104
B55: BioThrax Related Programs | D55: 10934 | F55: 10613 | H55: 7157 | J55: 3511 | L55: 3069
B56: PreviThrax | D56: 19805 | F56: 14953 | H56: 10737 | J56: 7152 | L56: 1324
B57: NuThrax | D57: 8591 | F57: 9236 | H57: 9428 | J57: 12560 | L57: 22478
B58: Pandemic Influenza | D58: 2500 | F58: 2545 | H58: 469 | J58: 6583 | L58: 1710
B59: Thravixa | D59: 1362 | F59: 0 | H59: 0 | J59: 0 | L59: 0
B60: Other Biodefense | D60: 6479 | F60: 7440 | H60: 0 | J60: 0 | L60: 0
B61: Anthrasil | D61: 0 | F61: 0 | H61: 19513 | J61: 25986 | L61: 1279
B62: BAT | D62: 0 | F62: 0 | H62: 7351 | J62: 4867 | L62: 3904
B63: EV-035 Series of Molecules | D63: 0 | F63: 0 | H63: 0 | J63: 6801 | L63: 326
B64: CIADM Task Orders | D64: 0 | F64: 0 | H64: 0 | J64: 2957 | L64: 13955
B65: VIGIV | D65: 0 | F65: 0 | H65: 737 | J65: 3060 | L65: 12019
... B72: Other Biosciences | D72: 8547 | F72: 11016 | H72: 0 | J72: 0 | L72: 0
B73: Total | D73: =SUM(D54:D72) -> 120226 | F73: =SUM(F54:F72) -> 119933 | H73: =SUM(H54:H72) -> 104721 | J73: =SUM(J54:J67) -> 119186 | L73: =SUM(L54:L72) -> 108290 | N73: =SUM(N77:N78) -> 102808.6 | P73: =SUM(P77:P78) -> 134683.87 | R73: =SUM(R77:R78) -> 174213.21 | T73: =SUM(T77:T78) -> 205541.32 | V73: =SUM(V77:V78) -> 234525.03 | X73: =SUM(X77:X78) -> 257572.8 | Z73: =SUM(Z77:Z78) -> 277639.52 | AB73: =SUM(AB77:AB78) -> 290328.61 | AD73: =SUM(AD77:AD78) -> 303793.24
B76: R&D Expense | H76: 104.7 | J76: 119.2 | L76: 108.3 | N76: =SUM(N77:N78) -> 102808.6 | P76: =SUM(P77:P78) -> 134683.87 | R76: =SUM(R77:R78) -> 174213.21 | T76: =SUM(T77:T78) -> 205541.32 | V76: =SUM(V77:V78) -> 234525.03 | X76: =SUM(X77:X78) -> 257572.8 | Z76: =SUM(Z77:Z78) -> 277639.52 | AB76: =SUM(AB77:AB78) -> 290328.61 | AD76: =SUM(AD77:AD78) -> 303793.24
B77: less: Contracts and Grants | H77: -91.7 | J77: -117.4 | L77: -143.4 | N77: =N79*N30 -> 86019.6 | P77: =P79*P30 -> 111825.48 | R77: =R79*R30 -> 145373.12 | T77: =T79*T30 -> 174447.75 | V77: =V79*V30 -> 200614.91 | X77: =X79*X30 -> 220676.4 | Z77: =Z79*Z30 -> 242744.04 | AB77: =AB79*AB30 -> 254881.24 | AD77: =AD79*AD30 -> 267625.31
B78: Net R&D Expense | H78: =SUM(H76:H77) -> 13 | J78: =SUM(J76:J77) -> 1.8 | L78: =SUM(L76:L77) -> -35.1 | N78: =N80*'IS Modelling'!N31 -> 16788.999 | P78: =P80*'IS Modelling'!P31 -> 22858.395 | R78: =R80*'IS Modelling'!R31 -> 28840.09 | T78: =T80*'IS Modelling'!T31 -> 31093.567 | V78: =V80*'IS Modelling'!V31 -> 33910.119 | X78: =X80*'IS Modelling'!X31 -> 36896.395 | Z78: =Z80*'IS Modelling'!Z31 -> 34895.478 | AB78: =AB80*'IS Modelling'!AB31 -> 35447.362 | AD78: =AD80*'IS Modelling'!AD31 -> 36167.936
B79: R&D C&G as % of Contract and Grant | H79: =-H77/(H30/1000) -> 1.0002509 | J79: =-J77/(J30/1000) -> 1.0000511 | L79: =-L77/(L30/1000) -> 1.0002372 | N79: 1 | P79: 1 | R79: 1 | T79: 1 | V79: 1 | X79: 1 | Z79: 1 | AB79: 1 | AD79: 1
B80: Net R&D as % of Revenue | H80: =H78/('Financial Statements'!H10/1000) -> 0.032141144 | J80: =J78/('Financial Statements'!J10/1000) -> 0.0036784917 | L80: =L78/('Financial Statements'!L10/1000) -> -0.071811155 | N80: 0.03 | P80: 0.03 | R80: 0.03 | T80: 0.03 | V80: 0.03 | X80: 0.03 | Z80: 0.03 | AB80: 0.03 | AD80: 0.03
A84: 3 | B84: Property, Plant and Equipment
B85: Buildings | D85: 31-39 years
B86: Building Improvement | D86: 10-39 years
B87: Furniture and Equipment | D87: 3-15 years
B88: Software | D88: Lesser of 3-5 years or product life
B89: Leasehold Improvements | D89: Lesser of the asset life or lease term
B91: Land and Improvements | D91: 4839 | F91: 10605 | H91: 12838 | J91: 16520 | L91: 20340 | N91: =N101*N$96 -> 22672.551 | P91: =P101*P$96 -> 25530.764 | R91: =R101*R$96 -> 28736.242 | T91: =T101*T$96 -> 31760.194 | V91: =V101*V$96 -> 34586.941 | X91: =X101*X$96 -> 37150.01 | Z91: =Z101*Z$96 -> 39574.081 | AB91: =AB101*AB$96 -> 42036.491 | AD91: =AD101*AD$96 -> 44548.956
B92: Buildings, Building Improvements and Leasehold Improvements | D92: 66953 | F92: 83823 | H92: 107202 | J92: 108908 | L92: 147130 | N92: =N102*N$96 -> 196342.28 | P92: =P102*P$96 -> 251721.28 | R92: =R102*R$96 -> 317798.26 | T92: =T102*T$96 -> 351240.58 | V92: =V102*V$96 -> 382501.98 | X92: =X102*X$96 -> 410847.33 | Z92: =Z102*Z$96 -> 437655.49 | AB92: =AB102*AB$96 -> 464887.63 | AD92: =AD102*AD$96 -> 492673.34
B93: Furniture and Equipment | D93: 91772 | F93: 107006 | H93: 130131 | J93: 129933 | L93: 190157 | N93: =N103*N$96 -> 211963.83 | P93: =P103*P$96 -> 238685.02 | R93: =R103*R$96 -> 268652.78 | T93: =T103*T$96 -> 296923.47 | V93: =V103*V$96 -> 323350.49 | X93: =X103*X$96 -> 347312.41 | Z93: =Z103*Z$96 -> 369974.86 | AB93: =AB103*AB$96 -> 392995.72 | AD93: =AD103*AD$96 -> 416484.55
B94: Software | D94: 15691 | F94: 21832 | H94: 25354 | J94: 39683 | L94: 52564 | N94: =N104*N$96 -> 58591.935 | P94: =P104*P$96 -> 65978.321 | R94: =R104*R$96 -> 74262.136 | T94: =T104*T$96 -> 82076.837 | V94: =V104*V$96 -> 89381.906 | X94: =X104*X$96 -> 96005.561 | Z94: =Z104*Z$96 -> 102270.01 | AB94: =AB104*AB$96 -> 108633.53 | AD94: =AD104*AD$96 -> 115126.42
B95: Construction-in-progress | D95: 105452 | F95: 98345 | H95: 117884 | J95: 126531 | L95: 77813 | N95: =N105*N$96 -> 54396.733 | P95: =P105*P$96 -> 30627.126 | R95: =R105*R$96 -> 0 | T95: =T105*T$96 -> 0 | V95: =V105*V$96 -> 0 | X95: =X105*X$96 -> 0 | Z95: =Z105*Z$96 -> 0 | AB95: =AB105*AB$96 -> 0 | AD95: =AD105*AD$96 -> 0
B96: Gross PPE | D96: =SUM(D91:D95) -> 284707 | F96: =SUM(F91:F95) -> 321611 | H96: =SUM(H91:H95) -> 393409 | J96: =SUM(J91:J95) -> 421575 | L96: =SUM(L91:L95) -> 488004 | N96: =L96+N111 -> 543967.33 | P96: =N96+P111 -> 612542.51 | R96: =P96+R111 -> 689449.42 | T96: =R96+T111 -> 762001.08 | V96: =T96+V111 -> 829821.32 | X96: =V96+X111 -> 891315.31 | Z96: =X96+Z111 -> 949474.44 | AB96: =Z96+AB111 -> 1008553.4 | AD96: =AB96+AD111 -> 1068833.3
B97: Less: Accumulated Depreciation | D97: -42943 | F97: -57371 | H97: -79430 | J97: -93767 | L97: -111556 | N97: =L97-N108 -> -135700.64 | P97: =N97-P108 -> -162614.14 | R97: =P97-R108 -> -192920.48 | T97: =R97-T108 -> -227031.89 | V97: =T97-V108 -> -264732.9 | X97: =V97-X108 -> -305789.39 | Z97: =X97-Z108 -> -349888.39 | AB97: =Z97-AB108 -> -396864.88 | AD97: =AB97-AD108 -> -446764.38
B98: Total Property, Plant and Equipment, Net | D98: =D96+D97 -> 241764 | F98: =F96+F97 -> 264240 | H98: =H96+H97 -> 313979 | J98: =J96+J97 -> 327808 | L98: =L96+L97 -> 376448 | N98: =N96+N97 -> 408266.69 | P98: =P96+P97 -> 449928.38 | R98: =R96+R97 -> 496528.94 | T98: =T96+T97 -> 534969.18 | V98: =V96+V97 -> 565088.42 | X98: =X96+X97 -> 585525.91 | Z98: =Z96+Z97 -> 599586.05 | AB98: =AB96+AB97 -> 611688.49 | AD98: =AD96+AD97 -> 622068.88
B100: As % of Gross PPE
B101: Land and Improvements | D101: =D91/D$96 -> 0.016996421 | F101: =F91/F$96 -> 0.032974618 | H101: =H91/H$96 -> 0.032632705 | J101: =J91/J$96 -> 0.039186384 | L101: =L91/L$96 -> 0.041679986 | N101: =$L$101 -> 0.041679986 | P101: =$L$101 -> 0.041679986 | R101: =$L$101 -> 0.041679986 | T101: =$L$101 -> 0.041679986 | V101: =$L$101 -> 0.041679986 | X101: =$L$101 -> 0.041679986 | Z101: =$L$101 -> 0.041679986 | AB101: =$L$101 -> 0.041679986 | AD101: =$L$101 -> 0.041679986
B102: Buildings, Building Improvements and Leasehold Improvements | D102: =D92/D$96 -> 0.23516457 | F102: =F92/F$96 -> 0.26063474 | H102: =H92/H$96 -> 0.27249504 | J102: =J92/J$96 -> 0.258336 | L102: =L92/L$96 -> 0.30149343 | N102: =N106-SUM(N101,N103:N105) -> 0.36094499 | P102: =P106-SUM(P101,P103:P105) -> 0.41094499 | R102: =R106-SUM(R101,R103:R105) -> 0.46094499 | T102: =T106-SUM(T101,T103:T105) -> 0.46094499 | V102: =V106-SUM(V101,V103:V105) -> 0.46094499 | X102: =X106-SUM(X101,X103:X105) -> 0.46094499 | Z102: =Z106-SUM(Z101,Z103:Z105) -> 0.46094499 | AB102: =AB106-SUM(AB101,AB103:AB105) -> 0.46094499 | AD102: =AD106-SUM(AD101,AD103:AD105) -> 0.46094499
B103: Furniture and Equipment | D103: =D93/D$96 -> 0.3223384 | F103: =F93/F$96 -> 0.33271872 | H103: =H93/H$96 -> 0.33077789 | J103: =J93/J$96 -> 0.3082085 | L103: =L93/L$96 -> 0.38966279 | N103: =$L$103 -> 0.38966279 | P103: =$L$103 -> 0.38966279 | R103: =$L$103 -> 0.38966279 | T103: =$L$103 -> 0.38966279 | V103: =$L$103 -> 0.38966279 | X103: =$L$103 -> 0.38966279 | Z103: =$L$103 -> 0.38966279 | AB103: =$L$103 -> 0.38966279 | AD103: =$L$103 -> 0.38966279
B104: Software | D104: =D94/D$96 -> 0.0551128 | F104: =F94/F$96 -> 0.06788325 | H104: =H94/H$96 -> 0.064446924 | J104: =J94/J$96 -> 0.094130345 | L104: =L94/L$96 -> 0.10771223 | N104: =$L$104 -> 0.10771223 | P104: =$L$104 -> 0.10771223 | R104: =$L$104 -> 0.10771223 | T104: =$L$104 -> 0.10771223 | V104: =$L$104 -> 0.10771223 | X104: =$L$104 -> 0.10771223 | Z104: =$L$104 -> 0.10771223 | AB104: =$L$104 -> 0.10771223 | AD104: =$L$104 -> 0.10771223
B105: Construction-in-progress | D105: =D95/D$96 -> 0.3703878 | F105: =F95/F$96 -> 0.30578867 | H105: =H95/H$96 -> 0.29964744 | J105: =J95/J$96 -> 0.30013877 | L105: =L95/L$96 -> 0.15945156 | N105: 0.1 | P105: 0.05 | R105: 0 | T105: 0 | V105: 0 | X105: 0 | Z105: 0 | AB105: 0 | AD105: 0
B106: Gross PPE | D106: =D96/D$96 -> 1 | F106: =F96/F$96 -> 1 | H106: =H96/H$96 -> 1 | J106: =J96/J$96 -> 1 | L106: =L96/L$96 -> 1 | N106: 1 | P106: 1 | R106: 1 | T106: 1 | V106: 1 | X106: 1 | Z106: 1 | AB106: 1 | AD106: 1
B108: Depreciation During the Year | F108: =-F97+D97 -> 14428 | H108: =-H97+F97 -> 22059 | J108: =-J97+H97 -> 14337 | L108: =-L97+J97 -> 17789 | N108: =N109*L96 -> 24144.638 | P108: =P109*N96 -> 26913.497 | R108: =R109*P96 -> 30306.344 | T108: =T109*R96 -> 34111.414 | V108: =V109*T96 -> 37701.003 | X108: =X109*V96 -> 41056.498 | Z108: =Z109*X96 -> 44098.994 | AB108: =AB109*Z96 -> 46976.493 | AD108: =AD109*AB96 -> 49899.501
B109: Depreciation as % of Gross PPE | D109: =D108/D96 -> 0 | F109: =F108/D96 -> 0.050676661 | H109: =H108/F96 -> 0.068589072 | J109: =J108/H96 -> 0.036442989 | L109: =L108/J96 -> 0.042196525 | N109: =AVERAGE(F109:L109) -> 0.049476312 | P109: =N109 -> 0.049476312 | R109: =P109 -> 0.049476312 | T109: =R109 -> 0.049476312 | V109: =T109 -> 0.049476312 | X109: =V109 -> 0.049476312 | Z109: =X109 -> 0.049476312 | AB109: =Z109 -> 0.049476312 | AD109: =AB109 -> 0.049476312
B111: Capital Expenditure | F111: =F96-D96 -> 36904 | H111: =H96-F96 -> 71798 | J111: =J96-H96 -> 28166 | L111: =L96-J96 -> 66429 | N111: =N112*'Financial Statements'!N10 -> 55963.33 | P111: =P112*'Financial Statements'!P10 -> 68575.184 | R111: =R112*'Financial Statements'!R10 -> 76906.907 | T111: =T112*'Financial Statements'!T10 -> 72551.657 | V111: =V112*'Financial Statements'!V10 -> 67820.238 | X111: =X112*'Financial Statements'!X10 -> 61493.992 | Z111: =Z112*'Financial Statements'!Z10 -> 58159.129 | AB111: =AB112*'Financial Statements'!AB10 -> 59078.936 | AD111: =AD112*'Financial Statements'!AD10 -> 60279.893
B112: Capex as % of Revenue | F112: =F111/'Financial Statements'!F10 -> 0.11800029 | H112: =H111/'Financial Statements'!H10 -> 0.17751307 | J112: =J111/'Financial Statements'!J10 -> 0.05756022 | L112: =L111/'Financial Statements'!L10 -> 0.13590721 | N112: 0.1 | P112: 0.09 | R112: 0.08 | T112: 0.07 | V112: 0.06 | X112: 0.05 | Z112: =X112 -> 0.05 | AB112: =Z112 -> 0.05 | AD112: =AB112 -> 0.05
A115: 4 | B115: Amortization | V115: 10036 | X115: for 2021 and beyond
B116: Company Estimate in 2016 | H116: 7000 | J116: 7400 | L116: 6893 | N116: 6217 | P116: 6217 | R116: 5738 | T116: 5657 | V116: =0.5*V115 -> 5018 | X116: =0.25*V115 -> 2509 | Z116: =0.25*V115 -> 2509 | AB116: 0 | AD116: 0
B117: Balance | J117: 57099 | L117: =$J$117+L118 -> 33865 | N117: =$J$117+N118 -> 27648 | P117: =$J$117+P118 -> 21431 | R117: =$J$117+R118 -> 15693 | T117: =$J$117+T118 -> 10036 | V117: =$J$117+V118 -> 5018 | X117: =$J$117+X118 -> 2509 | Z117: =$J$117+Z118 -> 0 | AB117: =$J$117+AB118 -> 0 | AD117: =$J$117+AD118 -> 0
B118: Accumulated Amortization | J118: -16341 | L118: =J118-L116 -> -23234 | N118: =L118-N116 -> -29451 | P118: =N118-P116 -> -35668 | R118: =P118-R116 -> -41406 | T118: =R118-T116 -> -47063 | V118: =T118-V116 -> -52081 | X118: =V118-X116 -> -54590 | Z118: =X118-Z116 -> -57099 | AB118: =Z118-AB116 -> -57099 | AD118: =AB118-AD116 -> -57099
A121: 5 | B121: Cost Assumption as % of Revenue
B122: Cost of Product Sales and Contract Manufacturing | D122: ='Financial Statements'!D13/'Financial Statements'!D$10 -> 0.16576726 | F122: ='Financial Statements'!F13/'Financial Statements'!F$10 -> 0.19865066 | H122: ='Financial Statements'!H13/'Financial Statements'!H$10 -> 0.25209288 | J122: ='Financial Statements'!J13/'Financial Statements'!J$10 -> 0.21965909 | L122: ='Financial Statements'!L13/'Financial Statements'!L$10 -> 0.26859418 | N122: =$L$122 -> 0.26859418 | P122: =$L$122 -> 0.26859418 | R122: =$L$122 -> 0.26859418 | T122: =$L$122 -> 0.26859418 | V122: =$L$122 -> 0.26859418 | X122: =$L$122 -> 0.26859418 | Z122: =$L$122 -> 0.26859418 | AB122: =$L$122 -> 0.26859418 | AD122: =$L$122 -> 0.26859418
B123: Selling, General & Administrative | D123: ='Financial Statements'!D17/'Financial Statements'!D$10 -> 0.26940013 | F123: ='Financial Statements'!F17/'Financial Statements'!F$10 -> 0.2776831 | H123: ='Financial Statements'!H17/'Financial Statements'!H$10 -> 0.26848734 | J123: ='Financial Statements'!J17/'Financial Statements'!J$10 -> 0.24757271 | L123: ='Financial Statements'!L17/'Financial Statements'!L$10 -> 0.29396745 | N123: 0.28 | P123: 0.27 | R123: 0.26 | T123: 0.25 | V123: 0.25 | X123: 0.25 | Z123: 0.25 | AB123: 0.25 | AD123: 0.25
A126: 6 | B126: Misc. Assumption
B127: Rates on Interest Income | F127: ='Financial Statements'!F24/(('Financial Statements'!D130+'Financial Statements'!F130)/2) -> 0.00086603282 | H127: ='Financial Statements'!H24/(('Financial Statements'!F130+'Financial Statements'!H130)/2) -> 0.0013917975 | J127: ='Financial Statements'!J24/(('Financial Statements'!H130+'Financial Statements'!J130)/2) -> 0.0019429249 | L127: ='Financial Statements'!L24/(('Financial Statements'!J130+'Financial Statements'!L130)/2) -> 0.0036321805 | N127: =$L$127 -> 0.0036321805 | P127: =$L$127 -> 0.0036321805 | R127: =$L$127 -> 0.0036321805 | T127: =$L$127 -> 0.0036321805 | V127: =$L$127 -> 0.0036321805 | X127: =$L$127 -> 0.0036321805 | Z127: =$L$127 -> 0.0036321805 | AB127: =$L$127 -> 0.0036321805 | AD127: =$L$127 -> 0.0036321805
B128: Rates on Interest Expense | F128: ='Financial Statements'!F25/(('Financial Statements'!D153+'Financial Statements'!D159+'Financial Statements'!D164+'Financial Statements'!F153+'Financial Statements'!F159+'Financial Statements'!F164)/2) -> 0 | H128: ='Financial Statements'!H25/(('Financial Statements'!F153+'Financial Statements'!F159+'Financial Statements'!F164+'Financial Statements'!H153+'Financial Statements'!H159+'Financial Statements'!H164)/2) -> 0.052651757 | J128: ='Financial Statements'!J25/(('Financial Statements'!H153+'Financial Statements'!H159+'Financial Statements'!H164+'Financial Statements'!J153+'Financial Statements'!J159+'Financial Statements'!J164)/2) -> 0.02620247 | L128: ='Financial Statements'!L25/(('Financial Statements'!J153+'Financial Statements'!J159+'Financial Statements'!J164+'Financial Statements'!L153+'Financial Statements'!L159+'Financial Statements'!L164)/2) -> 0.029581387 | N128: =$L$128 -> 0.029581387 | P128: =$L$128 -> 0.029581387 | R128: =$L$128 -> 0.029581387 | T128: =$L$128 -> 0.029581387 | V128: =$L$128 -> 0.029581387 | X128: =$L$128 -> 0.029581387 | Z128: =$L$128 -> 0.029581387 | AB128: =$L$128 -> 0.029581387 | AD128: =$L$128 -> 0.029581387
...

Sheet BS Modelling
B1: EMERGENT BIOSOLUTIONS INC.
D3: 2012 | F3: 2013 | H3: 2014 | J3: 2015 | L3: 2016 | N3: 2017F | P3: 2018F | R3: 2019F | T3: 2020F | V3: 2021F | X3: 2022F | Z3: 2023F | AB3: 2024F | AD3: 2025F
B5: 1. Working Capital
B6: 2. Debt Schedule
B7: 3. Equity and Stock-based Compensation
A9: 1 | B9: Working Capital
B10: AR Turnover | D10: ='Financial Statements'!D10/'Financial Statements'!D131 -> 2.8941412 | F10: ='Financial Statements'!F10/'Financial Statements'!F131 -> 5.1619159 | H10: ='Financial Statements'!H10/'Financial Statements'!H131 -> 6.8746983 | J10: ='Financial Statements'!J10/'Financial Statements'!J131 -> 4.2959194 | L10: ='Financial Statements'!L10/'Financial Statements'!L131 -> 3.5296726 | N10: =365/N14 -> 4.163875 | P10: =365/P14 -> 4.163875 | R10: =365/R14 -> 4.163875 | T10: =365/T14 -> 4.163875 | V10: =365/V14 -> 4.163875 | X10: =365/X14 -> 4.163875 | Z10: =365/Z14 -> 4.163875 | AB10: =365/AB14 -> 4.163875 | AD10: =365/AD14 -> 4.163875
B11: Inventory Turnover | D11: ='Financial Statements'!D13/'Financial Statements'!D132 -> 3.0391795 | F11: ='Financial Statements'!F13/'Financial Statements'!F132 -> 4.2427781 | H11: ='Financial Statements'!H13/'Financial Statements'!H132 -> 1.5525627 | J11: ='Financial Statements'!J13/'Financial Statements'!J132 -> 1.7653358 | L11: ='Financial Statements'!L13/'Financial Statements'!L132 -> 1.7740602 | N11: =365/N15 -> 1.7740602 | P11: =365/P15 -> 1.7740602 | R11: =365/R15 -> 1.7740602 | T11: =365/T15 -> 1.7740602 | V11: =365/V15 -> 1.7740602 | X11: =365/X15 -> 1.7740602 | Z11: =365/Z15 -> 1.7740602 | AB11: =365/AB15 -> 1.7740602 | AD11: =365/AD15 -> 1.7740602
B12: AP Turnover | D12: ='Financial Statements'!D13/'Financial Statements'!D150 -> 1.4722497 | F12: ='Financial Statements'!F13/'Financial Statements'!F150 -> 2.2574398 | H12: ='Financial Statements'!H13/'Financial Statements'!H150 -> 2.4911556 | J12: ='Financial Statements'!J13/'Financial Statements'!J150 -> 2.8308138 | L12: ='Financial Statements'!L13/'Financial Statements'!L150 -> 3.7889694 | N12: =365/N16 -> 2.9452205 | P12: =365/P16 -> 2.9452205 | R12: =365/R16 -> 2.9452205 | T12: =365/T16 -> 2.9452205 | V12: =365/V16 -> 2.9452205 | X12: =365/X16 -> 2.9452205 | Z12: =365/Z16 -> 2.9452205 | AB12: =365/AB16 -> 2.9452205 | AD12: =365/AD16 -> 2.9452205
B14: Days of Sales Outstanding | D14: =365/D10 -> 126.11686 | F14: =365/F10 -> 70.710179 | H14: =365/H10 -> 53.093239 | J14: =365/J10 -> 84.964349 | L14: =365/L10 -> 103.40902 | N14: =AVERAGE($D$14:$L$14) -> 87.658731 | P14: =AVERAGE($D$14:$L$14) -> 87.658731 | R14: =AVERAGE($D$14:$L$14) -> 87.658731 | T14: =AVERAGE($D$14:$L$14) -> 87.658731 | V14: =AVERAGE($D$14:$L$14) -> 87.658731 | X14: =AVERAGE($D$14:$L$14) -> 87.658731 | Z14: =AVERAGE($D$14:$L$14) -> 87.658731 | AB14: =AVERAGE($D$14:$L$14) -> 87.658731 | AD14: =AVERAGE($D$14:$L$14) -> 87.658731
B15: Days of Inventory Turnover | D15: =365/D11 -> 120.09821 | F15: =365/F11 -> 86.028538 | H15: =365/H11 -> 235.09518 | J15: =365/J11 -> 206.75953 | L15: =365/L11 -> 205.74274 | N15: =L15 -> 205.74274 | P15: =N15 -> 205.74274 | R15: =P15 -> 205.74274 | T15: =R15 -> 205.74274 | V15: =T15 -> 205.74274 | X15: =V15 -> 205.74274 | Z15: =X15 -> 205.74274 | AB15: =Z15 -> 205.74274 | AD15: =AB15 -> 205.74274
B16: Days of AP Turnover | D16: =365/D12 -> 247.91989 | F16: =365/F12 -> 161.68759 | H16: =365/H12 -> 146.51834 | J16: =365/J12 -> 128.93819 | L16: =365/L12 -> 96.332264 | N16: =AVERAGE($H$16:$L$16) -> 123.9296 | P16: =AVERAGE($H$16:$L$16) -> 123.9296 | R16: =AVERAGE($H$16:$L$16) -> 123.9296 | T16: =AVERAGE($H$16:$L$16) -> 123.9296 | V16: =AVERAGE($H$16:$L$16) -> 123.9296 | X16: =AVERAGE($H$16:$L$16) -> 123.9296 | Z16: =AVERAGE($H$16:$L$16) -> 123.9296 | AB16: =AVERAGE($H$16:$L$16) -> 123.9296 | AD16: =AVERAGE($H$16:$L$16) -> 123.9296
B18: As % of Revenue
B19: Deferred Tax Assets | D19: ='Financial Statements'!D133/'Financial Statements'!D$10 -> 0.0045473842 | F19: ='Financial Statements'!F133/'Financial Statements'!F$10 -> 0 | H19: ='Financial Statements'!H133/'Financial Statements'!H$10 -> 0.0042277967 | J19: ='Financial Statements'!J133/'Financial Statements'!J$10 -> 0 | L19: ='Financial Statements'!L133/'Financial Statements'!L$10 -> 0 | N19: =L19 -> 0 | P19: =N19 -> 0 | R19: =P19 -> 0 | T19: =R19 -> 0 | V19: =T19 -> 0 | X19: =V19 -> 0 | Z19: =X19 -> 0 | AB19: =Z19 -> 0 | AD19: =AB19 -> 0
B20: Income Tax Receivable, Net | D20: ='Financial Statements'!D134/'Financial Statements'!D$10 -> 0 | F20: ='Financial Statements'!F134/'Financial Statements'!F$10 -> 0.018069034 | H20: ='Financial Statements'!H134/'Financial Statements'!H$10 -> 0.003355041 | J20: ='Financial Statements'!J134/'Financial Statements'!J$10 -> 0.013432625 | L20: ='Financial Statements'!L134/'Financial Statements'!L$10 -> 0.020450835 | N20: =AVERAGE($F$20:$L$20) -> 0.013826884 | P20: =AVERAGE($F$20:$L$20) -> 0.013826884 | R20: =AVERAGE($F$20:$L$20) -> 0.013826884 | T20: =AVERAGE($F$20:$L$20) -> 0.013826884 | V20: =AVERAGE($F$20:$L$20) -> 0.013826884 | X20: =AVERAGE($F$20:$L$20) -> 0.013826884 | Z20: =AVERAGE($F$20:$L$20) -> 0.013826884 | AB20: =AVERAGE($F$20:$L$20) -> 0.013826884 | AD20: =AVERAGE($F$20:$L$20) -> 0.013826884
B21: Prepaid Expenses and Other Current assets | D21: ='Financial Statements'!D135/'Financial Statements'!D$10 -> 0.033144818 | F21: ='Financial Statements'!F135/'Financial Statements'!F$10 -> 0.041234872 | H21: ='Financial Statements'!H135/'Financial Statements'!H$10 -> 0.059587209 | J21: ='Financial Statements'!J135/'Financial Statements'!J$10 -> 0.037720888 | L21: ='Financial Statements'!L135/'Financial Statements'!L$10 -> 0.033202941 | N21: =AVERAGE($D$21:$L$21) -> 0.040978146 | P21: =AVERAGE($D$21:$L$21) -> 0.040978146 | R21: =AVERAGE($D$21:$L$21) -> 0.040978146 | T21: =AVERAGE($D$21:$L$21) -> 0.040978146 | V21: =AVERAGE($D$21:$L$21) -> 0.040978146 | X21: =AVERAGE($D$21:$L$21) -> 0.040978146 | Z21: =AVERAGE($D$21:$L$21) -> 0.040978146 | AB21: =AVERAGE($D$21:$L$21) -> 0.040978146 | AD21: =AVERAGE($D$21:$L$21) -> 0.040978146
B22: Current Assets of Discontinued Operations | D22: ='Financial Statements'!D136/'Financial Statements'!D$10 -> 0 | F22: ='Financial Statements'!F136/'Financial Statements'!F$10 -> 0 | H22: ='Financial Statements'!H136/'Financial Statements'!H$10 -> 0 | J22: ='Financial Statements'!J136/'Financial Statements'!J$10 -> 0.059840885 | L22: ='Financial Statements'!L136/'Financial Statements'!L$10 -> 0 | N22: 0 | P22: 0 | R22: 0 | T22: 0 | V22: 0 | X22: 0 | Z22: 0 | AB22: 0 | AD22: 0
B23: In-process Research and Development | D23: ='Financial Statements'!D140/'Financial Statements'!D10 -> 0.15038027 | F23: ='Financial Statements'!F140/'Financial Statements'!F10 -> 0.13365521 | H23: ='Financial Statements'!H140/'Financial Statements'!H10 -> 0.19235239 | J23: ='Financial Statements'!J140/'Financial Statements'!J10 -> 0.0014325681 | L23: ='Financial Statements'!L140/'Financial Statements'!L10 -> 0 | N23: 0 | P23: 0 | R23: 0 | T23: 0 | V23: 0 | X23: 0 | Z23: 0 | AB23: 0 | AD23: 0
B24: Deferred Tax Assets, Net | D24: ='Financial Statements'!D143/'Financial Statements'!D$10 -> 0.039886747 | F24: ='Financial Statements'!F143/'Financial Statements'!F$10 -> 0 | H24: ='Financial Statements'!H143/'Financial Statements'!H$10 -> 0.031557659 | J24: ='Financial Statements'!J143/'Financial Statements'!J$10 -> 0.023064143 | L24: ='Financial Statements'!L143/'Financial Statements'!L$10 -> 0.012471818 | N24: =AVERAGE($H$24:$L$24) -> 0.02236454 | P24: =AVERAGE($H$24:$L$24) -> 0.02236454 | R24: =AVERAGE($H$24:$L$24) -> 0.02236454 | T24: =AVERAGE($H$24:$L$24) -> 0.02236454 | V24: =AVERAGE($H$24:$L$24) -> 0.02236454 | X24: =AVERAGE($H$24:$L$24) -> 0.02236454 | Z24: =AVERAGE($H$24:$L$24) -> 0.02236454 | AB24: =AVERAGE($H$24:$L$24) -> 0.02236454 | AD24: =AVERAGE($H$24:$L$24) -> 0.02236454
B25: Other Assets | D25: ='Financial Statements'!D144/'Financial Statements'!D$10 -> 0.0026262583 | F25: ='Financial Statements'!F144/'Financial Statements'!F$10 -> 0.010785144 | H25: ='Financial Statements'!H144/'Financial Statements'!H$10 -> 0.020313203 | J25: ='Financial Statements'!J144/'Financial Statements'!J$10 -> 0.004403972 | L25: ='Financial Statements'!L144/'Financial Statements'!L$10 -> 0.0050799743 | N25: =AVERAGE($D$25:$L$25) -> 0.0086417104 | P25: =AVERAGE($D$25:$L$25) -> 0.0086417104 | R25: =AVERAGE($D$25:$L$25) -> 0.0086417104 | T25: =AVERAGE($D$25:$L$25) -> 0.0086417104 | V25: =AVERAGE($D$25:$L$25) -> 0.0086417104 | X25: =AVERAGE($D$25:$L$25) -> 0.0086417104 | Z25: =AVERAGE($D$25:$L$25) -> 0.0086417104 | AB25: =AVERAGE($D$25:$L$25) -> 0.0086417104 | AD25: =AVERAGE($D$25:$L$25) -> 0.0086417104
B26: Non-current Assets of Discontinued Operations | D26: ='Financial Statements'!D145/'Financial Statements'!D$10 -> 0 | F26: ='Financial Statements'!F145/'Financial Statements'!F$10 -> 0 | H26: ='Financial Statements'!H145/'Financial Statements'!H$10 -> 0 | J26: ='Financial Statements'!J145/'Financial Statements'!J$10 -> 0.15606001 | L26: ='Financial Statements'!L145/'Financial Statements'!L$10 -> 0 | N26: 0 | P26: 0 | R26: 0 | T26: 0 | V26: 0 | X26: 0 | Z26: 0 | AB26: 0 | AD26: 0
B28: Accrued Expenses and Other Current Liabilities | D28: ='Financial Statements'!D151/'Financial Statements'!D$10 -> 0.0053532497 | F28: ='Financial Statements'!F151/'Financial Statements'!F$10 -> 0.0040032614 | H28: ='Financial Statements'!H151/'Financial Statements'!H$10 -> 0.015511811 | J28: ='Financial Statements'!J151/'Financial Statements'!J$10 -> 0.012684665 | L28: ='Financial Statements'!L151/'Financial Statements'!L$10 -> 0.013028303 | N28: =AVERAGE($H$28:$L$28) -> 0.013741593 | P28: =AVERAGE($H$28:$L$28) -> 0.013741593 | R28: =AVERAGE($H$28:$L$28) -> 0.013741593 | T28: =AVERAGE($H$28:$L$28) -> 0.013741593 | V28: =AVERAGE($H$28:$L$28) -> 0.013741593 | X28: =AVERAGE($H$28:$L$28) -> 0.013741593 | Z28: =AVERAGE($H$28:$L$28) -> 0.013741593 | AB28: =AVERAGE($H$28:$L$28) -> 0.013741593 | AD28: =AVERAGE($H$28:$L$28) -> 0.013741593
B29: Accrued Compensation | D29: ='Financial Statements'!D152/'Financial Statements'!D$10 -> 0.081759377 | F29: ='Financial Statements'!F152/'Financial Statements'!F$10 -> 0.078706294 | H29: ='Financial Statements'!H152/'Financial Statements'!H$10 -> 0.078261214 | J29: ='Financial Statements'!J152/'Financial Statements'!J$10 -> 0.06539132 | L29: ='Financial Statements'!L152/'Financial Statements'!L$10 -> 0.070659312 | N29: =AVERAGE($D$29:$L$29) -> 0.074955503 | P29: =AVERAGE($D$29:$L$29) -> 0.074955503 | R29: =AVERAGE($D$29:$L$29) -> 0.074955503 | T29: =AVERAGE($D$29:$L$29) -> 0.074955503 | V29: =AVERAGE($D$29:$L$29) -> 0.074955503 | X29: =AVERAGE($D$29:$L$29) -> 0.074955503 | Z29: =AVERAGE($D$29:$L$29) -> 0.074955503 | AB29: =AVERAGE($D$29:$L$29) -> 0.074955503 | AD29: =AVERAGE($D$29:$L$29) -> 0.074955503
B30: Notes Payable | D30: ='Financial Statements'!D153/'Financial Statements'!D$10 -> 0 | F30: ='Financial Statements'!F153/'Financial Statements'!F$10 -> 0 | H30: ='Financial Statements'!H153/'Financial Statements'!H$10 -> 0 | J30: ='Financial Statements'!J153/'Financial Statements'!J$10 -> 0 | L30: ='Financial Statements'!L153/'Financial Statements'!L$10 -> 0.040918037 | N30: 0 | P30: 0 | R30: 0 | T30: 0 | V30: 0 | X30: 0 | Z30: 0 | AB30: 0 | AD30: 0
B31: Contingent Consideration, Current Portion | D31: ='Financial Statements'!D154/'Financial Statements'!D$10 -> 0 | F31: ='Financial Statements'!F154/'Financial Statements'!F$10 -> 0.0042878383 | H31: ='Financial Statements'!H154/'Financial Statements'!H$10 -> 0.016038431 | J31: ='Financial Statements'!J154/'Financial Statements'!J$10 -> 0.0043099661 | L31: ='Financial Statements'!L154/'Financial Statements'!L$10 -> 0.0066819155 | N31: =AVERAGE($D$31:$L$31) -> 0.0062636302 | P31: =AVERAGE($D$31:$L$31) -> 0.0062636302 | R31: =AVERAGE($D$31:$L$31) -> 0.0062636302 | T31: =AVERAGE($D$31:$L$31) -> 0.0062636302 | V31: =AVERAGE($D$31:$L$31) -> 0.0062636302 | X31: =AVERAGE($D$31:$L$31) -> 0.0062636302 | Z31: =AVERAGE($D$31:$L$31) -> 0.0062636302 | AB31: =AVERAGE($D$31:$L$31) -> 0.0062636302 | AD31: =AVERAGE($D$31:$L$31) -> 0.0062636302
B32: Income Tax Payable | D32: ='Financial Statements'!D155/'Financial Statements'!D$10 -> 0.00041372562 | F32: ='Financial Statements'!F155/'Financial Statements'!F$10 -> 0 | H32: ='Financial Statements'!H155/'Financial Statements'!H$10 -> 0 | J32: ='Financial Statements'!J155/'Financial Statements'!J$10 -> 0 | L32: ='Financial Statements'!L155/'Financial Statements'!L$10 -> 0 | N32: 0 | P32: 0 | R32: 0 | T32: 0 | V32: 0 | X32: 0 | Z32: 0 | AB32: 0 | AD32: 0
B33: Provision for Chargebacks | D33: ='Financial Statements'!D156/'Financial Statements'!D$10 -> 0 | F33: ='Financial Statements'!F156/'Financial Statements'!F$10 -> 0 | H33: ='Financial Statements'!H156/'Financial Statements'!H$10 -> 0.0055530007 | J33: ='Financial Statements'!J156/'Financial Statements'!J$10 -> 0 | L33: ='Financial Statements'!L156/'Financial Statements'!L$10 -> 0 | N33: 0 | P33: 0 | R33: 0 | T33: 0 | V33: 0 | X33: 0 | Z33: 0 | AB33: 0 | AD33: 0
B34: Deferred Tax Liabilities, Net | D34: ='Financial Statements'!D157/'Financial Statements'!D$10 -> 0 | F34: ='Financial Statements'!F157/'Financial Statements'!F$10 -> 0.0002813794 | H34: ='Financial Statements'!H157/'Financial Statements'!H$10 -> 0 | J34: ='Financial Statements'!J157/'Financial Statements'!J$10 -> 0 | L34: ='Financial Statements'!L157/'Financial Statements'!L$10 -> 0 | N34: 0 | P34: 0 | R34: 0 | T34: 0 | V34: 0 | X34: 0 | Z34: 0 | AB34: 0 | AD34: 0
B35: Deferred Revenue, Current Portion | D35: ='Financial Statements'!D158/'Financial Statements'!D$10 -> 0.0065152791 | F35: ='Financial Statements'!F158/'Financial Statements'!F$10 -> 0.0058642025 | H35: ='Financial Statements'!H158/'Financial Statements'!H$10 -> 0.013214955 | J35: ='Financial Statements'!J158/'Financial Statements'!J$10 -> 0.0081315102 | L35: ='Financial Statements'!L158/'Financial Statements'!L$10 -> 0.014394965 | N35: =AVERAGE($D$35:$L$35) -> 0.0096241824 | P35: =AVERAGE($D$35:$L$35) -> 0.0096241824 | R35: =AVERAGE($D$35:$L$35) -> 0.0096241824 | T35: =AVERAGE($D$35:$L$35) -> 0.0096241824 | V35: =AVERAGE($D$35:$L$35) -> 0.0096241824 | X35: =AVERAGE($D$35:$L$35) -> 0.0096241824 | Z35: =AVERAGE($D$35:$L$35) -> 0.0096241824 | AB35: =AVERAGE($D$35:$L$35) -> 0.0096241824 | AD35: =AVERAGE($D$35:$L$35) -> 0.0096241824
B36: Current Liabilities of Discontinued Operations | D36: ='Financial Statements'!D160/'Financial Statements'!D$10 -> 0 | F36: ='Financial Statements'!F160/'Financial Statements'!F$10 -> 0 | H36: ='Financial Statements'!H160/'Financial Statements'!H$10 -> 0 | J36: ='Financial Statements'!J160/'Financial Statements'!J$10 -> 0.035452485 | L36: ='Financial Statements'!L160/'Financial Statements'!L$10 -> 0 | N36: 0 | P36: 0 | R36: 0 | T36: 0 | V36: 0 | X36: 0 | Z36: 0 | AB36: 0 | AD36: 0
B38: Contingent Consideration, Net of Current Portion | D38: ='Financial Statements'!D163/'Financial Statements'!D$10 -> 0 | F38: ='Financial Statements'!F163/'Financial Statements'!F$10 -> 0.048851301 | H38: ='Financial Statements'!H163/'Financial Statements'!H$10 -> 0.10178853 | J38: ='Financial Statements'!J163/'Financial Statements'!J$10 -> 0.047096955 | L38: ='Financial Statements'!L163/'Financial Statements'!L$10 -> 0.0202933 | N38: =AVERAGE($J$38:$L$38) -> 0.033695128 | P38: =AVERAGE($J$38:$L$38) -> 0.033695128 | R38: =AVERAGE($J$38:$L$38) -> 0.033695128 | T38: =AVERAGE($J$38:$L$38) -> 0.033695128 | V38: =AVERAGE($J$38:$L$38) -> 0.033695128 | X38: =AVERAGE($J$38:$L$38) -> 0.033695128 | Z38: =AVERAGE($J$38:$L$38) -> 0.033695128 | AB38: =AVERAGE($J$38:$L$38) -> 0.033695128 | AD38: =AVERAGE($J$38:$L$38) -> 0.033695128
B39: Deferred Revenue, Net of Current Portion | D39: ='Financial Statements'!D165/'Financial Statements'!D$10 -> 0 | F39: ='Financial Statements'!F165/'Financial Statements'!F$10 -> 0 | H39: ='Financial Statements'!H165/'Financial Statements'!H$10 -> 0.014124797 | J39: ='Financial Statements'!J165/'Financial Statements'!J$10 -> 0.0070013958 | L39: ='Financial Statements'!L165/'Financial Statements'!L$10 -> 0.01725309 | N39: =AVERAGE($H$39:$L$39) -> 0.012793094 | P39: =AVERAGE($H$39:$L$39) -> 0.012793094 | R39: =AVERAGE($H$39:$L$39) -> 0.012793094 | T39: =AVERAGE($H$39:$L$39) -> 0.012793094 | V39: =AVERAGE($H$39:$L$39) -> 0.012793094 | X39: =AVERAGE($H$39:$L$39) -> 0.012793094 | Z39: =AVERAGE($H$39:$L$39) -> 0.012793094 | AB39: =AVERAGE($H$39:$L$39) -> 0.012793094 | AD39: =AVERAGE($H$39:$L$39) -> 0.012793094
B40: Deferred Tax Liability, Net | D40: ='Financial Statements'!D166/'Financial Statements'!D$10 -> 0 | F40: ='Financial Statements'!F166/'Financial Statements'!F$10 -> 0.0045372428 | H40: ='Financial Statements'!H166/'Financial Statements'!H$10 -> 0 | J40: ='Financial Statements'!J166/'Financial Statements'!J$10 -> 0 | L40: ='Financial Statements'!L166/'Financial Statements'!L$10 -> 0 | N40: 0 | P40: 0 | R40: 0 | T40: 0 | V40: 0 | X40: 0 | Z40: 0 | AB40: 0 | AD40: 0
B41: Other Liabilities | D41: ='Financial Statements'!D167/'Financial Statements'!D$10 -> 0.0068030882 | F41: ='Financial Statements'!F167/'Financial Statements'!F$10 -> 0.006769093 | H41: ='Financial Statements'!H167/'Financial Statements'!H$10 -> 0.0030707155 | J41: ='Financial Statements'!J167/'Financial Statements'!J$10 -> 0.0025708569 | L41: ='Financial Statements'!L167/'Financial Statements'!L$10 -> 0.0032816266 | N41: =AVERAGE($D$41:$L$41) -> 0.004499076 | P41: =AVERAGE($D$41:$L$41) -> 0.004499076 | R41: =AVERAGE($D$41:$L$41) -> 0.004499076 | T41: =AVERAGE($D$41:$L$41) -> 0.004499076 | V41: =AVERAGE($D$41:$L$41) -> 0.004499076 | X41: =AVERAGE($D$41:$L$41) -> 0.004499076 | Z41: =AVERAGE($D$41:$L$41) -> 0.004499076 | AB41: =AVERAGE($D$41:$L$41) -> 0.004499076 | AD41: =AVERAGE($D$41:$L$41) -> 0.004499076
B42: Non-current Liabilities of Discontinued Operations | D42: ='Financial Statements'!D168/'Financial Statements'!D$10 -> 0 | F42: ='Financial Statements'!F168/'Financial Statements'!F$10 -> 0 | H42: ='Financial Statements'!H168/'Financial Statements'!H$10 -> 0 | J42: ='Financial Statements'!J168/'Financial Statements'!J$10 -> 0.0066090233 | L42: ='Financial Statements'!L168/'Financial Statements'!L$10 -> 0 | N42: 0 | P42: 0 | R42: 0 | T42: 0 | V42: 0 | X42: 0 | Z42: 0 | AB42: 0 | AD42: 0
A45: 2 | B45: Debt Schedule
B46: Debt as % of Revenue
B47: Current Portion | D47: ='Financial Statements'!D159/'Financial Statements'!D$10 -> 0.016081335 | F47: ='Financial Statements'!F159/'Financial Statements'!F$10 -> 0 | H47: ='Financial Statements'!H159/'Financial Statements'!H$10 -> 0 | J47: ='Financial Statements'!J159/'Financial Statements'!J$10 -> 0 | L47: ='Financial Statements'!L159/'Financial Statements'!L$10 -> 0 | N47: ='Financial Statements'!N159/'Financial Statements'!N$10 -> 0 | P47: ='Financial Statements'!P159/'Financial Statements'!P$10 -> 0 | R47: ='Financial Statements'!R159/'Financial Statements'!R$10 -> 0 | T47: ='Financial Statements'!T159/'Financial Statements'!T$10 -> 0.23936848 | V47: ='Financial Statements'!V159/'Financial Statements'!V$10 -> 0 | X47: ='Financial Statements'!X159/'Financial Statements'!X$10 -> 0 | Z47: ='Financial Statements'!Z159/'Financial Statements'!Z$10 -> 0 | AB47: ='Financial Statements'!AB159/'Financial Statements'!AB$10 -> 0 | AD47: ='Financial Statements'!AD159/'Financial Statements'!AD$10 -> 0
B48: Non-Current Portion | D48: ='Financial Statements'!D164/'Financial Statements'!D$10 -> 0.20975529 | F48: ='Financial Statements'!F164/'Financial Statements'!F$10 -> 0.19824458 | H48: ='Financial Statements'!H164/'Financial Statements'!H$10 -> 0.62057132 | J48: ='Financial Statements'!J164/'Financial Statements'!J$10 -> 0.50455009 | L48: ='Financial Statements'!L164/'Financial Statements'!L$10 -> 0.50757597 | N48: ='Financial Statements'!N164/'Financial Statements'!N$10 -> 0.44331529 | P48: ='Financial Statements'!P164/'Financial Statements'!P$10 -> 0.32560554 | R48: ='Financial Statements'!R164/'Financial Statements'!R$10 -> 0.25807201 | T48: ='Financial Statements'!T164/'Financial Statements'!T$10 -> 0 | V48: ='Financial Statements'!V164/'Financial Statements'!V$10 -> 0.35387667 | X48: ='Financial Statements'!X164/'Financial Statements'!X$10 -> 0.32523502 | Z48: ='Financial Statements'!Z164/'Financial Statements'!Z$10 -> 0.3438841 | AB48: ='Financial Statements'!AB164/'Financial Statements'!AB$10 -> 0.33853013 | AD48: ='Financial Statements'!AD164/'Financial Statements'!AD$10 -> 0.33178559
B49: Total Debt | D49: =SUM(D48,D47) -> 0.22583663 | F49: =SUM(F48,F47) -> 0.19824458 | H49: =SUM(H48,H47) -> 0.62057132 | J49: =SUM(J48,J47) -> 0.50455009 | L49: =SUM(L48,L47) -> 0.50757597 | N49: =SUM(N48,N47) -> 0.44331529 | P49: =SUM(P48,P47) -> 0.32560554 | R49: =SUM(R48,R47) -> 0.25807201 | T49: =SUM(T48,T47) -> 0.23936848 | V49: =SUM(V48,V47) -> 0.35387667 | X49: =SUM(X48,X47) -> 0.32523502 | Z49: =SUM(Z48,Z47) -> 0.3438841 | AB49: =SUM(AB48,AB47) -> 0.33853013 | AD49: =SUM(AD48,AD47) -> 0.33178559
B51: Beginning Balance | F51: =D54 -> 62774 | H51: =F54 -> 62000 | J51: =H54 -> 251000 | L51: =J54 -> 246892 | N51: =IF(N86>=$D$71,0,L54) -> 248094 | P51: =IF(P86>=$D$71,0,N54) -> 248094 | R51: =IF(R86>=$D$71,0,P54) -> 248094 | T51: =IF(T86>=$D$71,0,R54) -> 248094 | V51: =IF(V86>=$D$71,0,T54) -> 0 | X51: =IF(X86>=$D$71,0,V54) -> 400000 | Z51: =IF(Z86>=$D$71,0,X54) -> 400000 | AB51: =IF(AB86>=$D$71,0,Z54) -> 400000 | AD51: =IF(AD86>=$D$71,0,AB54) -> 400000
B52: Debt Issuance | F52: =F54-F51-F53 -> 3696 | H52: =H54-H51-H53 -> 189000 | J52: =J54-J51-J53 -> -4108 | L52: =L54-L51-L53 -> 1202 | N52: 0 | P52: 0 | R52: 0 | T52: 0 | V52: 400000 | X52: 0 | Z52: 0 | AB52: 0 | AD52: 0
B53: Debt Repayment | F53: =-'Financial Statements'!D159 -> -4470 | H53: =-'Financial Statements'!F159 -> 0 | J53: =-'Financial Statements'!H159 -> 0 | L53: =-'Financial Statements'!J159 -> 0 | N53: 0 | P53: 0 | R53: 0 | T53: 0 | V53: =IF(V86>=D71,0,-V51) -> 0 | X53: 0 | Z53: 0 | AB53: 0 | AD53: 0
B54: Ending Balance | D54: ='Financial Statements'!D159+'Financial Statements'!D164 -> 62774 | F54: ='Financial Statements'!F159+'Financial Statements'!F164 -> 62000 | H54: ='Financial Statements'!H159+'Financial Statements'!H164 -> 251000 | J54: ='Financial Statements'!J159+'Financial Statements'!J164 -> 246892 | L54: ='Financial Statements'!L159+'Financial Statements'!L164 -> 248094 | N54: =SUM(N51:N53) -> 248094 | P54: =SUM(P51:P53) -> 248094 | R54: =SUM(R51:R53) -> 248094 | T54: =SUM(T51:T53) -> 248094 | V54: =SUM(V51:V53) -> 400000 | X54: =SUM(X51:X53) -> 400000 | Z54: =SUM(Z51:Z53) -> 400000 | AB54: =SUM(AB51:AB53) -> 400000 | AD54: =SUM(AD51:AD53) -> 400000
B56: Current Portion | D56: ='Financial Statements'!D159 -> 4470 | F56: ='Financial Statements'!F159 -> 0 | H56: ='Financial Statements'!H159 -> 0 | J56: ='Financial Statements'!J159 -> 0 | L56: ='Financial Statements'!L159 -> 0 | N56: =IF(OR(P53<0,P86>=$D$71),N54,0) -> 0 | P56: =IF(OR(R53<0,R86>=$D$71),P54,0) -> 0 | R56: =IF(OR(T53<0,T86>=$D$71),R54,0) -> 0 | T56: =IF(OR(V53<0,V86>=$D$71),T54,0) -> 248094 | V56: =IF(OR(X53<0,X86>=$D$71),V54,0) -> 0 | X56: =IF(OR(Z53<0,Z86>=$D$71),X54,0) -> 0 | Z56: =IF(OR(AB53<0,AB86>=$D$71),Z54,0) -> 0 | AB56: =IF(OR(AD53<0,AD86>=$D$71),AB54,0) -> 0 | AD56: =IF(OR(AF53<0,AF86>=$D$71),AD54,0) -> 0
B57: Non-Current Portion | D57: ='Financial Statements'!D164 -> 58304 | F57: ='Financial Statements'!F164 -> 62000 | H57: ='Financial Statements'!H164 -> 251000 | J57: ='Financial Statements'!J164 -> 246892 | L57: ='Financial Statements'!L164 -> 248094 | N57: =IF(OR(P53<0,P86>=$D$71),0,N54) -> 248094 | P57: =IF(OR(R53<0,R86>=$D$71),0,P54) -> 248094 | R57: =IF(OR(T53<0,T86>=$D$71),0,R54) -> 248094 | T57: =IF(OR(V53<0,V86>=$D$71),0,T54) -> 0 | V57: =IF(OR(X53<0,X86>=$D$71),0,V54) -> 400000 | X57: =IF(OR(Z53<0,Z86>=$D$71),0,X54) -> 400000 | Z57: =IF(OR(AB53<0,AB86>=$D$71),0,Z54) -> 400000 | AB57: =IF(OR(AD53<0,AD86>=$D$71),0,AB54) -> 400000 | AD57: =IF(OR(AF53<0,AF86>=$D$71),0,AD54) -> 400000
A60: 3 | B60: Equity and Stock Based Compensation
B61: Preferred Shares Issuance (Repurchase) | F61: ='Financial Statements'!F172-'Financial Statements'!D172 -> 0 | H61: ='Financial Statements'!H172-'Financial Statements'!F172 -> 0 | J61: ='Financial Statements'!J172-'Financial Statements'!H172 -> 0 | L61: ='Financial Statements'!L172-'Financial Statements'!J172 -> 0 | N61: 0 | P61: 0 | R61: 0 | T61: 0 | V61: 0 | X61: 0 | Z61: 0 | AB61: 0 | AD61: 0
B62: Treasury Stock Purchase or Resell | F62: =-'Financial Statements'!F174+'Financial Statements'!D174 -> 213 | H62: =-'Financial Statements'!H174+'Financial Statements'!F174 -> 201 | J62: =-'Financial Statements'!J174+'Financial Statements'!H174 -> 100 | L62: =-'Financial Statements'!L174+'Financial Statements'!J174 -> 0 | N62: 0 | P62: 0 | R62: 0 | T62: 0 | V62: 0 | X62: 0 | Z62: 0 | AB62: 0 | AD62: 0
B64: Weighted Average Number of Shares- Basic | D64: ='Financial Statements'!D49 -> 36080495 | F64: ='Financial Statements'!F49 -> 36201283 | H64: ='Financial Statements'!H49 -> 37344891 | J64: ='Financial Statements'!J49 -> 38595435 | L64: ='Financial Statements'!L49 -> 40184159 | N64: =L64+N84+N85+N86 -> 40482648 | P64: =N64+P84+P85+P86 -> 40781138 | R64: =P64+R84+R85+R86 -> 41079627 | T64: =R64+T84+T85+T86 -> 41378117 | V64: =T64+V84+V85+V86 -> 49098642 | X64: =V64+X84+X85+X86 -> 49098642 | Z64: =X64+Z84+Z85+Z86 -> 49098642 | AB64: =Z64+AB84+AB85+AB86 -> 49098642 | AD64: =AB64+AD84+AD85+AD86 -> 49098642
B65: Weighted Average Number of Shares- Diluted | D65: ='Financial Statements'!D50 -> 36420662 | F65: ='Financial Statements'!F50 -> 36747556 | H65: ='Financial Statements'!H50 -> 45802807 | J65: ='Financial Statements'!J50 -> 47255842 | L65: ='Financial Statements'!L50 -> 49335112 | N65: =N64+N87 -> 50122672 | P65: =P64+P87 -> 49781328 | R65: =R64+R87 -> 49439985 | T65: =T64+T87 -> 49098642 | V65: =V64+V87 -> 49098642 | X65: =X64+X87 -> 49098642 | Z65: =Z64+Z87 -> 49098642 | AB65: =AB64+AB87 -> 49098642 | AD65: =AD64+AD87 -> 49098642
B67: Convertible Debt
B68: Dilution from 2.875% Convertible Senior Notes | D68: 250000000
B69: Conversion Price | D69: 32.38
B70: Shares per $1000 principal amount | D70: 30.8821
B71: Dillution | D71: =D68*D70/1000 -> 7720525
B72: Maturity | D72: 2021
B74: Stock Option Plan
B75: Shares Outstanding at Dec 31, 2016 | D75: 2559331
B76: Intrinsic Value | D76: 25348245
B77: Exercise Value | D77: =D78*D79 -> 58711053
B78: Number of Shares Outstanding | D78: 2559331
B79: Weighted Average Converstion Price | D79: 22.94
B80: Exercise Price Assumption | D80: 43
B81: Option Maturity as of Dec 2016 (years) | D81: 4
B83: Issuance or Buyback Price | N83: =$D$80 -> 43 | P83: =$D$80 -> 43 | R83: =$D$80 -> 43 | T83: =$D$80 -> 43 | V83: =$D$80 -> 43 | X83: =$D$80 -> 43 | Z83: =$D$80 -> 43 | AB83: =$D$80 -> 43 | AD83: =$D$80 -> 43
B84: Shares Issuance (up to 200 million shares) | F84: =F64-D64 -> 120788 | H84: =H64-F64 -> 1143608 | J84: =J64-H64 -> 1250544 | L84: =L64-J64 -> 1588724 | N84: 0 | P84: 0 | R84: 0 | T84: 0 | V84: 0 | X84: 0 | Z84: 0 | AB84: 0 | AD84: 0
B85: Shares Buyback (up to 50 million shares) | N85: =-N86*$D$79/$D$80 -> -341343.33 | P85: =-P86*$D$79/$D$80 -> -341343.33 | R85: =-R86*$D$79/$D$80 -> -341343.33 | T85: =-T86*$D$79/$D$80 -> -341343.33 | V85: 0 | X85: =-X86*$D$79/$D$80 -> 0 | Z85: =-Z86*$D$79/$D$80 -> 0 | AB85: =-AB86*$D$79/$D$80 -> 0 | AD85: =-AD86*$D$79/$D$80 -> 0
B86: Shares Addition due to Conversion | N86: =$D$75/$D$81 -> 639832.75 | P86: =$D$75/$D$81 -> 639832.75 | R86: =$D$75/$D$81 -> 639832.75 | T86: =$D$75/$D$81 -> 639832.75 | V86: =D71 -> 7720525 | X86: 0 | Z86: 0 | AB86: 0 | AD86: 0
B87: Ending Balance of Unconverted Shares | N87: =D75-N86+D71 -> 9640023.2 | P87: =N87-P86 -> 9000190.5 | R87: =P87-R86 -> 8360357.8 | T87: =R87-T86 -> 7720525 | V87: =T87-V86 -> 0 | X87: =V87-X86 -> 0 | Z87: =X87-Z86 -> 0 | AB87: =Z87-AB86 -> 0 | AD87: =AB87-AD86 -> 0
B89: Intrinsic Value | N89: =$D$76/$D$81/1000 -> 6337.0612 | P89: =$D$76/$D$81/1000 -> 6337.0612 | R89: =$D$76/$D$81/1000 -> 6337.0612 | T89: =$D$76/$D$81/1000 -> 6337.0612 | V89: =T54 -> 248094 | X89: 0 | Z89: 0 | AB89: 0 | AD89: 0
B91: Convertible Debt Conversion | N91: =IF(N86>=$D$71,L54,0) -> 0 | P91: =IF(P86>=$D$71,N54,0) -> 0 | R91: =IF(R86>=$D$71,P54,0) -> 0 | T91: =IF(T86>=$D$71,R54,0) -> 0 | V91: =IF(V86>=$D$71,T54,0) -> 248094 | X91: =IF(X86>=$D$71,V54,0) -> 0 | Z91: =IF(Z86>=$D$71,X54,0) -> 0 | AB91: =IF(AB86>=$D$71,Z54,0) -> 0 | AD91: =IF(AD86>=$D$71,AB54,0) -> 0

Sheet Valuation
B1: EMERGENT BIOSOLUTIONS INC.
B3: In Thousands USD | D3: 2017F | F3: 2018F | H3: 2019F | J3: 2020F | L3: 2021F | N3: 2022F | P3: 2023F | R3: 2024F | T3: 2025F | V3: Terminal Value
B4: EBITDA * (1-Tax) | D4: ='Financial Statements'!N21*(1-'IS Modelling'!N133) -> 117113.6 | F4: ='Financial Statements'!P21*(1-'IS Modelling'!P133) -> 162508.56 | H4: ='Financial Statements'!R21*(1-'IS Modelling'!R133) -> 204756.94 | J4: ='Financial Statements'!T21*(1-'IS Modelling'!T133) -> 216567.81 | L4: ='Financial Statements'!V21*(1-'IS Modelling'!V133) -> 71375.139 | N4: ='Financial Statements'!X21*(1-'IS Modelling'!X133) -> 245741.61 | P4: ='Financial Statements'!Z21*(1-'IS Modelling'!Z133) -> 213805.37 | R4: ='Financial Statements'!AB21*(1-'IS Modelling'!AB133) -> 211553.39 | T4: ='Financial Statements'!AD21*(1-'IS Modelling'!AD133) -> 212217.25
B5: + Stock Based Compensation | D5: ='Financial Statements'!N15 -> 6337.0612 | F5: ='Financial Statements'!P15 -> 6337.0612 | H5: ='Financial Statements'!R15 -> 6337.0612 | J5: ='Financial Statements'!T15 -> 6337.0612 | L5: ='Financial Statements'!V15 -> 248094 | N5: ='Financial Statements'!X15 -> 0 | P5: ='Financial Statements'!Z15 -> 0 | R5: ='Financial Statements'!AB15 -> 0 | T5: ='Financial Statements'!AD15 -> 0
B6: + Depreciation and Amortization * Tax | D6: ='Financial Statements'!N16*'IS Modelling'!N133 -> 10626.573 | F6: ='Financial Statements'!P16*'IS Modelling'!P133 -> 11595.674 | H6: ='Financial Statements'!R16*'IS Modelling'!R133 -> 12615.521 | J6: ='Financial Statements'!T16*'IS Modelling'!T133 -> 13918.945 | L6: ='Financial Statements'!V16*'IS Modelling'!V133 -> 14951.651 | N6: ='Financial Statements'!X16*'IS Modelling'!X133 -> 15247.924 | P6: ='Financial Statements'!Z16*'IS Modelling'!Z133 -> 16312.798 | R6: ='Financial Statements'!AB16*'IS Modelling'!AB133 -> 16441.773 | T6: ='Financial Statements'!AD16*'IS Modelling'!AD133 -> 17464.825
B7: - Change in Working Capital | D7: ='Financial Statements'!L185-'Financial Statements'!N185 -> 12613.162 | F7: ='Financial Statements'!N185-'Financial Statements'!P185 -> -50696.697 | H7: ='Financial Statements'!P185-'Financial Statements'!R185 -> -49964.15 | J7: ='Financial Statements'!R185-'Financial Statements'!T185 -> -18822.937 | L7: ='Financial Statements'!T185-'Financial Statements'!V185 -> -23526.208 | N7: ='Financial Statements'!V185-'Financial Statements'!X185 -> -24943.892 | P7: ='Financial Statements'!X185-'Financial Statements'!Z185 -> 16713.347 | R7: ='Financial Statements'!Z185-'Financial Statements'!AB185 -> -4609.7983 | T7: ='Financial Statements'!AB185-'Financial Statements'!AD185 -> -6018.8407
B8: - Capital Expenditure | D8: =-'IS Modelling'!N111 -> -55963.33 | F8: =-'IS Modelling'!P111 -> -68575.184 | H8: =-'IS Modelling'!R111 -> -76906.907 | J8: =-'IS Modelling'!T111 -> -72551.657 | L8: =-'IS Modelling'!V111 -> -67820.238 | N8: =-'IS Modelling'!X111 -> -61493.992 | P8: =-'IS Modelling'!Z111 -> -58159.129 | R8: =-'IS Modelling'!AB111 -> -59078.936 | T8: =-'IS Modelling'!AD111 -> -60279.893
B9: Free Cash Flow to the Firm | D9: =SUM(D4:D8) -> 90727.066 | F9: =SUM(F4:F8) -> 61169.414 | H9: =SUM(H4:H8) -> 96838.464 | J9: =SUM(J4:J8) -> 145449.22 | L9: =SUM(L4:L8) -> 243074.34 | N9: =SUM(N4:N8) -> 174551.65 | P9: =SUM(P4:P8) -> 188672.39 | R9: =SUM(R4:R8) -> 164306.43 | T9: =SUM(T4:T8) -> 163383.35 | V9: =T9*(1+D27)/(D28-D27) -> 2764988
B10: Growth | F10: =F9/D9-1 -> -0.32578649 | H10: =H9/F9-1 -> 0.58311904 | J10: =J9/H9-1 -> 0.50197777 | L10: =L9/J9-1 -> 0.67119731 | N10: =N9/L9-1 -> -0.28190014 | P10: =P9/N9-1 -> 0.080897186 | R10: =R9/P9-1 -> -0.12914426 | T10: =T9/R9-1 -> -0.0056180771
B12: Period | D12: 0 | F12: 1 | H12: 2 | J12: 3 | L12: 4 | N12: 5 | P12: 6 | R12: 7 | T12: 8 | V12: 8
B13: Present Value of FCFF | D13: =D9/(1+$D$28)^D12 -> 90727.066 | F13: =F9/(1+$D$28)^F12 -> 56624.092 | H13: =H9/(1+$D$28)^H12 -> 82981.59 | J13: =J9/(1+$D$28)^J12 -> 115375.13 | L13: =L9/(1+$D$28)^L12 -> 178487.1 | N13: =N9/(1+$D$28)^N12 -> 118647.51 | P13: =P9/(1+$D$28)^P12 -> 118716.19 | R13: =R9/(1+$D$28)^R12 -> 95702.456 | T13: =T9/(1+$D$28)^T12 -> 88093.372 | V13: =V9/(1+$D$28)^V12 -> 1490832
B14: Enterprise Value | D14: =SUM(D13:V13) -> 2436186.5 | W14: =V13/D14 -> 0.61195315 | X14: of Total Value
B15: + Cash and Cash Equivalent | D15: ='Financial Statements'!L130 -> 271513
B16: - Debt Outstanding | D16: ='Financial Statements'!L159+'Financial Statements'!L164 -> 248094
B17: Equity Value | D17: =D14+D15-D16 -> 2459605.5
B18: Number of Shares Outstanding | D18: ='Financial Statements'!L50 -> 49335112
B19: Equity Value per Share | D19: =D17*1000/D18 -> 49.85507
Z20: Sensitivity Analysis | AD20: WACC
B21: Current Stock Price | D21: 40.86 | Z21: =D19 -> 49.85507 | AA21: =AB21-1% -> 0.050271875 | AB21: =AC21-1% -> 0.060271875 | AC21: =AD21-1% -> 0.070271875 | AD21: 0.080271875 | AE21: =AD21+1% -> 0.090271875 | AF21: =AE21+1% -> 0.10027187 | AG21: =AF21+1% -> 0.11027187 | AH21: =AG21+1% -> 0.12027187
B22: Potential Upside / Downside | D22: =D19/D21-1 -> 0.22014367 | Z22: -0.02 | AA22: 53.279878 | AB22: 46.532946 | AC22: 41.285157 | AD22: 37.088145 | AE22: 33.656158 | AF22: 30.79846 | AG22: 28.382862 | AH22: 26.314859
Z23: -0.01 | AA23: 58.826688 | AB23: 50.430446 | AC23: 44.126195 | AD23: 39.21917 | AE23: 35.291709 | AF23: 32.077613 | AG23: 29.399185 | AH23: 27.133261
B24: Implied P/E18 | D24: =D19/'Financial Statements'!N47 -> 26.863958 | F24: Implied EV/EBITDA 18 | J24: =D14/'Financial Statements'!P21 -> 9.7442327 | Z24: 0 | AA24: 66.580223 | AB24: 55.621251 | AC24: 47.775817 | AD24: 41.881147 | AE24: 37.289621 | AF24: 33.611904 | AG24: 30.599838 | AH24: 28.087754
B25: Implied P/E19 | D25: =D19/'Financial Statements'!P47 -> 18.087804 | F25: Implied EV/EBITDA 19 | J25: =D14/'Financial Statements'!R21 -> 7.7336633 | Y25: Terminal | Z25: 0.01 | AA25: 78.184353 | AB25: 62.877149 | AC25: 52.636493 | AD25: 45.300746 | AE25: 39.785319 | AF25: 35.486122 | AG25: 32.03997 | AH25: 29.215364
Y26: growth | Z26: 0.02 | AA26: 97.455091 | AB26: 73.736505 | AC26: 59.430924 | AD26: 49.85507 | AE26: 42.991316 | AF26: 37.827306 | AG26: 33.799168 | AH26: 30.567884
B27: Terminal Growth Rate Assumption | D27: 0.02 | Z27: 0.03 | AA27: 135.73812 | AB27: 91.770411 | AC27: 69.599636 | AD27: 56.221272 | AE27: 47.261158 | AF27: 40.834813 | AG27: 35.996676 | AH27: 32.220059
B28: WACC Assumption | D28: =D39*D37+(1-D39)*D33 -> 0.080271875 | Z28: 0.04 | AA28: 248.56066 | AB28: 127.59636 | AC28: 86.486605 | AD28: 65.749086 | AE28: 53.229699 | AF28: 44.840301 | AG28: 38.819614 | AH28: 34.283878
Z29: 0.05 | AA29: 8660.9723 | AB29: 233.17774 | AC29: 120.03406 | AD29: 81.571728 | AE29: 62.162365 | AF29: 50.439318 | AG29: 42.579287 | AH29: 36.93508
B30: Beta | D30: 1.28 | Z30: 0.06 | AA30: -221.64803 | AB30: 8105.6652 | AC30: 218.90058 | AD30: 113.00481 | AE30: 76.996657 | AF30: 58.818944 | AG30: 47.834696 | AH30: 40.466028
B31: Return Market | D31: =6%+D32 -> 0.084
B32: Risk Free Rate | D32: 0.024
B33: Cost of Equity | D33: =D32+D30*(D31-D32) -> 0.1008
B35: Cost of Debt | D35: 0.02875
B36: Tax | D36: ='IS Modelling'!N133 -> 0.35
B37: After Tax Cost of Debt | D37: =D35*(1-D36) -> 0.0186875
B39: Target Debt to Invested Capital | D39: 0.25

Sheet Ratios
B1: EMERGENT BIOSOLUTIONS INC.
D3: 2012 | F3: 2013 | H3: 2014 | J3: 2015 | L3: 2016 | N3: 2017F | P3: 2018F | R3: 2019F | T3: 2020F | V3: 2021F | X3: 2022F | Z3: 2023F | AB3: 2024F | AD3: 2025F
B5: Profitability Ratio
B6: Return on Common Equity | F6: ='Financial Statements'!F35/'Financial Statements'!D179 -> 0.070420783 | H6: ='Financial Statements'!H35/'Financial Statements'!F179 -> 0.075109626 | J6: ='Financial Statements'!J35/'Financial Statements'!H179 -> 0.11364766 | L6: ='Financial Statements'!L35/'Financial Statements'!J179 -> 0.078446464 | N6: ='Financial Statements'!N35/'Financial Statements'!L179 -> 0.15601916 | P6: ='Financial Statements'!P35/'Financial Statements'!N179 -> 0.19726701 | R6: ='Financial Statements'!R35/'Financial Statements'!P179 -> 0.23210786 | T6: ='Financial Statements'!T35/'Financial Statements'!R179 -> 0.21978281 | V6: ='Financial Statements'!V35/'Financial Statements'!T179 -> 0.042547343 | X6: ='Financial Statements'!X35/'Financial Statements'!V179 -> 0.20224334 | Z6: ='Financial Statements'!Z35/'Financial Statements'!X179 -> 0.15573422 | AB6: ='Financial Statements'!AB35/'Financial Statements'!Z179 -> 0.14574662 | AD6: ='Financial Statements'!AD35/'Financial Statements'!AB179 -> 0.13778419
B7: Return on Assets | F7: ='Financial Statements'!F35/'Financial Statements'!D146 -> 0.055181398 | H7: ='Financial Statements'!H35/'Financial Statements'!F146 -> 0.058632686 | J7: ='Financial Statements'!J35/'Financial Statements'!H146 -> 0.066510661 | L7: ='Financial Statements'!L35/'Financial Statements'!J146 -> 0.049905348 | N7: ='Financial Statements'!N35/'Financial Statements'!L146 -> 0.09588532 | P7: ='Financial Statements'!P35/'Financial Statements'!N146 -> 0.12684135 | R7: ='Financial Statements'!R35/'Financial Statements'!P146 -> 0.14783964 | T7: ='Financial Statements'!T35/'Financial Statements'!R146 -> 0.13995299 | V7: ='Financial Statements'!V35/'Financial Statements'!T146 -> 0.027702991 | X7: ='Financial Statements'!X35/'Financial Statements'!V146 -> 0.12261328 | Z7: ='Financial Statements'!Z35/'Financial Statements'!X146 -> 0.096322333 | AB7: ='Financial Statements'!AB35/'Financial Statements'!Z146 -> 0.092759218 | AD7: ='Financial Statements'!AD35/'Financial Statements'!AB146 -> 0.089059537
B8: Return on Capital | F8: ='Financial Statements'!F35/('Financial Statements'!D159+'Financial Statements'!D164+'Financial Statements'!D153+'Financial Statements'!D179) -> 0.061665432 | H8: ='Financial Statements'!H35/('Financial Statements'!F159+'Financial Statements'!F164+'Financial Statements'!F153+'Financial Statements'!F179) -> 0.066660619 | J8: ='Financial Statements'!J35/('Financial Statements'!H159+'Financial Statements'!H164+'Financial Statements'!H153+'Financial Statements'!H179) -> 0.078176973 | L8: ='Financial Statements'!L35/('Financial Statements'!J159+'Financial Statements'!J164+'Financial Statements'!J153+'Financial Statements'!J179) -> 0.057090623 | N8: ='Financial Statements'!N35/('Financial Statements'!L159+'Financial Statements'!L164+'Financial Statements'!L153+'Financial Statements'!L179) -> 0.1076241 | P8: ='Financial Statements'!P35/('Financial Statements'!N159+'Financial Statements'!N164+'Financial Statements'!N153+'Financial Statements'!N179) -> 0.14540405 | R8: ='Financial Statements'!R35/('Financial Statements'!P159+'Financial Statements'!P164+'Financial Statements'!P153+'Financial Statements'!P179) -> 0.1752745 | T8: ='Financial Statements'!T35/('Financial Statements'!R159+'Financial Statements'!R164+'Financial Statements'!R153+'Financial Statements'!R179) -> 0.17016482 | V8: ='Financial Statements'!V35/('Financial Statements'!T159+'Financial Statements'!T164+'Financial Statements'!T153+'Financial Statements'!T179) -> 0.033665102 | X8: ='Financial Statements'!X35/('Financial Statements'!V159+'Financial Statements'!V164+'Financial Statements'!V153+'Financial Statements'!V179) -> 0.14627491 | Z8: ='Financial Statements'!Z35/('Financial Statements'!X159+'Financial Statements'!X164+'Financial Statements'!X153+'Financial Statements'!X179) -> 0.11529828 | AB8: ='Financial Statements'!AB35/('Financial Statements'!Z159+'Financial Statements'!Z164+'Financial Statements'!Z153+'Financial Statements'!Z179) -> 0.10937181 | AD8: ='Financial Statements'!AD35/('Financial Statements'!AB159+'Financial Statements'!AB164+'Financial Statements'!AB153+'Financial Statements'!AB179) -> 0.10466444
B10: Margins
B11: Gross Margin | D11: =('Financial Statements'!D10-'Financial Statements'!D13)/'Financial Statements'!D10 -> 0.83423274 | F11: =('Financial Statements'!F10-'Financial Statements'!F13)/'Financial Statements'!F10 -> 0.80134934 | H11: =('Financial Statements'!H10-'Financial Statements'!H13)/'Financial Statements'!H10 -> 0.74790712 | J11: =('Financial Statements'!J10-'Financial Statements'!J13)/'Financial Statements'!J10 -> 0.78034091 | L11: =('Financial Statements'!L10-'Financial Statements'!L13)/'Financial Statements'!L10 -> 0.73140582 | N11: =('Financial Statements'!N10-'Financial Statements'!N13)/'Financial Statements'!N10 -> 0.73140582 | P11: =('Financial Statements'!P10-'Financial Statements'!P13)/'Financial Statements'!P10 -> 0.73140582 | R11: =('Financial Statements'!R10-'Financial Statements'!R13)/'Financial Statements'!R10 -> 0.73140582 | T11: =('Financial Statements'!T10-'Financial Statements'!T13)/'Financial Statements'!T10 -> 0.73140582 | V11: =('Financial Statements'!V10-'Financial Statements'!V13)/'Financial Statements'!V10 -> 0.73140582 | X11: =('Financial Statements'!X10-'Financial Statements'!X13)/'Financial Statements'!X10 -> 0.73140582 | Z11: =('Financial Statements'!Z10-'Financial Statements'!Z13)/'Financial Statements'!Z10 -> 0.73140582 | AB11: =('Financial Statements'!AB10-'Financial Statements'!AB13)/'Financial Statements'!AB10 -> 0.73140582 | AD11: =('Financial Statements'!AD10-'Financial Statements'!AD13)/'Financial Statements'!AD10 -> 0.73140582
B12: EBITDA Margin | H12: ='Financial Statements'!H21/'Financial Statements'!H10 -> 0.29235337 | J12: ='Financial Statements'!J21/'Financial Statements'!J10 -> 0.3336208 | L12: ='Financial Statements'!L21/'Financial Statements'!L10 -> 0.2663846 | N12: ='Financial Statements'!N21/'Financial Statements'!N10 -> 0.32195148 | P12: ='Financial Statements'!P21/'Financial Statements'!P10 -> 0.32812431 | R12: ='Financial Statements'!R21/'Financial Statements'!R10 -> 0.32767998 | T12: ='Financial Statements'!T21/'Financial Statements'!T10 -> 0.32146319 | V12: ='Financial Statements'!V21/'Financial Statements'!V10 -> 0.097146141 | X12: ='Financial Statements'!X21/'Financial Statements'!X10 -> 0.30739915 | Z12: ='Financial Statements'!Z21/'Financial Statements'!Z10 -> 0.28278565 | AB12: ='Financial Statements'!AB21/'Financial Statements'!AB10 -> 0.27545076 | AD12: ='Financial Statements'!AD21/'Financial Statements'!AD10 -> 0.27081011
B13: Operating Margin | D13: ='Financial Statements'!D19/'Financial Statements'!D10 -> 0.21787151 | F13: ='Financial Statements'!F19/'Financial Statements'!F10 -> 0.2622424 | H13: ='Financial Statements'!H19/'Financial Statements'!H10 -> 0.22050803 | J13: ='Financial Statements'!J19/'Financial Statements'!J10 -> 0.28919893 | L13: ='Financial Statements'!L19/'Financial Statements'!L10 -> 0.21588766 | N13: ='Financial Statements'!N19/'Financial Statements'!N10 -> 0.26769874 | P13: ='Financial Statements'!P19/'Financial Statements'!P10 -> 0.28464292 | R13: ='Financial Statements'!R19/'Financial Statements'!R10 -> 0.29018598 | T13: ='Financial Statements'!T19/'Financial Statements'!T10 -> 0.28309344 | V13: ='Financial Statements'!V19/'Financial Statements'!V10 -> 0.059352995 | X13: ='Financial Statements'!X19/'Financial Statements'!X10 -> 0.27197658 | Z13: ='Financial Statements'!Z19/'Financial Statements'!Z10 -> 0.24271628 | AB13: ='Financial Statements'!AB19/'Financial Statements'!AB10 -> 0.23569337 | AD13: ='Financial Statements'!AD19/'Financial Statements'!AD10 -> 0.22942027
B14: Net Income Margin | D14: ='Financial Statements'!D35/'Financial Statements'!D10 -> 0.084630273 | F14: ='Financial Statements'!F35/'Financial Statements'!F10 -> 0.09955395 | H14: ='Financial Statements'!H35/'Financial Statements'!H10 -> 0.09083829 | J14: ='Financial Statements'!J35/'Financial Statements'!J10 -> 0.12848154 | L14: ='Financial Statements'!L35/'Financial Statements'!L10 -> 0.10592861 | N14: ='Financial Statements'!N35/'Financial Statements'!N10 -> 0.16621492 | P14: ='Financial Statements'!P35/'Financial Statements'!P10 -> 0.18008001 | R14: ='Financial Statements'!R35/'Financial Statements'!R10 -> 0.18473372 | T14: ='Financial Statements'!T35/'Financial Statements'!T10 -> 0.18042275 | V14: ='Financial Statements'!V35/'Financial Statements'!V10 -> 0.035394683 | X14: ='Financial Statements'!X35/'Financial Statements'!X10 -> 0.17190887 | Z14: ='Financial Statements'!Z35/'Financial Statements'!Z10 -> 0.15270436 | AB14: ='Financial Statements'!AB35/'Financial Statements'!AB10 -> 0.14835444 | AD14: ='Financial Statements'!AD35/'Financial Statements'!AD10 -> 0.14446712
B16: Leverage Ratio
B17: Debt to Equity | D17: =('Financial Statements'!D159+'Financial Statements'!D164+'Financial Statements'!D153)/'Financial Statements'!D179 -> 0.14198151 | F17: =('Financial Statements'!F159+'Financial Statements'!F164+'Financial Statements'!F153)/'Financial Statements'!F179 -> 0.1267466 | H17: =('Financial Statements'!H159+'Financial Statements'!H164+'Financial Statements'!H153)/'Financial Statements'!H179 -> 0.45372297 | J17: =('Financial Statements'!J159+'Financial Statements'!J164+'Financial Statements'!J153)/'Financial Statements'!J179 -> 0.37406915 | L17: =('Financial Statements'!L159+'Financial Statements'!L164+'Financial Statements'!L153)/'Financial Statements'!L179 -> 0.44966748 | N17: =('Financial Statements'!N159+'Financial Statements'!N164+'Financial Statements'!N153)/'Financial Statements'!N179 -> 0.35668163 | P17: =('Financial Statements'!P159+'Financial Statements'!P164+'Financial Statements'!P153)/'Financial Statements'!P179 -> 0.32425343 | R17: =('Financial Statements'!R159+'Financial Statements'!R164+'Financial Statements'!R153)/'Financial Statements'!R179 -> 0.29158782 | T17: =('Financial Statements'!T159+'Financial Statements'!T164+'Financial Statements'!T153)/'Financial Statements'!T179 -> 0.2638412 | V17: =('Financial Statements'!V159+'Financial Statements'!V164+'Financial Statements'!V153)/'Financial Statements'!V179 -> 0.38262493 | X17: =('Financial Statements'!X159+'Financial Statements'!X164+'Financial Statements'!X153)/'Financial Statements'!X179 -> 0.35070724 | Z17: =('Financial Statements'!Z159+'Financial Statements'!Z164+'Financial Statements'!Z153)/'Financial Statements'!Z179 -> 0.33257935 | AB17: =('Financial Statements'!AB159+'Financial Statements'!AB164+'Financial Statements'!AB153)/'Financial Statements'!AB179 -> 0.31643745 | AD17: =('Financial Statements'!AD159+'Financial Statements'!AD164+'Financial Statements'!AD153)/'Financial Statements'!AD179 -> 0.30187948
B18: Debt to Total Capital | D18: =('Financial Statements'!D159+'Financial Statements'!D164+'Financial Statements'!D153)/('Financial Statements'!D159+'Financial Statements'!D164+'Financial Statements'!D153+'Financial Statements'!D179) -> 0.12432908 | F18: =('Financial Statements'!F159+'Financial Statements'!F164+'Financial Statements'!F153)/('Financial Statements'!F159+'Financial Statements'!F164+'Financial Statements'!F153+'Financial Statements'!F179) -> 0.112489 | H18: =('Financial Statements'!H159+'Financial Statements'!H164+'Financial Statements'!H153)/('Financial Statements'!H159+'Financial Statements'!H164+'Financial Statements'!H153+'Financial Statements'!H179) -> 0.31211103 | J18: =('Financial Statements'!J159+'Financial Statements'!J164+'Financial Statements'!J153)/('Financial Statements'!J159+'Financial Statements'!J164+'Financial Statements'!J153+'Financial Statements'!J179) -> 0.27223459 | L18: =('Financial Statements'!L159+'Financial Statements'!L164+'Financial Statements'!L153)/('Financial Statements'!L159+'Financial Statements'!L164+'Financial Statements'!L153+'Financial Statements'!L179) -> 0.31018664 | N18: =('Financial Statements'!N159+'Financial Statements'!N164+'Financial Statements'!N153)/('Financial Statements'!N159+'Financial Statements'!N164+'Financial Statements'!N153+'Financial Statements'!N179) -> 0.2629074 | P18: =('Financial Statements'!P159+'Financial Statements'!P164+'Financial Statements'!P153)/('Financial Statements'!P159+'Financial Statements'!P164+'Financial Statements'!P153+'Financial Statements'!P179) -> 0.24485753 | R18: =('Financial Statements'!R159+'Financial Statements'!R164+'Financial Statements'!R153)/('Financial Statements'!R159+'Financial Statements'!R164+'Financial Statements'!R153+'Financial Statements'!R179) -> 0.22575919 | T18: =('Financial Statements'!T159+'Financial Statements'!T164+'Financial Statements'!T153)/('Financial Statements'!T159+'Financial Statements'!T164+'Financial Statements'!T153+'Financial Statements'!T179) -> 0.20876135 | V18: =('Financial Statements'!V159+'Financial Statements'!V164+'Financial Statements'!V153)/('Financial Statements'!V159+'Financial Statements'!V164+'Financial Statements'!V153+'Financial Statements'!V179) -> 0.27673805 | X18: =('Financial Statements'!X159+'Financial Statements'!X164+'Financial Statements'!X153)/('Financial Statements'!X159+'Financial Statements'!X164+'Financial Statements'!X153+'Financial Statements'!X179) -> 0.25964712 | Z18: =('Financial Statements'!Z159+'Financial Statements'!Z164+'Financial Statements'!Z153)/('Financial Statements'!Z159+'Financial Statements'!Z164+'Financial Statements'!Z153+'Financial Statements'!Z179) -> 0.24957564 | AB18: =('Financial Statements'!AB159+'Financial Statements'!AB164+'Financial Statements'!AB153)/('Financial Statements'!AB159+'Financial Statements'!AB164+'Financial Statements'!AB153+'Financial Statements'!AB179) -> 0.24037409 | AD18: =('Financial Statements'!AD159+'Financial Statements'!AD164+'Financial Statements'!AD153)/('Financial Statements'!AD159+'Financial Statements'!AD164+'Financial Statements'!AD153+'Financial Statements'!AD179) -> 0.23187974
B19: Interest Coverage Ratio | D19: ='Financial Statements'!D19/'Financial Statements'!D25 -> 10093.333 | F19: ='Financial Statements'!F19/'Financial Statements'!F25 -> #DIV/0! | H19: ='Financial Statements'!H19/'Financial Statements'!H25 -> 10.823786 | J19: ='Financial Statements'!J19/'Financial Statements'!J25 -> 21.694619 | L19: ='Financial Statements'!L19/'Financial Statements'!L25 -> 13.853486 | N19: ='Financial Statements'!N19/'Financial Statements'!N25 -> 18.890535 | P19: ='Financial Statements'!P19/'Financial Statements'!P25 -> 29.552217 | R19: ='Financial Statements'!R19/'Financial Statements'!R25 -> 38.011674 | T19: ='Financial Statements'!T19/'Financial Statements'!T25 -> 39.98014 | V19: ='Financial Statements'!V19/'Financial Statements'!V25 -> 9.1414672 | X19: ='Financial Statements'!X19/'Financial Statements'!X25 -> 28.269341 | Z19: ='Financial Statements'!Z19/'Financial Statements'!Z25 -> 23.859881 | AB19: ='Financial Statements'!AB19/'Financial Statements'!AB25 -> 23.535937 | AD19: ='Financial Statements'!AD19/'Financial Statements'!AD25 -> 23.375221
B21: Liquidity Ratio
B22: Current Ratio | D22: ='Financial Statements'!D137/'Financial Statements'!D161 -> 4.2539131 | F22: ='Financial Statements'!F137/'Financial Statements'!F161 -> 4.8210093 | H22: ='Financial Statements'!H137/'Financial Statements'!H161 -> 4.6502432 | J22: ='Financial Statements'!J137/'Financial Statements'!J161 -> 5.3950869 | L22: ='Financial Statements'!L137/'Financial Statements'!L161 -> 4.8199252 | N22: ='Financial Statements'!N137/'Financial Statements'!N161 -> 5.3619591 | P22: ='Financial Statements'!P137/'Financial Statements'!P161 -> 4.4595722 | R22: ='Financial Statements'!R137/'Financial Statements'!R161 -> 4.0014976 | T22: ='Financial Statements'!T137/'Financial Statements'!T161 -> 1.8315048 | V22: ='Financial Statements'!V137/'Financial Statements'!V161 -> 4.8720799 | X22: ='Financial Statements'!X137/'Financial Statements'!X161 -> 4.8876178 | Z22: ='Financial Statements'!Z137/'Financial Statements'!Z161 -> 5.3269507 | AB22: ='Financial Statements'!AB137/'Financial Statements'!AB161 -> 5.4740706 | AD22: ='Financial Statements'!AD137/'Financial Statements'!AD161 -> 5.6012534
B23: Acid Test Ratio | D23: ='Financial Statements'!D130/'Financial Statements'!D161 -> 2.288368 | F23: ='Financial Statements'!F130/'Financial Statements'!F161 -> 3.1656634 | H23: ='Financial Statements'!H130/'Financial Statements'!H161 -> 3.0181953 | J23: ='Financial Statements'!J130/'Financial Statements'!J161 -> 3.0950799 | L23: ='Financial Statements'!L130/'Financial Statements'!L161 -> 2.5649278 | N23: ='Financial Statements'!N130/'Financial Statements'!N161 -> 3.0820364 | P23: ='Financial Statements'!P130/'Financial Statements'!P161 -> 2.1796495 | R23: ='Financial Statements'!R130/'Financial Statements'!R161 -> 1.7215749 | T23: ='Financial Statements'!T130/'Financial Statements'!T161 -> 0.80572808 | V23: ='Financial Statements'!V130/'Financial Statements'!V161 -> 2.5921572 | X23: ='Financial Statements'!X130/'Financial Statements'!X161 -> 2.6076952 | Z23: ='Financial Statements'!Z130/'Financial Statements'!Z161 -> 3.047028 | AB23: ='Financial Statements'!AB130/'Financial Statements'!AB161 -> 3.1941479 | AD23: ='Financial Statements'!AD130/'Financial Statements'!AD161 -> 3.3213307
B24: Asset Turnover | D24: ='Financial Statements'!D10/'Financial Statements'!D146 -> 0.49263953 | F24: ='Financial Statements'!F10/'Financial Statements'!F146 -> 0.49909037 | H24: ='Financial Statements'!H10/'Financial Statements'!H146 -> 0.42788772 | J24: ='Financial Statements'!J10/'Financial Statements'!J146 -> 0.47165161 | L24: ='Financial Statements'!L10/'Financial Statements'!L146 -> 0.50384131 | N24: ='Financial Statements'!N10/'Financial Statements'!N146 -> 0.51733806 | P24: ='Financial Statements'!P10/'Financial Statements'!P146 -> 0.63429869 | R24: ='Financial Statements'!R10/'Financial Statements'!R146 -> 0.71947703 | T24: ='Financial Statements'!T10/'Financial Statements'!T146 -> 0.71767837 | V24: ='Financial Statements'!V10/'Financial Statements'!V146 -> 0.65551797 | X24: ='Financial Statements'!X10/'Financial Statements'!X146 -> 0.66694551 | Z24: ='Financial Statements'!Z10/'Financial Statements'!Z146 -> 0.61551943 | AB24: ='Financial Statements'!AB10/'Financial Statements'!AB146 -> 0.60418731 | AD24: ='Financial Statements'!AD10/'Financial Statements'!AD146 -> 0.59608225
B25: Days of Sales Outstanding | D25: ='BS Modelling'!D14 -> 126.11686 | F25: ='BS Modelling'!F14 -> 70.710179 | H25: ='BS Modelling'!H14 -> 53.093239 | J25: ='BS Modelling'!J14 -> 84.964349 | L25: ='BS Modelling'!L14 -> 103.40902 | N25: ='BS Modelling'!N14 -> 87.658731 | P25: ='BS Modelling'!P14 -> 87.658731 | R25: ='BS Modelling'!R14 -> 87.658731 | T25: ='BS Modelling'!T14 -> 87.658731 | V25: ='BS Modelling'!V14 -> 87.658731 | X25: ='BS Modelling'!X14 -> 87.658731 | Z25: ='BS Modelling'!Z14 -> 87.658731 | AB25: ='BS Modelling'!AB14 -> 87.658731 | AD25: ='BS Modelling'!AD14 -> 87.658731
B26: Days of Inventory Turnover | D26: ='BS Modelling'!D15 -> 120.09821 | F26: ='BS Modelling'!F15 -> 86.028538 | H26: ='BS Modelling'!H15 -> 235.09518 | J26: ='BS Modelling'!J15 -> 206.75953 | L26: ='BS Modelling'!L15 -> 205.74274 | N26: ='BS Modelling'!N15 -> 205.74274 | P26: ='BS Modelling'!P15 -> 205.74274 | R26: ='BS Modelling'!R15 -> 205.74274 | T26: ='BS Modelling'!T15 -> 205.74274 | V26: ='BS Modelling'!V15 -> 205.74274 | X26: ='BS Modelling'!X15 -> 205.74274 | Z26: ='BS Modelling'!Z15 -> 205.74274 | AB26: ='BS Modelling'!AB15 -> 205.74274 | AD26: ='BS Modelling'!AD15 -> 205.74274
B27: Days of AP Turnover | D27: ='BS Modelling'!D16 -> 247.91989 | F27: ='BS Modelling'!F16 -> 161.68759 | H27: ='BS Modelling'!H16 -> 146.51834 | J27: ='BS Modelling'!J16 -> 128.93819 | L27: ='BS Modelling'!L16 -> 96.332264 | N27: ='BS Modelling'!N16 -> 123.9296 | P27: ='BS Modelling'!P16 -> 123.9296 | R27: ='BS Modelling'!R16 -> 123.9296 | T27: ='BS Modelling'!T16 -> 123.9296 | V27: ='BS Modelling'!V16 -> 123.9296 | X27: ='BS Modelling'!X16 -> 123.9296 | Z27: ='BS Modelling'!Z16 -> 123.9296 | AB27: ='BS Modelling'!AB16 -> 123.9296 | AD27: ='BS Modelling'!AD16 -> 123.9296

Sheet Comps
B1: EMERGENT BIOSOLUTIONS INC.
B5: Ticker | C5: Name | D5: Mkt Cap | E5: EV | F5: EV/TTM EBITDA | G5: EV/EBITDA FY1 | H5: EV/EBITDA FY2 | I5: P/E | J5: P/E FY1 | K5: P/E FY2 | L5: P/FCF | M5: Dividend Yield
B7: Median | C7: Median | D7: =MEDIAN(D8:D25) -> 1844.5583 | E7: =MEDIAN(E8:E25) -> 3688.7691 | F7: =MEDIAN(F8:F25) -> 10.692504 | G7: =MEDIAN(G8:G25) -> 12.320064 | H7: =MEDIAN(H8:H25) -> 10.58078 | I7: =MEDIAN(I8:I25) -> 29.001205 | J7: =MEDIAN(J8:J25) -> 22.169902 | K7: =MEDIAN(K8:K25) -> 18.137387 | ... M7: =MEDIAN(M8:M25) -> 1.7596782
B8: EBS US Equity | C8: EMERGENT BIOSOLUTIONS INC | D8: 1603.6577 | E8: 1511.6607 | F8: 8.8189762 | G8: 11.628159 | H8: 8.8921219 | I8: 21.483577 | J8: 22.788235 | K8: 18.077462 | L8: 27.725337 | M8: #N/A N/A
B9: ALT US Equity | C9: ALTIMMUNE INC | D9: 34.912949 | E9: 19.130547 | F9: #N/A N/A | G9: #N/A N/A | H9: #N/A N/A | I9: 0.3005723 | J9: #N/A N/A | K9: #N/A N/A | L9: 0.098791233 | M9: 1299.1072
B10: PFNX US Equity | C10: PFENEX INC | D10: 73.409466 | E10: 13.533466 | F10: 5.3513112 | G10: #N/A N/A | H10: #N/A N/A | I10: 56.819214 | J10: #N/A N/A | K10: #N/A N/A | L10: #N/A N/A | M10: #N/A N/A
B11: IMV CN Equity | C11: IMMUNOVACCINE INC | D11: 157.84081 | E11: 148.22726 | F11: #N/A N/A | G11: #N/A N/A | H11: #N/A N/A | I11: #N/A N/A | J11: #N/A N/A | K11: #N/A N/A | L11: #N/A N/A | M11: #N/A N/A
B12: GSK LN Equity | C12: GLAXOSMITHKLINE PLC | D12: 86899.161 | E12: 110736.61 | F12: 7.8136965 | G12: 8.0161927 | H12: 8.1618598 | I12: 28.096234 | J12: 12.088209 | K12: 12.435185 | L12: 13.802009 | M12: 5.9568131
B13: SIGA US Equity | C13: SIGA TECHNOLOGIES INC | D13: 385.07557 | E13: 422.99284 | F13: #N/A N/A | G13: #N/A N/A | H13: #N/A N/A | I13: #N/A N/A | J13: #N/A N/A | K13: #N/A N/A | L13: #N/A N/A | M13: #N/A N/A
B14: VRX CN Equity | C14: VALEANT PHARMACEUTICALS INTE | D14: 4915.2808 | E14: 31451.974 | F14: 9.222371 | G14: 8.913948 | H14: 9.5324409 | I14: #N/A N/A | J14: 3.8062418 | K14: 4.0226285 | L14: 2.3345251 | M14: #N/A N/A
B15: SHP LN Equity | C15: SHIRE PLC | D15: 44166.884 | E15: 64579.716 | F15: 9.9943846 | G15: 10.05529 | H15: 9.4155215 | I15: 27.026872 | J15: 9.7215449 | K15: 9.1111012 | L15: 14.307847 | M15: 0.66278754
B16: ALKB DC Equity | C16: ALK-ABELLO A/S | D16: 1519.3407 | E16: 1599.3693 | F16: 25.072534 | G16: 40.253506 | H16: 23.133027 | I16: 127.97597 | J16: #N/A N/A | K16: 62.153449 | L16: #N/A N/A | M16: 0.5200208
B17: ALM SM Equity | C17: ALMIRALL SA | D17: 1734.8516 | E17: 1764.561 | F17: 11.390623 | G17: 10.571922 | H17: 7.8820185 | I17: #N/A N/A | J17: #N/A N/A | K17: 28.300654 | L17: #N/A N/A | M17: 2.1939954
B18: ENDP US Equity | C18: ENDO INTERNATIONAL PLC | D18: 1324.122 | E18: 8990.579 | F18: 5.1713415 | G18: 5.9466417 | H18: 6.6993882 | I18: 5.5728001 | J18: 1.6685425 | K18: 1.974692 | L18: 7.9853583 | M18: #N/A N/A
B19: SOBI SS Equity | C19: SWEDISH ORPHAN BIOVITRUM AB | D19: 4014.7629 | E19: 3863.9057 | F19: 20.088716 | G19: 16.242888 | H19: 11.629119 | I19: 38.566979 | J19: 22.278208 | K19: 15.073664 | L19: 31.506585 | M19: #N/A N/A
B20: REC IM Equity | C20: RECORDATI SPA | D20: 9635.8984 | E20: 10019.439 | F20: #N/A N/A | G20: 18.986095 | H20: 17.264297 | I20: 29.906176 | J20: 28.475304 | K20: 26.017005 | L20: 30.423459 | M20: 1.7596782
B21: LUN DC Equity | C21: H LUNDBECK A/S | D21: 11568.195 | E21: 11413.642 | F21: 15.028233 | G21: 13.011968 | H21: 11.863498 | I21: 37.073414 | J21: 22.322442 | K21: 18.197312 | L21: #N/A N/A | M21: 0.65701262
B22: ORNBV FH Equity | C22: ORION OYJ-CLASS B | D22: 5747.7546 | E22: 5771.587 | F22: 15.564166 | G22: 15.16144 | H22: 14.320106 | I22: 22.64516 | J22: 22.061596 | K22: 20.683559 | L22: 26.633951 | M22: 4.4184719
B23: MNK US Equity | C23: MALLINCKRODT PLC | D23: 1954.265 | E23: 7481.965 | F23: 5.3572712 | G23: 5.6627928 | H23: 5.4067551 | I23: 6.2932388 | J23: 2.7907299 | K23: 2.5513829 | L23: 1.5379871 | M23: #N/A N/A
B24: ROVI SM Equity | C24: LABORATORIOS FARMACEUTICOS R | D24: 937.64387 | E24: 932.31646 | F24: 20.44194 | G24: 25.073646 | H24: 20.293948 | I24: 33.729168 | J24: 43.404826 | K24: 31.498054 | L24: 51.05286 | M24: 1.1303274
B25: BTG LN Equity | C25: BTG PLC | D25: 3705.5622 | E25: 3513.6326 | F25: 18.888197 | G25: 17.154154 | H25: 14.342554 | I25: 83.061778 | J25: 24.795918 | K25: 21.891892 | L25: 42.866124 | M25: #N/A N/A

Sheet Sheet1
A3: EBS | J3: SP500TR
A4: Date | B4: Open | C4: High | D4: Low | E4: Close* | F4: Adj Close** | G4: Volume | J4: Date | K4: Open | L4: High | M4: Low | N4: Close* | O4: Adj Close** | P4: Volume
A5: 43043 | B5: 43.49 | C5: 43.94 | D5: 38.13 | E5: 40.57 | F5: 40.57 | G5: 2060700 | J5: 43043 | K5: 5027.2 | L5: 5045.78 | M5: 4987.46 | N5: 5023.01 | O5: 5023.01 | P5: -
A6: 43036 | B6: 40.76 | C6: 44.86 | D6: 39.79 | E6: 43.03 | F6: 43.03 | G6: 2763500 | J6: 43036 | K6: 5006.7 | L6: 5028.62 | M6: 4985.05 | N6: 5027.49 | O6: 5027.49 | P6: -
A7: 43029 | B7: 40.59 | C7: 40.67 | D7: 39.79 | E7: 40.6 | F7: 40.6 | G7: 1091400 | J7: 43029 | K7: 5006.8 | L7: 5016.43 | M7: 4940.76 | N7: 5012.75 | O7: 5012.75 | P7: -
A8: 43022 | B8: 40.52 | C8: 41.13 | D8: 39.54 | E8: 40.58 | F8: 40.58 | G8: 1097700 | J8: 43022 | K8: 4962.03 | L8: 5001.56 | M8: 4947.89 | N8: 5001.11 | O8: 5001.11 | P8: -
A9: 43015 | B9: 40.5 | C9: 40.74 | D9: 39.69 | E9: 40.31 | F9: 40.31 | G9: 1388700 | J9: 43015 | K9: 4953.09 | L9: 4965.92 | M9: 4934.12 | N9: 4957.27 | O9: 4957.27 | P9: -
A10: 43008 | B10: 40.47 | C10: 41.46 | D10: 40.25 | E10: 40.5 | F10: 40.5 | G10: 1376400 | J10: 43008 | K10: 4891.56 | L10: 4953.65 | M10: 4890.03 | N10: 4949.09 | O10: 4949.09 | P10: -
A11: 43001 | B11: 38.6 | C11: 40.6 | D11: 38.24 | E11: 40.45 | F11: 40.45 | G11: 1403400 | J11: 43001 | K11: 4847.71 | L11: 4888 | M11: 4825.66 | N11: 4887.97 | O11: 4887.97 | P11: -
A12: 42994 | B12: 38.31 | C12: 38.52 | D12: 37 | E12: 38.34 | F12: 38.34 | G12: 1160700 | J12: 42994 | K12: 4853.44 | L12: 4865.8 | M12: 4842.19 | N12: 4853.2 | O12: 4853.2 | P12: -
A13: 42987 | B13: 38 | C13: 38.74 | D13: 37.29 | E13: 38.06 | F13: 38.06 | G13: 1539900 | J13: 42987 | K13: 4796.46 | L13: 4848.84 | M13: 4796.46 | N13: 4848.84 | O13: 4848.84 | P13: -
A14: 42980 | B14: 36.9 | C14: 37.98 | D14: 35.64 | E14: 37.64 | F14: 37.64 | G14: 1029500 | J14: 42980 | K14: 4786.97 | L14: 4790.1 | M14: 4741.05 | N14: 4771.02 | O14: 4771.02 | P14: -
A15: 42973 | B15: 36.03 | C15: 37.5 | D15: 35.77 | E15: 37.05 | F15: 37.05 | G15: 1332100 | J15: 42973 | K15: 4740 | L15: 4806.41 | M15: 4703.58 | N15: 4798.99 | O15: 4798.99 | P15: -
A16: 42966 | B16: 34.8 | C16: 36.21 | D16: 34.56 | E16: 35.81 | F16: 35.81 | G16: 1795200 | J16: 42966 | K16: 4696.27 | L16: 4753.11 | M16: 4680.53 | N16: 4731.46 | O16: 4731.46 | P16: -
... A22: 42924 | B22: 33.91 | C22: 34.9 | D22: 33.37 | E22: 34.5 | F22: 34.5 | G22: 1099600 | J22: 42924 | K22: 4683.59 | L22: 4759.55 | M22: 4661.14 | N22: 4751.43 | O22: 4751.43 | P22: -
A23: 42917 | B23: 34.01 | C23: 34.32 | D23: 33.29 | E23: 33.99 | F23: 33.99 | G23: 476300 | J23: 42917 | K23: 4694.19 | L23: 4709.16 | M23: 4651.21 | N23: 4684.88 | O23: 4684.88 | P23: - | S23: Products | T23: Contracts
A24: 42910 | B24: 34.86 | C24: 34.9 | D24: 32.92 | E24: 33.91 | F24: 33.91 | G24: 1268200 | J24: 42910 | K24: 4715.47 | L24: 4729.16 | M24: 4644.07 | N24: 4678.36 | O24: 4678.36 | P24: - | S24: BioThrax | T24: Delivered $100 m to BARDA in March 2017; $911 million contract for 5 years with CDC; Obtain Germany regulatory approval in 2017, management is targeting 5 other European countries and Canada in 2018; EU stockpiling of Medical Countermeasure (McM)
A25: 42903 | B25: 31.49 | C25: 34.75 | D25: 31.38 | E25: 34.65 | F25: 34.65 | G25: 1790900 | J25: 42903 | K25: 4713.43 | L25: 4735.11 | M25: 4691.1 | N25: 4705.73 | O25: 4705.73 | P25: - | S25: NuThrax | T25: BARDA 5 year development contract of $200 million, if approved by FDA in 2018 it is expected to contribute $104 m of 2018 revenue, 2019: $255 m -1.5 b
A26: 42896 | B26: 31.81 | C26: 32.7 | D26: 31.06 | E26: 31.45 | F26: 31.45 | G26: 1661800 | J26: 42896 | K26: 4678.76 | L26: 4714.78 | M26: 4667.1 | N26: 4695.23 | O26: 4695.23 | P26: - | S26: ACAM2000 | T26: Acquired from Sanofi, the only FDA approved vaccine for smallpox, $425 million contract with CDC with remaining value of $160 million for delivery to SNS. WF: Revenue 2018: 80 m; 2019: 20 m; 2020 and so on: $45 m
A27: 42889 | B27: 32.22 | C27: 32.38 | D27: 31.01 | E27: 31.91 | F27: 31.91 | G27: 1225000 | J27: 42889 | K27: 4700.35 | L27: 4717.6 | M27: 4660.18 | N27: 4689.79 | O27: 4689.79 | P27: - | S27: Anthrasil | T27: BARDA development and procurement contract until April 2021, $130 m; $9 m in 2017, the rest in 2018 onward
A28: 42882 | B28: 32 | C28: 32.88 | D28: 31.73 | E28: 32.29 | F28: 32.29 | G28: 2321700 | J28: 42882 | K28: 4648.37 | L28: 4704.75 | M28: 4633.59 | N28: 4702.56 | O28: 4702.56 | P28: - | S28: Raxibacumab | T28: Acquired from GSK, FDA approved anthrax monoclonal antibody, multiyear contract with BARDA with remaining value of $130 million to SNS
A29: 42875 | B29: 29.62 | C29: 32.64 | D29: 29.15 | E29: 32.11 | F29: 32.11 | G29: 1622300 | J29: 42875 | K29: 4599 | L29: 4660.46 | M29: 4598.44 | N29: 4655.65 | O29: 4655.65 | P29: - | S29: BAT | T29: BARDA procurement up to 200.000 doses to May 2018 (SNS), $53 m over 5 years
A30: 42868 | B30: 31.47 | C30: 31.93 | D30: 29.68 | E30: 29.74 | F30: 29.74 | G30: 1273100 | J30: 42868 | K30: 4609.45 | L30: 4632.93 | M30: 4532.45 | N30: 4588.35 | O30: 4588.35 | P30: - | S30: VIGIV | T30: CDC procurement contract 5 year to Aug 2017, extension potential; CDC (2016) extend contract of $11.6 m over 1 year, part of $92 m contract previously; previously also renewed at $ 44m / 2 year
A31: 42861 | B31: 29.41 | C31: 31.74 | D31: 29.41 | E31: 31.43 | F31: 31.43 | G31: 1598800 | J31: 42861 | K31: 4616.82 | L31: 4624.48 | M31: 4585.29 | N31: 4602.96 | O31: 4602.96 | P31: - | S31: RSDL | T31: 5 year follow on contract of $ 171 million by DoD, now sold via Amazon
A32: 42854 | B32: 29.9 | C32: 31.49 | D32: 28.85 | E32: 29.51 | F32: 29.51 | G32: 1598000 | J32: 42854 | K32: 4593.11 | L32: 4615.1 | M32: 4577.29 | N32: 4615.09 | O32: 4615.09 | P32: - | S32: Trobigard | T32: $25 million contract by Dept of State
A33: 42847 | B33: 28.87 | C33: 30.61 | D33: 28.74 | E33: 29.91 | F33: 29.91 | G33: 1579200 | J33: 42847 | K33: 4557.59 | L33: 4611.16 | M33: 4555.43 | N33: 4584.82 | O33: 4584.82 | P33: -
A34: 42840 | B34: 29.26 | C34: 29.3 | D34: 28.11 | E34: 28.57 | F34: 28.57 | G34: 1315900 | J34: 42840 | K34: 4484.14 | L34: 4540.21 | M34: 4483.99 | N34: 4515.9 | O34: 4515.9 | P34: -
A35: 42833 | B35: 28.62 | C35: 29.47 | D35: 28.04 | E35: 29.16 | F35: 29.16 | G35: 1186100 | J35: 42833 | K35: 4530.56 | L35: 4548.21 | M35: 4477.06 | N35: 4477.07 | O35: 4477.07 | P35: - | S35: Contract Manufacturing
A36: 42826 | B36: 29.1 | C36: 29.22 | D36: 27.94 | E36: 28.5 | F36: 28.5 | G36: 1801100 | J36: 42826 | K36: 4537.71 | L36: 4569.53 | M36: 4503.9 | N36: 4527.2 | O36: 4527.2 | P36: - | S36: Contracts and Grants | T36: Awarded $63 million by BARDA to develop antidote for cyanide poisoning; $ 23 million by DoD for nerve agent antidote injector
A37: 42819 | B37: 28.5 | C37: 29.45 | D37: 28.27 | E37: 29.04 | F37: 29.04 | G37: 1401600 | J37: 42819 | K37: 4472.56 | L37: 4552.96 | M37: 4459.5 | N37: 4538.21 | O37: 4538.21 | P37: -
A38: 42812 | B38: 30.48 | C38: 30.76 | D38: 28.06 | E38: 28.82 | F38: 28.82 | G38: 1872100 | J38: 42812 | K38: 4566.28 | L38: 4573.68 | M38: 4485.43 | N38: 4501.11 | O38: 4501.11 | P38: - | S38: Pipelines | T38: Details
A39: 42806 | B39: 30.98 | C39: 31.16 | D39: 30.02 | E39: 30.47 | F39: 30.47 | G39: 1655100 | J39: 42806 | K39: 4552.77 | L39: 4588.5 | M39: 4527.33 | N39: 4566.17 | O39: 4566.17 | P39: - | S39: NuThrax | T39: Phase 3 in 2018, in partnership with BARDA
A40: 42799 | B40: 31.4 | C40: 31.75 | D40: 30.45 | E40: 31.05 | F40: 31.05 | G40: 1137800 | J40: 42799 | K40: 4556.57 | L40: 4563.41 | M40: 4518.6 | N40: 4553.28 | O40: 4553.28 | P40: - | S40: FLU-IG | T40: Phase 2 in 2017
A41: 42792 | B41: 29.68 | C41: 32.57 | D41: 29.21 | E41: 31.43 | F41: 31.43 | G41: 2214700 | J41: 42792 | K41: 4535.84 | L41: 4605.27 | M41: 4523.99 | N41: 4571.6 | O41: 4571.6 | P41: - | S41: UV-4B | T41: Dengue vaccine, in partnership with NIH-NIAID, phase 1 in 2017
A42: 42785 | B42: 30.23 | C42: 31.11 | D42: 29.08 | E42: 29.95 | F42: 29.95 | G42: 1153000 | J42: 42785 | K42: 4513.39 | L42: 4539.92 | M42: 4511.65 | N42: 4539.25 | O42: 4539.25 | P42: - | S42: ZIKA-IG | T42: Phase 1 in 2017 or 2018
A43: 42778 | B43: 30.02 | C43: 31.16 | D43: 29.44 | E43: 30.39 | F43: 30.39 | G43: 1320800 | J43: 42778 | K43: 4447.32 | L43: 4506.37 | M43: 4446.76 | N43: 4506.2 | O43: 4506.2 | P43: - | S43: ZIKA-VLA1601 | T43: Phase 1 in 2017 or 2018
A44: 42771 | B44: 30.34 | C44: 31.12 | D44: 28.81 | E44: 29.71 | F44: 29.71 | G44: 1816900 | J44: 42771 | K44: 4390.97 | L44: 4441.4 | M44: 4375.59 | N44: 4435.42 | O44: 4435.42 | P44: - | S44: GC-072 (EV035) | T44: Partnership with DoD, in pre-clinical trial
A45: 42764 | B45: 30.26 | C45: 31.13 | D45: 28.97 | E45: 30.29 | F45: 30.29 | G45: 1837500 | J45: 42764 | K45: 4373.45 | L45: 4398.58 | M45: 4337.53 | N45: 4396.95 | O45: 4396.95 | P45: - | S45: FILOV
A46: 42757 | B46: 29.15 | C46: 30.86 | D46: 29.15 | E46: 30.15 | F46: 30.15 | G46: 1698800 | J46: 42757 | K46: 4338.04 | L46: 4401.57 | M46: 4317.45 | N46: 4389.85 | O46: 4389.85 | P46: - | S46: SIAN | T46: Partnership with BARDA
A47: 42750 | B47: 30.68 | C47: 30.68 | D47: 28.91 | E47: 29.44 | F47: 29.44 | G47: 2021700 | J47: 42750 | K47: 4339.6 | L47: 4355.41 | M47: 4319.87 | N47: 4344.67 | O47: 4344.67 | P47: - | S47: Nerve agent antidotes | T47: Partnership with DoD
A48: 42743 | B48: 35 | C48: 35 | D48: 29.33 | E48: 30.66 | F48: 30.66 | G48: 2618300 | J48: 42743 | K48: 4347.58 | L48: 4358.45 | M48: 4311.22 | N48: 4350.11 | O48: 4350.11 | P48: -
A49: 42736 | B49: 33.46 | C49: 34.99 | D49: 32.32 | E49: 34.66 | F49: 34.66 | G49: 2018500 | J49: 42736 | K49: 4303.12 | L49: 4363.83 | M49: 4290.85 | N49: 4354.05 | O49: 4354.05 | P49: -
A51: 42729 | B51: 33.36 | C51: 33.9 | D51: 32.12 | E51: 32.84 | F51: 32.84 | G51: 1068700 | J51: 42729 | K51: 4329.87 | L51: 4344.26 | M51: 4268.71 | N51: 4278.66 | O51: 4278.66 | P51: -
A52: 42722 | B52: 35.95 | C52: 36.22 | D52: 32.85 | E52: 33.59 | F52: 33.59 | G52: 2253000 | J52: 42722 | K52: 4314.73 | L52: 4340.76 | M52: 4310.05 | N52: 4325.17 | O52: 4325.17 | P52: -
A53: 42715 | B53: 32.2 | C53: 36.64 | D53: 31.59 | E53: 35.88 | F53: 35.88 | G53: 4610500 | J53: 42715 | K53: 4312.5 | L53: 4348.89 | M53: 4294.13 | N53: 4312.4 | O53: 4312.4 | P53: -
A54: 42708 | B54: 26.65 | C54: 33.94 | D54: 26.16 | E54: 32.37 | F54: 32.37 | G54: 4024300 | J54: 42708 | K54: 4199.83 | L54: 4314.1 | M54: 4198.68 | N54: 4313.61 | O54: 4313.61 | P54: -
A55: 42701 | B55: 29.93 | C55: 29.93 | D55: 25.96 | E55: 26.27 | F55: 26.27 | G55: 2348400 | J55: 42701 | K55: 4215.58 | L55: 4224.9 | M55: 4174.22 | N55: 4182.81 | O55: 4182.81 | P55: -
A56: 42694 | B56: 29.46 | C56: 30.14 | D56: 27.74 | E56: 30.14 | F56: 30.14 | G56: 1255000 | J56: 42694 | K56: 4169.27 | L56: 4221.03 | M56: 4169.27 | N56: 4221.02 | O56: 4221.02 | P56: -
A57: 42687 | B57: 30.91 | C57: 31.98 | D57: 28.87 | E57: 29.42 | F57: 29.42 | G57: 2005100 | J57: 42687 | K57: 4126.55 | L57: 4175.75 | M57: 4108.41 | N57: 4160.58 | O57: 4160.58 | P57: - | R57: Margin
A58: 42679 | B58: 25.66 | C58: 31.2 | D58: 25.38 | E58: 30.9 | F58: 30.9 | G58: 3067600 | J58: 42679 | K58: 3999.41 | L58: 4157.52 | M58: 3999.41 | N58: 4123.69 | O58: 4123.69 | P58: - | R58: 9m16 | S58: 9m17
A59: 42672 | B59: 26.92 | C59: 27.21 | D59: 24.47 | E59: 25.32 | F59: 25.32 | G59: 2299900 | J59: 42672 | K59: 4052.79 | L59: 4059.34 | M59: 3967.38 | N59: 3970.02 | O59: 3970.02 | P59: - | Q59: Rev | R59: 377.1 | S59: 367.1
A60: 42665 | B60: 28.18 | C60: 28.68 | D60: 26.69 | E60: 26.9 | F60: 26.9 | G60: 1054900 | J60: 42665 | K60: 4087.84 | L60: 4099.76 | M60: 4033.03 | N60: 4046.36 | O60: 4046.36 | P60: - | Q60: NI | R60: 30.2 | S60: 48.7
A61: 42658 | B61: 29.28 | C61: 29.37 | D61: 27.8 | E61: 28.14 | F61: 28.14 | G61: 1942900 | J61: 42658 | K61: 4057.33 | L61: 4087.39 | M61: 4041.2 | N61: 4073.85 | O61: 4073.85 | P61: - | Q61: Adj NI | R61: 40.9 | S61: 57.8
A62: 42651 | B62: 31.47 | C62: 32.32 | D62: 29.21 | E62: 29.24 | F62: 29.24 | G62: 2220100 | J62: 42651 | K62: 4108.9 | L62: 4126.36 | M62: 4022.62 | N62: 4057.28 | O62: 4057.28 | P62: - | Q62: EBITDA | R62: 80.4 | S62: 100.8
A63: 42644 | B63: 31.54 | C63: 32.8 | D63: 30.55 | E63: 31.19 | F63: 31.19 | G63: 3066000 | J63: 42644 | K63: 4114.09 | L63: 4119.26 | M63: 4075.85 | N63: 4096.25 | O63: 4096.25 | P63: -
A64: 42637 | B64: 28.21 | C64: 31.8 | D64: 27.37 | E64: 31.53 | F64: 31.53 | G64: 3032200 | J64: 42637 | K64: 4101.35 | L64: 4134.42 | M64: 4069.32 | N64: 4121.06 | O64: 4121.06 | P64: - | R64: =R60/R$59 -> 0.080084858 | S64: =S60/S$59 -> 0.1326614
A65: 42630 | B65: 27.41 | C65: 28.87 | D65: 26.81 | E65: 28.36 | F65: 28.36 | G65: 2469900 | J65: 42630 | K65: 4073.2 | L65: 4141.69 | M65: 4057.85 | N65: 4112.69 | O65: 4112.69 | P65: - | R65: =R61/R$59 -> 0.10845929 | S65: =S61/S$59 -> 0.15745029
A66: 42623 | B66: 26.64 | C66: 27.69 | D66: 26.41 | E66: 27.49 | F66: 27.49 | G66: 2417300 | J66: 42623 | K66: 4026.98 | L66: 4107.51 | M66: 4023.89 | N66: 4063.97 | O66: 4063.97 | P66: - | R66: =R62/R$59 -> 0.21320605 | S66: =S62/S$59 -> 0.27458458
A67: 42616 | B67: 26.96 | C67: 27.94 | D67: 26.7 | E67: 26.71 | F67: 26.71 | G67: 1359800 | J67: 42616 | K67: 4140.87 | L67: 4153.66 | M67: 4039.95 | N67: 4039.95 | O67: 4039.95 | P67: -
A68: 42609 | B68: 27.51 | C68: 27.74 | D68: 26.12 | E68: 26.9 | F68: 26.9 | G68: 1962800 | J68: 42609 | K68: 4117.42 | L68: 4146.93 | M68: 4094.03 | N68: 4137.7 | O68: 4137.7 | P68: -
A69: 42602 | B69: 28.01 | C69: 28.24 | D69: 26.79 | E69: 27.59 | F69: 27.59 | G69: 1912000 | J69: 42602 | K69: 4137.96 | L69: 4160.49 | M69: 4098.29 | N69: 4114.68 | O69: 4114.68 | P69: -
A70: 42595 | B70: 27.02 | C70: 28.17 | D70: 26.53 | E70: 28.01 | F70: 28.01 | G70: 3113200 | J70: 42595 | K70: 4143.98 | L70: 4158.63 | M70: 4112.47 | N70: 4142.23 | O70: 4142.23 | P70: -
A71: 42588 | B71: 29.71 | C71: 29.86 | D71: 26.76 | E71: 26.87 | F71: 26.87 | G71: 3001600 | J71: 42588 | K71: 4136.63 | L71: 4147.74 | M71: 4116.08 | N71: 4139.63 | O71: 4139.63 | P71: -
A72: 42581 | B72: 31.92 | C72: 31.92 | D72: 27.89 | E72: 29.78 | F72: 29.78 | G72: 3974400 | J72: 42581 | K72: 4113.66 | L72: 4134.56 | M72: 4065.38 | N72: 4134.56 | O72: 4134.56 | P72: -
A73: 42574 | B73: 31.99 | C73: 34.1 | D73: 31.81 | E73: 33.39 | F73: 33.39 | G73: 2722000 | J73: 42574 | K73: 4114.03 | L73: 4121.11 | M73: 4086.75 | N73: 4114.51 | O73: 4114.51 | P73: -
A74: 42567 | B74: 31.12 | C74: 32.93 | D74: 29.89 | E74: 32.34 | F74: 32.34 | G74: 2716400 | J74: 42567 | K74: 4091.22 | L74: 4117.55 | M74: 4085.58 | N74: 4116.5 | O74: 4116.5 | P74: -
A75: 42560 | B75: 30.25 | C75: 32.1 | D75: 29.81 | E75: 31.18 | F75: 31.18 | G75: 3533400 | J75: 42560 | K75: 4033.2 | L75: 4104.26 | M75: 4033.2 | N75: 4090.49 | O75: 4090.49 | P75: -
A76: 42553 | B76: 28.78 | C76: 30.15 | D76: 28.3 | E76: 30.04 | F76: 30.04 | G76: 1905200 | J76: 42553 | K76: 3962.02 | L76: 4033.1 | M76: 3923.65 | N76: 4029.75 | O76: 4029.75 | P76: -
A77: 42546 | B77: 29.8 | C77: 29.8 | D77: 27.01 | E77: 28.71 | F77: 28.71 | G77: 5232700 | J77: 42546 | K77: 3839.44 | L77: 3987.54 | M77: 3764.35 | N77: 3976.68 | O77: 3976.68 | P77: -
A78: 42539 | B78: 39.38 | C78: 40.06 | D78: 29.19 | E78: 29.34 | F78: 29.34 | G78: 14975500 | J78: 42539 | K78: 3922.42 | L78: 3994.18 | M78: 3841.77 | N78: 3850.7 | O78: 3850.7 | P78: -
... A311: 40909 | B311: 17.22 | C311: 17.27 | D311: 16.66 | E311: 17.02 | F311: 17.02 | G311: 823200 | J311: 40909 | K311: 2158.93 | L311: 2205.23 | M311: 2158.93 | N311: 2194.98 | O311: 2194.98 | P311: -
